Workbook

Sheet Dashboard
A1: Vacation Rental Operations Dashboard
A2: Reporting Date | B2: =IFERROR(TODAY(),"") | D2: Property Filter | E2: All Properties | G2: Upcoming Window (Days) | H2: ='Property Setup'!$B$5
A4: Upcoming Arrivals | D4: Upcoming Departures
A5: =IFERROR(IF($E$2="All Properties",COUNTIFS('Reservations'!$K$5:$K$104,">="&TODAY(),'Reservations'!$K$5:$K$104,"<="&TODAY()+$H$2,'Reservations'!$E$5:$E$104,"<>Canceled"),COUNTIFS('Reservations'!$C$5:$C$104,$E$2,'Reservations'!$K$5:$K$104,">="&TODAY(),'Reservations'!$K$5:$K$104,"<="&TODAY()+$H$2,'Reservations'!$E$5:$E$104,"<>Canceled")),0) | D5: =IFERROR(IF($E$2="All Properties",COUNTIFS('Reservations'!$L$5:$L$104,">="&TODAY(),'Reservations'!$L$5:$L$104,"<="&TODAY()+$H$2,'Reservations'!$E$5:$E$104,"<>Canceled"),COUNTIFS('Reservations'!$C$5:$C$104,$E$2,'Reservations'!$L$5:$L$104,">="&TODAY(),'Reservations'!$L$5:$L$104,"<="&TODAY()+$H$2,'Reservations'!$E$5:$E$104,"<>Canceled")),0)
A7: Occupied Nights This Month | D7: Available Nights This Month | G7: Average Daily Rate This Month
A8: =IFERROR(IF($E$2="All Properties",SUM('Reservations'!$AN$5:$AN$104),SUMIF('Reservations'!$C$5:$C$104,$E$2,'Reservations'!$AN$5:$AN$104)),0) | D8: =IFERROR(IF($E$2="All Properties",SUMIF('Property Setup'!$C$13:$C$21,"Yes",'Property Setup'!$M$13:$M$21),VLOOKUP($E$2,'Property Setup'!$B$13:$M$21,12,0))*DAY(EOMONTH(TODAY(),0)),0) | G8: =IFERROR(D11/A8,0)
A10: Occupancy This Month | D10: Booked Rental Revenue This Month | G10: Outstanding Guest Balance
A11: =IFERROR(A8/D8,0) | D11: =IFERROR(IF($E$2="All Properties",SUM('Reservations'!$AO$5:$AO$104),SUMIF('Reservations'!$C$5:$C$104,$E$2,'Reservations'!$AO$5:$AO$104)),0) | G11: =IFERROR(IF($E$2="All Properties",SUMIF('Reservations'!$E$5:$E$104,"<>Canceled",'Reservations'!$AE$5:$AE$104),SUMIFS('Reservations'!$AE$5:$AE$104,'Reservations'!$C$5:$C$104,$E$2,'Reservations'!$E$5:$E$104,"<>Canceled")),0)
A13: Turns Due Today | D13: Overdue Operations Tasks | G13: Open Maintenance Work Orders
A14: =IFERROR(COUNTIFS('Operations'!$E$5:$E$154,"Turnover Cleaning",'Operations'!$J$5:$J$154,TODAY(),'Operations'!$N$5:$N$154,"<>Completed",'Operations'!$N$5:$N$154,"<>Canceled"),0) | D14: =IFERROR(COUNTIFS('Operations'!$J$5:$J$154,"<"&TODAY(),'Operations'!$N$5:$N$154,"<>Completed",'Operations'!$N$5:$N$154,"<>Canceled"),0) | G14: =IFERROR(COUNTIFS('Operations'!$E$5:$E$154,"Maintenance",'Operations'!$N$5:$N$154,"<>Completed",'Operations'!$N$5:$N$154,"<>Canceled"),0)
G16: Urgent Open Items
G17: =IFERROR(COUNTIFS('Operations'!$H$5:$H$154,"Urgent",'Operations'!$N$5:$N$154,"<>Completed",'Operations'!$N$5:$N$154,"<>Canceled"),0)
A19: Today's Activity
A20: Property | B20: Task Type | C20: Due Date | D20: Assigned To | E20: Status | F20: Priority
A21: =IFERROR(INDEX('Operations'!$C$5:$C$154,MATCH(1,'Operations'!$Z$5:$Z$154,0)),"No tasks due today") | B21: =IFERROR(INDEX('Operations'!$E$5:$E$154,MATCH(1,'Operations'!$Z$5:$Z$154,0)),"") | C21: =IFERROR(INDEX('Operations'!$J$5:$J$154,MATCH(1,'Operations'!$Z$5:$Z$154,0)),"") | D21: =IFERROR(INDEX('Operations'!$L$5:$L$154,MATCH(1,'Operations'!$Z$5:$Z$154,0)),"") | E21: =IFERROR(INDEX('Operations'!$N$5:$N$154,MATCH(1,'Operations'!$Z$5:$Z$154,0)),"") | F21: =IFERROR(INDEX('Operations'!$H$5:$H$154,MATCH(1,'Operations'!$Z$5:$Z$154,0)),"")
A22: =IFERROR(INDEX('Operations'!$C$5:$C$154,MATCH(2,'Operations'!$Z$5:$Z$154,0)),"") | B22: =IFERROR(INDEX('Operations'!$E$5:$E$154,MATCH(2,'Operations'!$Z$5:$Z$154,0)),"") | C22: =IFERROR(INDEX('Operations'!$J$5:$J$154,MATCH(2,'Operations'!$Z$5:$Z$154,0)),"") | D22: =IFERROR(INDEX('Operations'!$L$5:$L$154,MATCH(2,'Operations'!$Z$5:$Z$154,0)),"") | E22: =IFERROR(INDEX('Operations'!$N$5:$N$154,MATCH(2,'Operations'!$Z$5:$Z$154,0)),"") | F22: =IFERROR(INDEX('Operations'!$H$5:$H$154,MATCH(2,'Operations'!$Z$5:$Z$154,0)),"")
A23: =IFERROR(INDEX('Operations'!$C$5:$C$154,MATCH(3,'Operations'!$Z$5:$Z$154,0)),"") | B23: =IFERROR(INDEX('Operations'!$E$5:$E$154,MATCH(3,'Operations'!$Z$5:$Z$154,0)),"") | C23: =IFERROR(INDEX('Operations'!$J$5:$J$154,MATCH(3,'Operations'!$Z$5:$Z$154,0)),"") | D23: =IFERROR(INDEX('Operations'!$L$5:$L$154,MATCH(3,'Operations'!$Z$5:$Z$154,0)),"") | E23: =IFERROR(INDEX('Operations'!$N$5:$N$154,MATCH(3,'Operations'!$Z$5:$Z$154,0)),"") | F23: =IFERROR(INDEX('Operations'!$H$5:$H$154,MATCH(3,'Operations'!$Z$5:$Z$154,0)),"")
A24: =IFERROR(INDEX('Operations'!$C$5:$C$154,MATCH(4,'Operations'!$Z$5:$Z$154,0)),"") | B24: =IFERROR(INDEX('Operations'!$E$5:$E$154,MATCH(4,'Operations'!$Z$5:$Z$154,0)),"") | C24: =IFERROR(INDEX('Operations'!$J$5:$J$154,MATCH(4,'Operations'!$Z$5:$Z$154,0)),"") | D24: =IFERROR(INDEX('Operations'!$L$5:$L$154,MATCH(4,'Operations'!$Z$5:$Z$154,0)),"") | E24: =IFERROR(INDEX('Operations'!$N$5:$N$154,MATCH(4,'Operations'!$Z$5:$Z$154,0)),"") | F24: =IFERROR(INDEX('Operations'!$H$5:$H$154,MATCH(4,'Operations'!$Z$5:$Z$154,0)),"")
A25: =IFERROR(INDEX('Operations'!$C$5:$C$154,MATCH(5,'Operations'!$Z$5:$Z$154,0)),"") | B25: =IFERROR(INDEX('Operations'!$E$5:$E$154,MATCH(5,'Operations'!$Z$5:$Z$154,0)),"") | C25: =IFERROR(INDEX('Operations'!$J$5:$J$154,MATCH(5,'Operations'!$Z$5:$Z$154,0)),"") | D25: =IFERROR(INDEX('Operations'!$L$5:$L$154,MATCH(5,'Operations'!$Z$5:$Z$154,0)),"") | E25: =IFERROR(INDEX('Operations'!$N$5:$N$154,MATCH(5,'Operations'!$Z$5:$Z$154,0)),"") | F25: =IFERROR(INDEX('Operations'!$H$5:$H$154,MATCH(5,'Operations'!$Z$5:$Z$154,0)),"")
A27: Upcoming Arrivals
A28: Arrival Date | B28: Property | C28: Guest Name | D28: Departure Date | E28: Guest Count | F28: Balance Due | G28: Booking Status
A29: =IFERROR(INDEX('Reservations'!$K$5:$K$104,MATCH(1,'Reservations'!$BC$5:$BC$104,0)),"") | B29: =IFERROR(INDEX('Reservations'!$C$5:$C$104,MATCH(1,'Reservations'!$BC$5:$BC$104,0)),"") | C29: =IFERROR(INDEX('Reservations'!$G$5:$G$104,MATCH(1,'Reservations'!$BC$5:$BC$104,0))&" "&INDEX('Reservations'!$H$5:$H$104,MATCH(1,'Reservations'!$BC$5:$BC$104,0)),"") | D29: =IFERROR(INDEX('Reservations'!$L$5:$L$104,MATCH(1,'Reservations'!$BC$5:$BC$104,0)),"") | E29: =IFERROR(INDEX('Reservations'!$P$5:$P$104,MATCH(1,'Reservations'!$BC$5:$BC$104,0)),"") | F29: =IFERROR(INDEX('Reservations'!$AE$5:$AE$104,MATCH(1,'Reservations'!$BC$5:$BC$104,0)),"") | G29: =IFERROR(INDEX('Reservations'!$E$5:$E$104,MATCH(1,'Reservations'!$BC$5:$BC$104,0)),"")
A30: =IFERROR(INDEX('Reservations'!$K$5:$K$104,MATCH(2,'Reservations'!$BC$5:$BC$104,0)),"") | B30: =IFERROR(INDEX('Reservations'!$C$5:$C$104,MATCH(2,'Reservations'!$BC$5:$BC$104,0)),"") | C30: =IFERROR(INDEX('Reservations'!$G$5:$G$104,MATCH(2,'Reservations'!$BC$5:$BC$104,0))&" "&INDEX('Reservations'!$H$5:$H$104,MATCH(2,'Reservations'!$BC$5:$BC$104,0)),"") | D30: =IFERROR(INDEX('Reservations'!$L$5:$L$104,MATCH(2,'Reservations'!$BC$5:$BC$104,0)),"") | E30: =IFERROR(INDEX('Reservations'!$P$5:$P$104,MATCH(2,'Reservations'!$BC$5:$BC$104,0)),"") | F30: =IFERROR(INDEX('Reservations'!$AE$5:$AE$104,MATCH(2,'Reservations'!$BC$5:$BC$104,0)),"") | G30: =IFERROR(INDEX('Reservations'!$E$5:$E$104,MATCH(2,'Reservations'!$BC$5:$BC$104,0)),"")
A31: =IFERROR(INDEX('Reservations'!$K$5:$K$104,MATCH(3,'Reservations'!$BC$5:$BC$104,0)),"") | B31: =IFERROR(INDEX('Reservations'!$C$5:$C$104,MATCH(3,'Reservations'!$BC$5:$BC$104,0)),"") | C31: =IFERROR(INDEX('Reservations'!$G$5:$G$104,MATCH(3,'Reservations'!$BC$5:$BC$104,0))&" "&INDEX('Reservations'!$H$5:$H$104,MATCH(3,'Reservations'!$BC$5:$BC$104,0)),"") | D31: =IFERROR(INDEX('Reservations'!$L$5:$L$104,MATCH(3,'Reservations'!$BC$5:$BC$104,0)),"") | E31: =IFERROR(INDEX('Reservations'!$P$5:$P$104,MATCH(3,'Reservations'!$BC$5:$BC$104,0)),"") | F31: =IFERROR(INDEX('Reservations'!$AE$5:$AE$104,MATCH(3,'Reservations'!$BC$5:$BC$104,0)),"") | G31: =IFERROR(INDEX('Reservations'!$E$5:$E$104,MATCH(3,'Reservations'!$BC$5:$BC$104,0)),"")
A32: =IFERROR(INDEX('Reservations'!$K$5:$K$104,MATCH(4,'Reservations'!$BC$5:$BC$104,0)),"") | B32: =IFERROR(INDEX('Reservations'!$C$5:$C$104,MATCH(4,'Reservations'!$BC$5:$BC$104,0)),"") | C32: =IFERROR(INDEX('Reservations'!$G$5:$G$104,MATCH(4,'Reservations'!$BC$5:$BC$104,0))&" "&INDEX('Reservations'!$H$5:$H$104,MATCH(4,'Reservations'!$BC$5:$BC$104,0)),"") | D32: =IFERROR(INDEX('Reservations'!$L$5:$L$104,MATCH(4,'Reservations'!$BC$5:$BC$104,0)),"") | E32: =IFERROR(INDEX('Reservations'!$P$5:$P$104,MATCH(4,'Reservations'!$BC$5:$BC$104,0)),"") | F32: =IFERROR(INDEX('Reservations'!$AE$5:$AE$104,MATCH(4,'Reservations'!$BC$5:$BC$104,0)),"") | G32: =IFERROR(INDEX('Reservations'!$E$5:$E$104,MATCH(4,'Reservations'!$BC$5:$BC$104,0)),"")
A33: =IFERROR(INDEX('Reservations'!$K$5:$K$104,MATCH(5,'Reservations'!$BC$5:$BC$104,0)),"") | B33: =IFERROR(INDEX('Reservations'!$C$5:$C$104,MATCH(5,'Reservations'!$BC$5:$BC$104,0)),"") | C33: =IFERROR(INDEX('Reservations'!$G$5:$G$104,MATCH(5,'Reservations'!$BC$5:$BC$104,0))&" "&INDEX('Reservations'!$H$5:$H$104,MATCH(5,'Reservations'!$BC$5:$BC$104,0)),"") | D33: =IFERROR(INDEX('Reservations'!$L$5:$L$104,MATCH(5,'Reservations'!$BC$5:$BC$104,0)),"") | E33: =IFERROR(INDEX('Reservations'!$P$5:$P$104,MATCH(5,'Reservations'!$BC$5:$BC$104,0)),"") | F33: =IFERROR(INDEX('Reservations'!$AE$5:$AE$104,MATCH(5,'Reservations'!$BC$5:$BC$104,0)),"") | G33: =IFERROR(INDEX('Reservations'!$E$5:$E$104,MATCH(5,'Reservations'!$BC$5:$BC$104,0)),"")
A34: ="" | D34: ="" | E34: ="" | F34: ="" | G34: =""
A35: Attention Needed | D35: ="" | E35: ="" | F35: ="" | G35: =""
A36: Priority | B36: Record | C36: Action | D36: ="" | E36: ="" | F36: ="" | G36: =""
A37: Urgent overdue task | B37: =IFERROR(INDEX('Operations'!$A$5:$A$154,MATCH(1,'Operations'!$AA$5:$AA$154,0)),"") | C37: =IFERROR(INDEX('Operations'!$C$5:$C$154,MATCH(1,'Operations'!$AA$5:$AA$154,0))&": "&INDEX('Operations'!$F$5:$F$154,MATCH(1,'Operations'!$AA$5:$AA$154,0)),"No urgent overdue task") | D37: ="" | E37: ="" | F37: ="" | G37: =""
A38: Balance before arrival | B38: =IFERROR(INDEX('Reservations'!$A$5:$A$104,MATCH(1,'Reservations'!$BD$5:$BD$104,0)),"") | C38: =IFERROR(INDEX('Reservations'!$C$5:$C$104,MATCH(1,'Reservations'!$BD$5:$BD$104,0))&": review guest balance","") | D38: ="" | E38: ="" | F38: ="" | G38: =""
A39: Contact details | B39: ="" | C39: Review missing guest contact information. | D39: ="" | E39: ="" | F39: ="" | G39: =""
A40: Unassigned task | B40: ="" | C40: Review upcoming tasks without an assignee. | D40: ="" | E40: ="" | F40: ="" | G40: =""
A41: ="" | B41: ="" | C41: ="" | D41: ="" | E41: ="" | F41: ="" | G41: =""
A42: ="" | B42: ="" | C42: ="" | D42: ="" | E42: ="" | F42: ="" | G42: =""
A43: ="" | B43: ="" | C43: ="" | D43: ="" | E43: ="" | F43: ="" | G43: =""
A44: Legend | B44: ="" | C44: ="" | D44: ="" | E44: ="" | F44: ="" | G44: =""
A45: Blue | B45: Editable assumption | C45: ="" | D45: ="" | E45: ="" | F45: ="" | G45: =""
A46: Yellow | B46: Attention needed | C46: ="" | D46: ="" | E46: ="" | F46: ="" | G46: =""
A47: Red | B47: Overdue or exception | C47: ="" | D47: ="" | E47: ="" | F47: ="" | G47: =""
A48: Green | B48: Completed or paid | C48: ="" | D48: ="" | E48: ="" | F48: ="" | G48: =""
A49: ="" | B49: ="" | C49: ="" | D49: ="" | E49: ="" | F49: ="" | G49: =""
A50: ="" | B50: ="" | C50: ="" | D50: ="" | E50: ="" | F50: ="" | G50: =""
A51: ="" | B51: ="" | C51: ="" | D51: ="" | E51: ="" | F51: ="" | G51: =""
A52: ="" | B52: ="" | C52: ="" | D52: ="" | E52: ="" | F52: ="" | G52: ="" | J52: Month | K52: Occupied Nights | L52: Available Nights | M52: Occupancy | N52: ADR | P52: Task Type | Q52: Open Tasks
A53: ="" | B53: ="" | C53: ="" | D53: ="" | E53: ="" | F53: ="" | G53: ="" | J53: Jan | K53: =IFERROR(IF($E$2="All Properties",SUM('Reservations'!$AP$5:$AP$104),SUMIF('Reservations'!$C$5:$C$104,$E$2,'Reservations'!$AP$5:$AP$104)),0) | L53: =IFERROR(IF($E$2="All Properties",SUMIF('Property Setup'!$C$13:$C$21,"Yes",'Property Setup'!$M$13:$M$21),VLOOKUP($E$2,'Property Setup'!$B$13:$M$21,12,0))*31,0) | M53: =IFERROR(K53/L53,0) | N53: =IFERROR(SUMPRODUCT('Reservations'!$AP$5:$AP$104,'Reservations'!$S$5:$S$104)/K53,0) | P53: Turnover Cleaning | Q53: =IFERROR(COUNTIFS('Operations'!$E$5:$E$154,$P53,'Operations'!$N$5:$N$154,"<>Completed",'Operations'!$N$5:$N$154,"<>Canceled"),0)
A54: ="" | B54: ="" | C54: ="" | D54: ="" | E54: ="" | F54: ="" | G54: ="" | J54: Feb | K54: =IFERROR(IF($E$2="All Properties",SUM('Reservations'!$AQ$5:$AQ$104),SUMIF('Reservations'!$C$5:$C$104,$E$2,'Reservations'!$AQ$5:$AQ$104)),0) | L54: =IFERROR(IF($E$2="All Properties",SUMIF('Property Setup'!$C$13:$C$21,"Yes",'Property Setup'!$M$13:$M$21),VLOOKUP($E$2,'Property Setup'!$B$13:$M$21,12,0))*28,0) | M54: =IFERROR(K54/L54,0) | N54: =IFERROR(SUMPRODUCT('Reservations'!$AQ$5:$AQ$104,'Reservations'!$S$5:$S$104)/K54,0) | P54: Inspection | Q54: =IFERROR(COUNTIFS('Operations'!$E$5:$E$154,$P54,'Operations'!$N$5:$N$154,"<>Completed",'Operations'!$N$5:$N$154,"<>Canceled"),0)
A55: ="" | B55: ="" | C55: ="" | D55: ="" | E55: ="" | F55: ="" | G55: ="" | J55: Mar | K55: =IFERROR(IF($E$2="All Properties",SUM('Reservations'!$AR$5:$AR$104),SUMIF('Reservations'!$C$5:$C$104,$E$2,'Reservations'!$AR$5:$AR$104)),0) | L55: =IFERROR(IF($E$2="All Properties",SUMIF('Property Setup'!$C$13:$C$21,"Yes",'Property Setup'!$M$13:$M$21),VLOOKUP($E$2,'Property Setup'!$B$13:$M$21,12,0))*31,0) | M55: =IFERROR(K55/L55,0) | N55: =IFERROR(SUMPRODUCT('Reservations'!$AR$5:$AR$104,'Reservations'!$S$5:$S$104)/K55,0) | P55: Maintenance | Q55: =IFERROR(COUNTIFS('Operations'!$E$5:$E$154,$P55,'Operations'!$N$5:$N$154,"<>Completed",'Operations'!$N$5:$N$154,"<>Canceled"),0)
A56: ="" | B56: ="" | C56: ="" | D56: ="" | E56: ="" | F56: ="" | G56: ="" | J56: Apr | K56: =IFERROR(IF($E$2="All Properties",SUM('Reservations'!$AS$5:$AS$104),SUMIF('Reservations'!$C$5:$C$104,$E$2,'Reservations'!$AS$5:$AS$104)),0) | L56: =IFERROR(IF($E$2="All Properties",SUMIF('Property Setup'!$C$13:$C$21,"Yes",'Property Setup'!$M$13:$M$21),VLOOKUP($E$2,'Property Setup'!$B$13:$M$21,12,0))*30,0) | M56: =IFERROR(K56/L56,0) | N56: =IFERROR(SUMPRODUCT('Reservations'!$AS$5:$AS$104,'Reservations'!$S$5:$S$104)/K56,0) | P56: Guest Request | Q56: =IFERROR(COUNTIFS('Operations'!$E$5:$E$154,$P56,'Operations'!$N$5:$N$154,"<>Completed",'Operations'!$N$5:$N$154,"<>Canceled"),0)
A57: ="" | B57: ="" | C57: ="" | D57: ="" | E57: ="" | F57: ="" | G57: ="" | J57: May | K57: =IFERROR(IF($E$2="All Properties",SUM('Reservations'!$AT$5:$AT$104),SUMIF('Reservations'!$C$5:$C$104,$E$2,'Reservations'!$AT$5:$AT$104)),0) | L57: =IFERROR(IF($E$2="All Properties",SUMIF('Property Setup'!$C$13:$C$21,"Yes",'Property Setup'!$M$13:$M$21),VLOOKUP($E$2,'Property Setup'!$B$13:$M$21,12,0))*31,0) | M57: =IFERROR(K57/L57,0) | N57: =IFERROR(SUMPRODUCT('Reservations'!$AT$5:$AT$104,'Reservations'!$S$5:$S$104)/K57,0) | P57: Supply Restock | Q57: =IFERROR(COUNTIFS('Operations'!$E$5:$E$154,$P57,'Operations'!$N$5:$N$154,"<>Completed",'Operations'!$N$5:$N$154,"<>Canceled"),0)
A58: ="" | B58: ="" | C58: ="" | D58: ="" | E58: ="" | F58: ="" | G58: ="" | J58: Jun | K58: =IFERROR(IF($E$2="All Properties",SUM('Reservations'!$AU$5:$AU$104),SUMIF('Reservations'!$C$5:$C$104,$E$2,'Reservations'!$AU$5:$AU$104)),0) | L58: =IFERROR(IF($E$2="All Properties",SUMIF('Property Setup'!$C$13:$C$21,"Yes",'Property Setup'!$M$13:$M$21),VLOOKUP($E$2,'Property Setup'!$B$13:$M$21,12,0))*30,0) | M58: =IFERROR(K58/L58,0) | N58: =IFERROR(SUMPRODUCT('Reservations'!$AU$5:$AU$104,'Reservations'!$S$5:$S$104)/K58,0) | P58: Landscaping | Q58: =IFERROR(COUNTIFS('Operations'!$E$5:$E$154,$P58,'Operations'!$N$5:$N$154,"<>Completed",'Operations'!$N$5:$N$154,"<>Canceled"),0)
A59: ="" | B59: ="" | C59: ="" | D59: ="" | E59: ="" | F59: ="" | G59: ="" | J59: Jul | K59: =IFERROR(IF($E$2="All Properties",SUM('Reservations'!$AV$5:$AV$104),SUMIF('Reservations'!$C$5:$C$104,$E$2,'Reservations'!$AV$5:$AV$104)),0) | L59: =IFERROR(IF($E$2="All Properties",SUMIF('Property Setup'!$C$13:$C$21,"Yes",'Property Setup'!$M$13:$M$21),VLOOKUP($E$2,'Property Setup'!$B$13:$M$21,12,0))*31,0) | M59: =IFERROR(K59/L59,0) | N59: =IFERROR(SUMPRODUCT('Reservations'!$AV$5:$AV$104,'Reservations'!$S$5:$S$104)/K59,0) | P59: Pool or Spa Service | Q59: =IFERROR(COUNTIFS('Operations'!$E$5:$E$154,$P59,'Operations'!$N$5:$N$154,"<>Completed",'Operations'!$N$5:$N$154,"<>Canceled"),0)
A60: ="" | B60: ="" | C60: ="" | D60: ="" | E60: ="" | F60: ="" | G60: ="" | J60: Aug | K60: =IFERROR(IF($E$2="All Properties",SUM('Reservations'!$AW$5:$AW$104),SUMIF('Reservations'!$C$5:$C$104,$E$2,'Reservations'!$AW$5:$AW$104)),0) | L60: =IFERROR(IF($E$2="All Properties",SUMIF('Property Setup'!$C$13:$C$21,"Yes",'Property Setup'!$M$13:$M$21),VLOOKUP($E$2,'Property Setup'!$B$13:$M$21,12,0))*31,0) | M60: =IFERROR(K60/L60,0) | N60: =IFERROR(SUMPRODUCT('Reservations'!$AW$5:$AW$104,'Reservations'!$S$5:$S$104)/K60,0) | P60: Other | Q60: =IFERROR(COUNTIFS('Operations'!$E$5:$E$154,$P60,'Operations'!$N$5:$N$154,"<>Completed",'Operations'!$N$5:$N$154,"<>Canceled"),0)
A61: ="" | B61: ="" | C61: ="" | D61: ="" | E61: ="" | F61: ="" | G61: ="" | J61: Sep | K61: =IFERROR(IF($E$2="All Properties",SUM('Reservations'!$AX$5:$AX$104),SUMIF('Reservations'!$C$5:$C$104,$E$2,'Reservations'!$AX$5:$AX$104)),0) | L61: =IFERROR(IF($E$2="All Properties",SUMIF('Property Setup'!$C$13:$C$21,"Yes",'Property Setup'!$M$13:$M$21),VLOOKUP($E$2,'Property Setup'!$B$13:$M$21,12,0))*30,0) | M61: =IFERROR(K61/L61,0) | N61: =IFERROR(SUMPRODUCT('Reservations'!$AX$5:$AX$104,'Reservations'!$S$5:$S$104)/K61,0) | Q61: =""
A62: ="" | B62: ="" | C62: ="" | D62: ="" | E62: ="" | F62: ="" | G62: ="" | J62: Oct | K62: =IFERROR(IF($E$2="All Properties",SUM('Reservations'!$AY$5:$AY$104),SUMIF('Reservations'!$C$5:$C$104,$E$2,'Reservations'!$AY$5:$AY$104)),0) | L62: =IFERROR(IF($E$2="All Properties",SUMIF('Property Setup'!$C$13:$C$21,"Yes",'Property Setup'!$M$13:$M$21),VLOOKUP($E$2,'Property Setup'!$B$13:$M$21,12,0))*31,0) | M62: =IFERROR(K62/L62,0) | N62: =IFERROR(SUMPRODUCT('Reservations'!$AY$5:$AY$104,'Reservations'!$S$5:$S$104)/K62,0) | Q62: =""
A63: ="" | B63: ="" | C63: ="" | D63: ="" | E63: ="" | F63: ="" | G63: ="" | J63: Nov | K63: =IFERROR(IF($E$2="All Properties",SUM('Reservations'!$AZ$5:$AZ$104),SUMIF('Reservations'!$C$5:$C$104,$E$2,'Reservations'!$AZ$5:$AZ$104)),0) | L63: =IFERROR(IF($E$2="All Properties",SUMIF('Property Setup'!$C$13:$C$21,"Yes",'Property Setup'!$M$13:$M$21),VLOOKUP($E$2,'Property Setup'!$B$13:$M$21,12,0))*30,0) | M63: =IFERROR(K63/L63,0) | N63: =IFERROR(SUMPRODUCT('Reservations'!$AZ$5:$AZ$104,'Reservations'!$S$5:$S$104)/K63,0) | Q63: =""
A64: ="" | B64: ="" | C64: ="" | D64: ="" | E64: ="" | F64: ="" | G64: ="" | J64: Dec | K64: =IFERROR(IF($E$2="All Properties",SUM('Reservations'!$BA$5:$BA$104),SUMIF('Reservations'!$C$5:$C$104,$E$2,'Reservations'!$BA$5:$BA$104)),0) | L64: =IFERROR(IF($E$2="All Properties",SUMIF('Property Setup'!$C$13:$C$21,"Yes",'Property Setup'!$M$13:$M$21),VLOOKUP($E$2,'Property Setup'!$B$13:$M$21,12,0))*31,0) | M64: =IFERROR(K64/L64,0) | N64: =IFERROR(SUMPRODUCT('Reservations'!$BA$5:$BA$104,'Reservations'!$S$5:$S$104)/K64,0) | Q64: =""
A65: ="" | B65: ="" | C65: ="" | D65: ="" | E65: ="" | F65: ="" | G65: ="" | K65: ="" | L65: ="" | M65: ="" | N65: ="" | Q65: =""
A66: ="" | B66: ="" | C66: ="" | D66: ="" | E66: ="" | F66: ="" | G66: ="" | K66: ="" | L66: ="" | M66: ="" | N66: ="" | Q66: =""
A67: ="" | B67: ="" | C67: ="" | D67: ="" | E67: ="" | F67: ="" | G67: ="" | K67: ="" | L67: ="" | M67: ="" | N67: ="" | Q67: =""
A68: ="" | B68: ="" | C68: ="" | D68: ="" | E68: ="" | F68: ="" | G68: ="" | K68: ="" | L68: ="" | M68: ="" | N68: ="" | Q68: =""
A69: ="" | B69: ="" | C69: ="" | D69: ="" | E69: ="" | F69: ="" | G69: ="" | K69: ="" | L69: ="" | M69: ="" | N69: ="" | Q69: =""
A70: ="" | B70: ="" | C70: ="" | D70: ="" | E70: ="" | F70: ="" | G70: ="" | K70: ="" | L70: ="" | M70: ="" | N70: ="" | Q70: =""
A71: ="" | B71: ="" | C71: ="" | D71: ="" | E71: ="" | F71: ="" | G71: ="" | K71: ="" | L71: ="" | M71: ="" | N71: ="" | Q71: =""
A72: ="" | B72: ="" | C72: ="" | D72: ="" | E72: ="" | F72: ="" | G72: ="" | K72: ="" | L72: ="" | M72: ="" | N72: ="" | Q72: =""
A73: ="" | B73: ="" | C73: ="" | D73: ="" | E73: ="" | F73: ="" | G73: ="" | K73: ="" | L73: ="" | M73: ="" | N73: ="" | Q73: =""
A74: ="" | B74: ="" | C74: ="" | D74: ="" | E74: ="" | F74: ="" | G74: ="" | K74: ="" | L74: ="" | M74: ="" | N74: ="" | Q74: =""
A75: ="" | B75: ="" | C75: ="" | D75: ="" | E75: ="" | F75: ="" | G75: ="" | K75: ="" | L75: ="" | M75: ="" | N75: ="" | Q75: =""
A76: ="" | B76: ="" | C76: ="" | D76: ="" | E76: ="" | F76: ="" | G76: ="" | K76: ="" | L76: ="" | M76: ="" | N76: ="" | Q76: =""
... A101: ="" | B101: ="" | C101: ="" | D101: ="" | E101: ="" | F101: ="" | G101: ="" | K101: ="" | L101: ="" | M101: ="" | N101: ="" | Q101: =""

Sheet Reservations
A1: Reservations
A2: Enter charges and tax assumptions according to the property's current policies. Review all editable assumptions before use.
A4: Reservation ID | B4: External Reservation ID | C4: Property | D4: Booking Source | E4: Booking Status | F4: Booked Date | G4: Guest First Name | H4: Guest Last Name | I4: Guest Email | J4: Guest Phone | K4: Arrival Date | L4: Departure Date | M4: Nights | N4: Adults | O4: Children | P4: Total Guests | Q4: Maximum Occupancy | R4: Occupancy Check | S4: Nightly Rate | T4: Rental Revenue | U4: Cleaning Fee | V4: Other Guest Charges | W4: Discount | X4: Taxable Lodging Amount | Y4: Lodging Tax Rate | Z4: Estimated Lodging Tax | AA4: Service Charge Rate | AB4: Service Charge | AC4: Reservation Total | AD4: Payments Received | AE4: Balance Due | AF4: Payment Due Date | AG4: Payment Status | AH4: Days Until Arrival | AI4: Arrival Time | AJ4: Departure Time | AK4: Access Instructions Sent | AL4: Special Requests | AM4: Internal Notes | AN4: Current Month Nights | AO4: Current Month Revenue | AP4: Jan Nights | AQ4: Feb Nights | AR4: Mar Nights | AS4: Apr Nights | AT4: May Nights | AU4: Jun Nights | AV4: Jul Nights | AW4: Aug Nights | AX4: Sep Nights | AY4: Oct Nights | AZ4: Nov Nights | BA4: Dec Nights | BB4: Today Arrival Rank | BC4: Upcoming Arrival Rank | BD4: Balance Attention Rank
A5: VR-2026-001 | B5: DIR-5011 | C5: Seabreeze Gulf Cottage | D5: Direct | E5: Completed | F5: 46221 | G5: Emma | H5: Carter | I5: emma.carter@example.com | J5: (555) 310-1001 | K5: 46236 | L5: 46241 | M5: =IFERROR(IF($A5="","",MAX(0,$L5-$K5)),"") | N5: 2 | O5: 2 | P5: =IFERROR(IF($A5="","",$N5+$O5),"") | Q5: =IFERROR(IF($C5="","",VLOOKUP($C5,'Property Setup'!$B$13:$L$21,11,0)),"") | R5: =IFERROR(IF($C5="","",IF($P5>$Q5,"Review Guest Count","Within Limit")),"") | S5: 325 | T5: =IFERROR(IF($A5="","",$M5*$S5),"") | U5: 185 | V5: 0 | W5: 0 | X5: =IFERROR(IF($A5="","",MAX(0,$T5-$W5+IF(VLOOKUP($C5,'Property Setup'!$B$13:$R$21,17,0)="Yes",$U5,0))),"") | Y5: =IFERROR(IF($C5="","",VLOOKUP($C5,'Property Setup'!$B$13:$S$21,18,0)),"") | Z5: =IFERROR(IF($A5="","",$X5*$Y5),"") | AA5: =IFERROR(IF($C5="","",VLOOKUP($C5,'Property Setup'!$B$13:$T$21,19,0)),"") | AB5: =IFERROR(IF($A5="","",MAX(0,$T5-$W5)*$AA5),"") | AC5: =IFERROR(IF($A5="","",$T5+$U5+$V5-$W5+$Z5+$AB5),"") | AD5: 2250 | AE5: =IFERROR(IF($A5="","",MAX(0,$AC5-$AD5)),"") | AF5: 46229 | AG5: =IFERROR(IF($A5="","",IF($E5="Canceled","Canceled",IF($AE5=0,"Paid",IF(AND($AF5<TODAY(),$AE5>0),"Past Due",IF($AD5>0,"Partially Paid","Unpaid"))))),"") | AH5: =IFERROR(IF($A5="","",$K5-TODAY()),"") | AI5: 0.66666667 | AJ5: 0.41666667 | AK5: Yes | AL5: Family beach stay. | AM5: Completed without issue. | AN5: =IFERROR(IF(OR($A5="",$E5="Canceled"),"",MAX(0,MIN($L5,EOMONTH(TODAY(),0)+1)-MAX($K5,EOMONTH(TODAY(),-1)+1))),"") | AO5: =IFERROR(IF(OR($A5="",$AN5=0),"",$AN5*$S5),"") | AP5: =IFERROR(IF(OR($A5="",$E5="Canceled"),"",MAX(0,MIN($L5,46054)-MAX($K5,46023))),"") | AQ5: =IFERROR(IF(OR($A5="",$E5="Canceled"),"",MAX(0,MIN($L5,46082)-MAX($K5,46054))),"") | AR5: =IFERROR(IF(OR($A5="",$E5="Canceled"),"",MAX(0,MIN($L5,46113)-MAX($K5,46082))),"") | AS5: =IFERROR(IF(OR($A5="",$E5="Canceled"),"",MAX(0,MIN($L5,46143)-MAX($K5,46113))),"") | AT5: =IFERROR(IF(OR($A5="",$E5="Canceled"),"",MAX(0,MIN($L5,46174)-MAX($K5,46143))),"") | AU5: =IFERROR(IF(OR($A5="",$E5="Canceled"),"",MAX(0,MIN($L5,46204)-MAX($K5,46174))),"") | AV5: =IFERROR(IF(OR($A5="",$E5="Canceled"),"",MAX(0,MIN($L5,46235)-MAX($K5,46204))),"") | AW5: =IFERROR(IF(OR($A5="",$E5="Canceled"),"",MAX(0,MIN($L5,46266)-MAX($K5,46235))),"") | AX5: =IFERROR(IF(OR($A5="",$E5="Canceled"),"",MAX(0,MIN($L5,46296)-MAX($K5,46266))),"") | AY5: =IFERROR(IF(OR($A5="",$E5="Canceled"),"",MAX(0,MIN($L5,46327)-MAX($K5,46296))),"") | AZ5: =IFERROR(IF(OR($A5="",$E5="Canceled"),"",MAX(0,MIN($L5,46357)-MAX($K5,46327))),"") | BA5: =IFERROR(IF(OR($A5="",$E5="Canceled"),"",MAX(0,MIN($L5,46388)-MAX($K5,46357))),"") | BB5: =IFERROR(IF(AND($A5<>"",$K5=TODAY(),$E5<>"Canceled"),COUNTIFS($K$5:$K$5,TODAY(),$E$5:$E$5,"<>Canceled"),""),"") | BC5: =IFERROR(IF(AND($A5<>"",$K5>=TODAY(),$E5<>"Canceled"),COUNTIFS($K$5:$K$104,"<"&$K5,$E$5:$E$104,"<>Canceled")+COUNTIFS($K$5:$K$5,$K5,$E$5:$E$5,"<>Canceled"),""),"") | BD5: =IFERROR(IF(AND($A5<>"",$E5<>"Canceled",$AE5>0,$K5>=TODAY(),$K5<=TODAY()+'Property Setup'!$B$7),COUNTIFS($AE$5:$AE$5,">0",$K$5:$K$5,">="&TODAY(),$K$5:$K$5,"<="&TODAY()+'Property Setup'!$B$7),""),"")
A6: VR-2026-002 | B6: AB-82014 | C6: Smoky Ridge Cabin | D6: Airbnb | E6: In House | F6: 46201 | G6: Liam | H6: Nguyen | I6: liam.nguyen@example.com | J6: (555) 310-1002 | K6: 46269 | L6: 46274 | M6: =IFERROR(IF($A6="","",MAX(0,$L6-$K6)),"") | N6: 4 | O6: 2 | P6: =IFERROR(IF($A6="","",$N6+$O6),"") | Q6: =IFERROR(IF($C6="","",VLOOKUP($C6,'Property Setup'!$B$13:$L$21,11,0)),"") | R6: =IFERROR(IF($C6="","",IF($P6>$Q6,"Review Guest Count","Within Limit")),"") | S6: 395 | T6: =IFERROR(IF($A6="","",$M6*$S6),"") | U6: 220 | V6: 65 | W6: 0 | X6: =IFERROR(IF($A6="","",MAX(0,$T6-$W6+IF(VLOOKUP($C6,'Property Setup'!$B$13:$R$21,17,0)="Yes",$U6,0))),"") | Y6: =IFERROR(IF($C6="","",VLOOKUP($C6,'Property Setup'!$B$13:$S$21,18,0)),"") | Z6: =IFERROR(IF($A6="","",$X6*$Y6),"") | AA6: =IFERROR(IF($C6="","",VLOOKUP($C6,'Property Setup'!$B$13:$T$21,19,0)),"") | AB6: =IFERROR(IF($A6="","",MAX(0,$T6-$W6)*$AA6),"") | AC6: =IFERROR(IF($A6="","",$T6+$U6+$V6-$W6+$Z6+$AB6),"") | AD6: 1200 | AE6: =IFERROR(IF($A6="","",MAX(0,$AC6-$AD6)),"") | AF6: 46261 | AG6: =IFERROR(IF($A6="","",IF($E6="Canceled","Canceled",IF($AE6=0,"Paid",IF(AND($AF6<TODAY(),$AE6>0),"Past Due",IF($AD6>0,"Partially Paid","Unpaid"))))),"") | AH6: =IFERROR(IF($A6="","",$K6-TODAY()),"") | AI6: 0.66666667 | AJ6: 0.41666667 | AK6: Yes | AL6: Extra towels requested. | AM6: Current in-house stay. | AN6: =IFERROR(IF(OR($A6="",$E6="Canceled"),"",MAX(0,MIN($L6,EOMONTH(TODAY(),0)+1)-MAX($K6,EOMONTH(TODAY(),-1)+1))),"") | AO6: =IFERROR(IF(OR($A6="",$AN6=0),"",$AN6*$S6),"") | AP6: =IFERROR(IF(OR($A6="",$E6="Canceled"),"",MAX(0,MIN($L6,46054)-MAX($K6,46023))),"") | AQ6: =IFERROR(IF(OR($A6="",$E6="Canceled"),"",MAX(0,MIN($L6,46082)-MAX($K6,46054))),"") | AR6: =IFERROR(IF(OR($A6="",$E6="Canceled"),"",MAX(0,MIN($L6,46113)-MAX($K6,46082))),"") | AS6: =IFERROR(IF(OR($A6="",$E6="Canceled"),"",MAX(0,MIN($L6,46143)-MAX($K6,46113))),"") | AT6: =IFERROR(IF(OR($A6="",$E6="Canceled"),"",MAX(0,MIN($L6,46174)-MAX($K6,46143))),"") | AU6: =IFERROR(IF(OR($A6="",$E6="Canceled"),"",MAX(0,MIN($L6,46204)-MAX($K6,46174))),"") | AV6: =IFERROR(IF(OR($A6="",$E6="Canceled"),"",MAX(0,MIN($L6,46235)-MAX($K6,46204))),"") | AW6: =IFERROR(IF(OR($A6="",$E6="Canceled"),"",MAX(0,MIN($L6,46266)-MAX($K6,46235))),"") | AX6: =IFERROR(IF(OR($A6="",$E6="Canceled"),"",MAX(0,MIN($L6,46296)-MAX($K6,46266))),"") | AY6: =IFERROR(IF(OR($A6="",$E6="Canceled"),"",MAX(0,MIN($L6,46327)-MAX($K6,46296))),"") | AZ6: =IFERROR(IF(OR($A6="",$E6="Canceled"),"",MAX(0,MIN($L6,46357)-MAX($K6,46327))),"") | BA6: =IFERROR(IF(OR($A6="",$E6="Canceled"),"",MAX(0,MIN($L6,46388)-MAX($K6,46357))),"") | BB6: =IFERROR(IF(AND($A6<>"",$K6=TODAY(),$E6<>"Canceled"),COUNTIFS($K$5:$K$6,TODAY(),$E$5:$E$6,"<>Canceled"),""),"") | BC6: =IFERROR(IF(AND($A6<>"",$K6>=TODAY(),$E6<>"Canceled"),COUNTIFS($K$5:$K$104,"<"&$K6,$E$5:$E$104,"<>Canceled")+COUNTIFS($K$5:$K$6,$K6,$E$5:$E$6,"<>Canceled"),""),"") | BD6: =IFERROR(IF(AND($A6<>"",$E6<>"Canceled",$AE6>0,$K6>=TODAY(),$K6<=TODAY()+'Property Setup'!$B$7),COUNTIFS($AE$5:$AE$6,">0",$K$5:$K$6,">="&TODAY(),$K$5:$K$6,"<="&TODAY()+'Property Setup'!$B$7),""),"")
A7: VR-2026-003 | B7: VB-77201 | C7: Harborlight Beach Condo | D7: Vrbo | E7: Confirmed | F7: 46246 | G7: Olivia | H7: Martinez | I7: olivia.martinez@example.com | J7: (555) 310-1003 | K7: 46273 | L7: 46278 | M7: =IFERROR(IF($A7="","",MAX(0,$L7-$K7)),"") | N7: 2 | O7: 0 | P7: =IFERROR(IF($A7="","",$N7+$O7),"") | Q7: =IFERROR(IF($C7="","",VLOOKUP($C7,'Property Setup'!$B$13:$L$21,11,0)),"") | R7: =IFERROR(IF($C7="","",IF($P7>$Q7,"Review Guest Count","Within Limit")),"") | S7: 275 | T7: =IFERROR(IF($A7="","",$M7*$S7),"") | U7: 145 | V7: 0 | W7: 25 | X7: =IFERROR(IF($A7="","",MAX(0,$T7-$W7+IF(VLOOKUP($C7,'Property Setup'!$B$13:$R$21,17,0)="Yes",$U7,0))),"") | Y7: =IFERROR(IF($C7="","",VLOOKUP($C7,'Property Setup'!$B$13:$S$21,18,0)),"") | Z7: =IFERROR(IF($A7="","",$X7*$Y7),"") | AA7: =IFERROR(IF($C7="","",VLOOKUP($C7,'Property Setup'!$B$13:$T$21,19,0)),"") | AB7: =IFERROR(IF($A7="","",MAX(0,$T7-$W7)*$AA7),"") | AC7: =IFERROR(IF($A7="","",$T7+$U7+$V7-$W7+$Z7+$AB7),"") | AD7: 900 | AE7: =IFERROR(IF($A7="","",MAX(0,$AC7-$AD7)),"") | AF7: 46270 | AG7: =IFERROR(IF($A7="","",IF($E7="Canceled","Canceled",IF($AE7=0,"Paid",IF(AND($AF7<TODAY(),$AE7>0),"Past Due",IF($AD7>0,"Partially Paid","Unpaid"))))),"") | AH7: =IFERROR(IF($A7="","",$K7-TODAY()),"") | AI7: 0.625 | AJ7: 0.41666667 | AK7: No | AL7: Late arrival expected. | AM7: Balance requires attention. | AN7: =IFERROR(IF(OR($A7="",$E7="Canceled"),"",MAX(0,MIN($L7,EOMONTH(TODAY(),0)+1)-MAX($K7,EOMONTH(TODAY(),-1)+1))),"") | AO7: =IFERROR(IF(OR($A7="",$AN7=0),"",$AN7*$S7),"") | AP7: =IFERROR(IF(OR($A7="",$E7="Canceled"),"",MAX(0,MIN($L7,46054)-MAX($K7,46023))),"") | AQ7: =IFERROR(IF(OR($A7="",$E7="Canceled"),"",MAX(0,MIN($L7,46082)-MAX($K7,46054))),"") | AR7: =IFERROR(IF(OR($A7="",$E7="Canceled"),"",MAX(0,MIN($L7,46113)-MAX($K7,46082))),"") | AS7: =IFERROR(IF(OR($A7="",$E7="Canceled"),"",MAX(0,MIN($L7,46143)-MAX($K7,46113))),"") | AT7: =IFERROR(IF(OR($A7="",$E7="Canceled"),"",MAX(0,MIN($L7,46174)-MAX($K7,46143))),"") | AU7: =IFERROR(IF(OR($A7="",$E7="Canceled"),"",MAX(0,MIN($L7,46204)-MAX($K7,46174))),"") | AV7: =IFERROR(IF(OR($A7="",$E7="Canceled"),"",MAX(0,MIN($L7,46235)-MAX($K7,46204))),"") | AW7: =IFERROR(IF(OR($A7="",$E7="Canceled"),"",MAX(0,MIN($L7,46266)-MAX($K7,46235))),"") | AX7: =IFERROR(IF(OR($A7="",$E7="Canceled"),"",MAX(0,MIN($L7,46296)-MAX($K7,46266))),"") | AY7: =IFERROR(IF(OR($A7="",$E7="Canceled"),"",MAX(0,MIN($L7,46327)-MAX($K7,46296))),"") | AZ7: =IFERROR(IF(OR($A7="",$E7="Canceled"),"",MAX(0,MIN($L7,46357)-MAX($K7,46327))),"") | BA7: =IFERROR(IF(OR($A7="",$E7="Canceled"),"",MAX(0,MIN($L7,46388)-MAX($K7,46357))),"") | BB7: =IFERROR(IF(AND($A7<>"",$K7=TODAY(),$E7<>"Canceled"),COUNTIFS($K$5:$K$7,TODAY(),$E$5:$E$7,"<>Canceled"),""),"") | BC7: =IFERROR(IF(AND($A7<>"",$K7>=TODAY(),$E7<>"Canceled"),COUNTIFS($K$5:$K$104,"<"&$K7,$E$5:$E$104,"<>Canceled")+COUNTIFS($K$5:$K$7,$K7,$E$5:$E$7,"<>Canceled"),""),"") | BD7: =IFERROR(IF(AND($A7<>"",$E7<>"Canceled",$AE7>0,$K7>=TODAY(),$K7<=TODAY()+'Property Setup'!$B$7),COUNTIFS($AE$5:$AE$7,">0",$K$5:$K$7,">="&TODAY(),$K$5:$K$7,"<="&TODAY()+'Property Setup'!$B$7),""),"")
A8: VR-2026-004 | B8: BK-44081 | C8: Sonoran Sunset Casita | D8: Booking.com | E8: Confirmed | F8: 46253 | G8: Noah | H8: Wilson | I8: noah.wilson@example.com | J8: (555) 310-1004 | K8: 46277 | L8: 46281 | M8: =IFERROR(IF($A8="","",MAX(0,$L8-$K8)),"") | N8: 2 | O8: 1 | P8: =IFERROR(IF($A8="","",$N8+$O8),"") | Q8: =IFERROR(IF($C8="","",VLOOKUP($C8,'Property Setup'!$B$13:$L$21,11,0)),"") | R8: =IFERROR(IF($C8="","",IF($P8>$Q8,"Review Guest Count","Within Limit")),"") | S8: 290 | T8: =IFERROR(IF($A8="","",$M8*$S8),"") | U8: 135 | V8: 30 | W8: 50 | X8: =IFERROR(IF($A8="","",MAX(0,$T8-$W8+IF(VLOOKUP($C8,'Property Setup'!$B$13:$R$21,17,0)="Yes",$U8,0))),"") | Y8: =IFERROR(IF($C8="","",VLOOKUP($C8,'Property Setup'!$B$13:$S$21,18,0)),"") | Z8: =IFERROR(IF($A8="","",$X8*$Y8),"") | AA8: =IFERROR(IF($C8="","",VLOOKUP($C8,'Property Setup'!$B$13:$T$21,19,0)),"") | AB8: =IFERROR(IF($A8="","",MAX(0,$T8-$W8)*$AA8),"") | AC8: =IFERROR(IF($A8="","",$T8+$U8+$V8-$W8+$Z8+$AB8),"") | AD8: 600 | AE8: =IFERROR(IF($A8="","",MAX(0,$AC8-$AD8)),"") | AF8: 46272 | AG8: =IFERROR(IF($A8="","",IF($E8="Canceled","Canceled",IF($AE8=0,"Paid",IF(AND($AF8<TODAY(),$AE8>0),"Past Due",IF($AD8>0,"Partially Paid","Unpaid"))))),"") | AH8: =IFERROR(IF($A8="","",$K8-TODAY()),"") | AI8: 0.66666667 | AJ8: 0.45833333 | AK8: No | AL8: Requests shaded parking. | AM8: Send arrival details after final review. | AN8: =IFERROR(IF(OR($A8="",$E8="Canceled"),"",MAX(0,MIN($L8,EOMONTH(TODAY(),0)+1)-MAX($K8,EOMONTH(TODAY(),-1)+1))),"") | AO8: =IFERROR(IF(OR($A8="",$AN8=0),"",$AN8*$S8),"") | AP8: =IFERROR(IF(OR($A8="",$E8="Canceled"),"",MAX(0,MIN($L8,46054)-MAX($K8,46023))),"") | AQ8: =IFERROR(IF(OR($A8="",$E8="Canceled"),"",MAX(0,MIN($L8,46082)-MAX($K8,46054))),"") | AR8: =IFERROR(IF(OR($A8="",$E8="Canceled"),"",MAX(0,MIN($L8,46113)-MAX($K8,46082))),"") | AS8: =IFERROR(IF(OR($A8="",$E8="Canceled"),"",MAX(0,MIN($L8,46143)-MAX($K8,46113))),"") | AT8: =IFERROR(IF(OR($A8="",$E8="Canceled"),"",MAX(0,MIN($L8,46174)-MAX($K8,46143))),"") | AU8: =IFERROR(IF(OR($A8="",$E8="Canceled"),"",MAX(0,MIN($L8,46204)-MAX($K8,46174))),"") | AV8: =IFERROR(IF(OR($A8="",$E8="Canceled"),"",MAX(0,MIN($L8,46235)-MAX($K8,46204))),"") | AW8: =IFERROR(IF(OR($A8="",$E8="Canceled"),"",MAX(0,MIN($L8,46266)-MAX($K8,46235))),"") | AX8: =IFERROR(IF(OR($A8="",$E8="Canceled"),"",MAX(0,MIN($L8,46296)-MAX($K8,46266))),"") | AY8: =IFERROR(IF(OR($A8="",$E8="Canceled"),"",MAX(0,MIN($L8,46327)-MAX($K8,46296))),"") | AZ8: =IFERROR(IF(OR($A8="",$E8="Canceled"),"",MAX(0,MIN($L8,46357)-MAX($K8,46327))),"") | BA8: =IFERROR(IF(OR($A8="",$E8="Canceled"),"",MAX(0,MIN($L8,46388)-MAX($K8,46357))),"") | BB8: =IFERROR(IF(AND($A8<>"",$K8=TODAY(),$E8<>"Canceled"),COUNTIFS($K$5:$K$8,TODAY(),$E$5:$E$8,"<>Canceled"),""),"") | BC8: =IFERROR(IF(AND($A8<>"",$K8>=TODAY(),$E8<>"Canceled"),COUNTIFS($K$5:$K$104,"<"&$K8,$E$5:$E$104,"<>Canceled")+COUNTIFS($K$5:$K$8,$K8,$E$5:$E$8,"<>Canceled"),""),"") | BD8: =IFERROR(IF(AND($A8<>"",$E8<>"Canceled",$AE8>0,$K8>=TODAY(),$K8<=TODAY()+'Property Setup'!$B$7),COUNTIFS($AE$5:$AE$8,">0",$K$5:$K$8,">="&TODAY(),$K$5:$K$8,"<="&TODAY()+'Property Setup'!$B$7),""),"")
A9: VR-2026-005 | B9: DIR-5032 | C9: Blue Heron Lake House | D9: Direct | E9: Confirmed | F9: 46259 | G9: Ava | H9: Thompson | I9: ava.thompson@example.com | J9: (555) 310-1005 | K9: 46283 | L9: 46289 | M9: =IFERROR(IF($A9="","",MAX(0,$L9-$K9)),"") | N9: 5 | O9: 3 | P9: =IFERROR(IF($A9="","",$N9+$O9),"") | Q9: =IFERROR(IF($C9="","",VLOOKUP($C9,'Property Setup'!$B$13:$L$21,11,0)),"") | R9: =IFERROR(IF($C9="","",IF($P9>$Q9,"Review Guest Count","Within Limit")),"") | S9: 425 | T9: =IFERROR(IF($A9="","",$M9*$S9),"") | U9: 240 | V9: 75 | W9: 100 | X9: =IFERROR(IF($A9="","",MAX(0,$T9-$W9+IF(VLOOKUP($C9,'Property Setup'!$B$13:$R$21,17,0)="Yes",$U9,0))),"") | Y9: =IFERROR(IF($C9="","",VLOOKUP($C9,'Property Setup'!$B$13:$S$21,18,0)),"") | Z9: =IFERROR(IF($A9="","",$X9*$Y9),"") | AA9: =IFERROR(IF($C9="","",VLOOKUP($C9,'Property Setup'!$B$13:$T$21,19,0)),"") | AB9: =IFERROR(IF($A9="","",MAX(0,$T9-$W9)*$AA9),"") | AC9: =IFERROR(IF($A9="","",$T9+$U9+$V9-$W9+$Z9+$AB9),"") | AD9: 3400 | AE9: =IFERROR(IF($A9="","",MAX(0,$AC9-$AD9)),"") | AF9: 46276 | AG9: =IFERROR(IF($A9="","",IF($E9="Canceled","Canceled",IF($AE9=0,"Paid",IF(AND($AF9<TODAY(),$AE9>0),"Past Due",IF($AD9>0,"Partially Paid","Unpaid"))))),"") | AH9: =IFERROR(IF($A9="","",$K9-TODAY()),"") | AI9: 0.66666667 | AJ9: 0.41666667 | AK9: Yes | AL9: Family stay; requests crib. | AM9: Payment plan confirmed. | AN9: =IFERROR(IF(OR($A9="",$E9="Canceled"),"",MAX(0,MIN($L9,EOMONTH(TODAY(),0)+1)-MAX($K9,EOMONTH(TODAY(),-1)+1))),"") | AO9: =IFERROR(IF(OR($A9="",$AN9=0),"",$AN9*$S9),"") | AP9: =IFERROR(IF(OR($A9="",$E9="Canceled"),"",MAX(0,MIN($L9,46054)-MAX($K9,46023))),"") | AQ9: =IFERROR(IF(OR($A9="",$E9="Canceled"),"",MAX(0,MIN($L9,46082)-MAX($K9,46054))),"") | AR9: =IFERROR(IF(OR($A9="",$E9="Canceled"),"",MAX(0,MIN($L9,46113)-MAX($K9,46082))),"") | AS9: =IFERROR(IF(OR($A9="",$E9="Canceled"),"",MAX(0,MIN($L9,46143)-MAX($K9,46113))),"") | AT9: =IFERROR(IF(OR($A9="",$E9="Canceled"),"",MAX(0,MIN($L9,46174)-MAX($K9,46143))),"") | AU9: =IFERROR(IF(OR($A9="",$E9="Canceled"),"",MAX(0,MIN($L9,46204)-MAX($K9,46174))),"") | AV9: =IFERROR(IF(OR($A9="",$E9="Canceled"),"",MAX(0,MIN($L9,46235)-MAX($K9,46204))),"") | AW9: =IFERROR(IF(OR($A9="",$E9="Canceled"),"",MAX(0,MIN($L9,46266)-MAX($K9,46235))),"") | AX9: =IFERROR(IF(OR($A9="",$E9="Canceled"),"",MAX(0,MIN($L9,46296)-MAX($K9,46266))),"") | AY9: =IFERROR(IF(OR($A9="",$E9="Canceled"),"",MAX(0,MIN($L9,46327)-MAX($K9,46296))),"") | AZ9: =IFERROR(IF(OR($A9="",$E9="Canceled"),"",MAX(0,MIN($L9,46357)-MAX($K9,46327))),"") | BA9: =IFERROR(IF(OR($A9="",$E9="Canceled"),"",MAX(0,MIN($L9,46388)-MAX($K9,46357))),"") | BB9: =IFERROR(IF(AND($A9<>"",$K9=TODAY(),$E9<>"Canceled"),COUNTIFS($K$5:$K$9,TODAY(),$E$5:$E$9,"<>Canceled"),""),"") | BC9: =IFERROR(IF(AND($A9<>"",$K9>=TODAY(),$E9<>"Canceled"),COUNTIFS($K$5:$K$104,"<"&$K9,$E$5:$E$104,"<>Canceled")+COUNTIFS($K$5:$K$9,$K9,$E$5:$E$9,"<>Canceled"),""),"") | BD9: =IFERROR(IF(AND($A9<>"",$E9<>"Canceled",$AE9>0,$K9>=TODAY(),$K9<=TODAY()+'Property Setup'!$B$7),COUNTIFS($AE$5:$AE$9,">0",$K$5:$K$9,">="&TODAY(),$K$5:$K$9,"<="&TODAY()+'Property Setup'!$B$7),""),"")
A10: VR-2026-006 | B10: OR-99102 | C10: Aspen View Ski Condo | D10: Owner Referral | E10: Tentative | F10: 46267 | G10: Mason | H10: Davis | I10: mason.davis@example.com | J10: (555) 310-1006 | K10: 46296 | L10: 46301 | M10: =IFERROR(IF($A10="","",MAX(0,$L10-$K10)),"") | N10: 4 | O10: 2 | P10: =IFERROR(IF($A10="","",$N10+$O10),"") | Q10: =IFERROR(IF($C10="","",VLOOKUP($C10,'Property Setup'!$B$13:$L$21,11,0)),"") | R10: =IFERROR(IF($C10="","",IF($P10>$Q10,"Review Guest Count","Within Limit")),"") | S10: 510 | T10: =IFERROR(IF($A10="","",$M10*$S10),"") | U10: 210 | V10: 0 | W10: 0 | X10: =IFERROR(IF($A10="","",MAX(0,$T10-$W10+IF(VLOOKUP($C10,'Property Setup'!$B$13:$R$21,17,0)="Yes",$U10,0))),"") | Y10: =IFERROR(IF($C10="","",VLOOKUP($C10,'Property Setup'!$B$13:$S$21,18,0)),"") | Z10: =IFERROR(IF($A10="","",$X10*$Y10),"") | AA10: =IFERROR(IF($C10="","",VLOOKUP($C10,'Property Setup'!$B$13:$T$21,19,0)),"") | AB10: =IFERROR(IF($A10="","",MAX(0,$T10-$W10)*$AA10),"") | AC10: =IFERROR(IF($A10="","",$T10+$U10+$V10-$W10+$Z10+$AB10),"") | AD10: 500 | AE10: =IFERROR(IF($A10="","",MAX(0,$AC10-$AD10)),"") | AF10: 46283 | AG10: =IFERROR(IF($A10="","",IF($E10="Canceled","Canceled",IF($AE10=0,"Paid",IF(AND($AF10<TODAY(),$AE10>0),"Past Due",IF($AD10>0,"Partially Paid","Unpaid"))))),"") | AH10: =IFERROR(IF($A10="","",$K10-TODAY()),"") | AI10: 0.66666667 | AJ10: 0.41666667 | AK10: Not Needed | AL10: Considering equipment rental. | AM10: Tentative hold. | AN10: =IFERROR(IF(OR($A10="",$E10="Canceled"),"",MAX(0,MIN($L10,EOMONTH(TODAY(),0)+1)-MAX($K10,EOMONTH(TODAY(),-1)+1))),"") | AO10: =IFERROR(IF(OR($A10="",$AN10=0),"",$AN10*$S10),"") | AP10: =IFERROR(IF(OR($A10="",$E10="Canceled"),"",MAX(0,MIN($L10,46054)-MAX($K10,46023))),"") | AQ10: =IFERROR(IF(OR($A10="",$E10="Canceled"),"",MAX(0,MIN($L10,46082)-MAX($K10,46054))),"") | AR10: =IFERROR(IF(OR($A10="",$E10="Canceled"),"",MAX(0,MIN($L10,46113)-MAX($K10,46082))),"") | AS10: =IFERROR(IF(OR($A10="",$E10="Canceled"),"",MAX(0,MIN($L10,46143)-MAX($K10,46113))),"") | AT10: =IFERROR(IF(OR($A10="",$E10="Canceled"),"",MAX(0,MIN($L10,46174)-MAX($K10,46143))),"") | AU10: =IFERROR(IF(OR($A10="",$E10="Canceled"),"",MAX(0,MIN($L10,46204)-MAX($K10,46174))),"") | AV10: =IFERROR(IF(OR($A10="",$E10="Canceled"),"",MAX(0,MIN($L10,46235)-MAX($K10,46204))),"") | AW10: =IFERROR(IF(OR($A10="",$E10="Canceled"),"",MAX(0,MIN($L10,46266)-MAX($K10,46235))),"") | AX10: =IFERROR(IF(OR($A10="",$E10="Canceled"),"",MAX(0,MIN($L10,46296)-MAX($K10,46266))),"") | AY10: =IFERROR(IF(OR($A10="",$E10="Canceled"),"",MAX(0,MIN($L10,46327)-MAX($K10,46296))),"") | AZ10: =IFERROR(IF(OR($A10="",$E10="Canceled"),"",MAX(0,MIN($L10,46357)-MAX($K10,46327))),"") | BA10: =IFERROR(IF(OR($A10="",$E10="Canceled"),"",MAX(0,MIN($L10,46388)-MAX($K10,46357))),"") | BB10: =IFERROR(IF(AND($A10<>"",$K10=TODAY(),$E10<>"Canceled"),COUNTIFS($K$5:$K$10,TODAY(),$E$5:$E$10,"<>Canceled"),""),"") | BC10: =IFERROR(IF(AND($A10<>"",$K10>=TODAY(),$E10<>"Canceled"),COUNTIFS($K$5:$K$104,"<"&$K10,$E$5:$E$104,"<>Canceled")+COUNTIFS($K$5:$K$10,$K10,$E$5:$E$10,"<>Canceled"),""),"") | BD10: =IFERROR(IF(AND($A10<>"",$E10<>"Canceled",$AE10>0,$K10>=TODAY(),$K10<=TODAY()+'Property Setup'!$B$7),COUNTIFS($AE$5:$AE$10,">0",$K$5:$K$10,">="&TODAY(),$K$5:$K$10,"<="&TODAY()+'Property Setup'!$B$7),""),"")
A11: VR-2026-007 | B11: AB-82099 | C11: Pine Harbor Coastal Cottage | D11: Airbnb | E11: Canceled | F11: 46241 | G11: Sophia | H11: Anderson | I11: sophia.anderson@example.com | J11: (555) 310-1007 | K11: 46286 | L11: 46290 | M11: =IFERROR(IF($A11="","",MAX(0,$L11-$K11)),"") | N11: 2 | O11: 0 | P11: =IFERROR(IF($A11="","",$N11+$O11),"") | Q11: =IFERROR(IF($C11="","",VLOOKUP($C11,'Property Setup'!$B$13:$L$21,11,0)),"") | R11: =IFERROR(IF($C11="","",IF($P11>$Q11,"Review Guest Count","Within Limit")),"") | S11: 310 | T11: =IFERROR(IF($A11="","",$M11*$S11),"") | U11: 155 | V11: 0 | W11: 0 | X11: =IFERROR(IF($A11="","",MAX(0,$T11-$W11+IF(VLOOKUP($C11,'Property Setup'!$B$13:$R$21,17,0)="Yes",$U11,0))),"") | Y11: =IFERROR(IF($C11="","",VLOOKUP($C11,'Property Setup'!$B$13:$S$21,18,0)),"") | Z11: =IFERROR(IF($A11="","",$X11*$Y11),"") | AA11: =IFERROR(IF($C11="","",VLOOKUP($C11,'Property Setup'!$B$13:$T$21,19,0)),"") | AB11: =IFERROR(IF($A11="","",MAX(0,$T11-$W11)*$AA11),"") | AC11: =IFERROR(IF($A11="","",$T11+$U11+$V11-$W11+$Z11+$AB11),"") | AD11: 0 | AE11: =IFERROR(IF($A11="","",MAX(0,$AC11-$AD11)),"") | AF11: 46263 | AG11: =IFERROR(IF($A11="","",IF($E11="Canceled","Canceled",IF($AE11=0,"Paid",IF(AND($AF11<TODAY(),$AE11>0),"Past Due",IF($AD11>0,"Partially Paid","Unpaid"))))),"") | AH11: =IFERROR(IF($A11="","",$K11-TODAY()),"") | AI11: 0.625 | AJ11: 0.41666667 | AK11: Not Needed | AL11: Canceled travel plans. | AM11: Canceled reservation. | AN11: =IFERROR(IF(OR($A11="",$E11="Canceled"),"",MAX(0,MIN($L11,EOMONTH(TODAY(),0)+1)-MAX($K11,EOMONTH(TODAY(),-1)+1))),"") | AO11: =IFERROR(IF(OR($A11="",$AN11=0),"",$AN11*$S11),"") | AP11: =IFERROR(IF(OR($A11="",$E11="Canceled"),"",MAX(0,MIN($L11,46054)-MAX($K11,46023))),"") | AQ11: =IFERROR(IF(OR($A11="",$E11="Canceled"),"",MAX(0,MIN($L11,46082)-MAX($K11,46054))),"") | AR11: =IFERROR(IF(OR($A11="",$E11="Canceled"),"",MAX(0,MIN($L11,46113)-MAX($K11,46082))),"") | AS11: =IFERROR(IF(OR($A11="",$E11="Canceled"),"",MAX(0,MIN($L11,46143)-MAX($K11,46113))),"") | AT11: =IFERROR(IF(OR($A11="",$E11="Canceled"),"",MAX(0,MIN($L11,46174)-MAX($K11,46143))),"") | AU11: =IFERROR(IF(OR($A11="",$E11="Canceled"),"",MAX(0,MIN($L11,46204)-MAX($K11,46174))),"") | AV11: =IFERROR(IF(OR($A11="",$E11="Canceled"),"",MAX(0,MIN($L11,46235)-MAX($K11,46204))),"") | AW11: =IFERROR(IF(OR($A11="",$E11="Canceled"),"",MAX(0,MIN($L11,46266)-MAX($K11,46235))),"") | AX11: =IFERROR(IF(OR($A11="",$E11="Canceled"),"",MAX(0,MIN($L11,46296)-MAX($K11,46266))),"") | AY11: =IFERROR(IF(OR($A11="",$E11="Canceled"),"",MAX(0,MIN($L11,46327)-MAX($K11,46296))),"") | AZ11: =IFERROR(IF(OR($A11="",$E11="Canceled"),"",MAX(0,MIN($L11,46357)-MAX($K11,46327))),"") | BA11: =IFERROR(IF(OR($A11="",$E11="Canceled"),"",MAX(0,MIN($L11,46388)-MAX($K11,46357))),"") | BB11: =IFERROR(IF(AND($A11<>"",$K11=TODAY(),$E11<>"Canceled"),COUNTIFS($K$5:$K$11,TODAY(),$E$5:$E$11,"<>Canceled"),""),"") | BC11: =IFERROR(IF(AND($A11<>"",$K11>=TODAY(),$E11<>"Canceled"),COUNTIFS($K$5:$K$104,"<"&$K11,$E$5:$E$104,"<>Canceled")+COUNTIFS($K$5:$K$11,$K11,$E$5:$E$11,"<>Canceled"),""),"") | BD11: =IFERROR(IF(AND($A11<>"",$E11<>"Canceled",$AE11>0,$K11>=TODAY(),$K11<=TODAY()+'Property Setup'!$B$7),COUNTIFS($AE$5:$AE$11,">0",$K$5:$K$11,">="&TODAY(),$K$5:$K$11,"<="&TODAY()+'Property Setup'!$B$7),""),"")
A12: VR-2026-008 | B12: VB-77330 | C12: Cypress Hill Country Home | D12: Vrbo | E12: Confirmed | F12: 46239 | G12: Ethan | H12: Robinson | I12: ethan.robinson@example.com | K12: 46275 | L12: 46279 | M12: =IFERROR(IF($A12="","",MAX(0,$L12-$K12)),"") | N12: 4 | O12: 2 | P12: =IFERROR(IF($A12="","",$N12+$O12),"") | Q12: =IFERROR(IF($C12="","",VLOOKUP($C12,'Property Setup'!$B$13:$L$21,11,0)),"") | R12: =IFERROR(IF($C12="","",IF($P12>$Q12,"Review Guest Count","Within Limit")),"") | S12: 360 | T12: =IFERROR(IF($A12="","",$M12*$S12),"") | U12: 190 | V12: 40 | W12: 0 | X12: =IFERROR(IF($A12="","",MAX(0,$T12-$W12+IF(VLOOKUP($C12,'Property Setup'!$B$13:$R$21,17,0)="Yes",$U12,0))),"") | Y12: =IFERROR(IF($C12="","",VLOOKUP($C12,'Property Setup'!$B$13:$S$21,18,0)),"") | Z12: =IFERROR(IF($A12="","",$X12*$Y12),"") | AA12: =IFERROR(IF($C12="","",VLOOKUP($C12,'Property Setup'!$B$13:$T$21,19,0)),"") | AB12: =IFERROR(IF($A12="","",MAX(0,$T12-$W12)*$AA12),"") | AC12: =IFERROR(IF($A12="","",$T12+$U12+$V12-$W12+$Z12+$AB12),"") | AD12: 1500 | AE12: =IFERROR(IF($A12="","",MAX(0,$AC12-$AD12)),"") | AF12: 46268 | AG12: =IFERROR(IF($A12="","",IF($E12="Canceled","Canceled",IF($AE12=0,"Paid",IF(AND($AF12<TODAY(),$AE12>0),"Past Due",IF($AD12>0,"Partially Paid","Unpaid"))))),"") | AH12: =IFERROR(IF($A12="","",$K12-TODAY()),"") | AI12: 0.66666667 | AJ12: 0.45833333 | AK12: Yes | AL12: Anniversary trip. | AM12: Phone number pending. | AN12: =IFERROR(IF(OR($A12="",$E12="Canceled"),"",MAX(0,MIN($L12,EOMONTH(TODAY(),0)+1)-MAX($K12,EOMONTH(TODAY(),-1)+1))),"") | AO12: =IFERROR(IF(OR($A12="",$AN12=0),"",$AN12*$S12),"") | AP12: =IFERROR(IF(OR($A12="",$E12="Canceled"),"",MAX(0,MIN($L12,46054)-MAX($K12,46023))),"") | AQ12: =IFERROR(IF(OR($A12="",$E12="Canceled"),"",MAX(0,MIN($L12,46082)-MAX($K12,46054))),"") | AR12: =IFERROR(IF(OR($A12="",$E12="Canceled"),"",MAX(0,MIN($L12,46113)-MAX($K12,46082))),"") | AS12: =IFERROR(IF(OR($A12="",$E12="Canceled"),"",MAX(0,MIN($L12,46143)-MAX($K12,46113))),"") | AT12: =IFERROR(IF(OR($A12="",$E12="Canceled"),"",MAX(0,MIN($L12,46174)-MAX($K12,46143))),"") | AU12: =IFERROR(IF(OR($A12="",$E12="Canceled"),"",MAX(0,MIN($L12,46204)-MAX($K12,46174))),"") | AV12: =IFERROR(IF(OR($A12="",$E12="Canceled"),"",MAX(0,MIN($L12,46235)-MAX($K12,46204))),"") | AW12: =IFERROR(IF(OR($A12="",$E12="Canceled"),"",MAX(0,MIN($L12,46266)-MAX($K12,46235))),"") | AX12: =IFERROR(IF(OR($A12="",$E12="Canceled"),"",MAX(0,MIN($L12,46296)-MAX($K12,46266))),"") | AY12: =IFERROR(IF(OR($A12="",$E12="Canceled"),"",MAX(0,MIN($L12,46327)-MAX($K12,46296))),"") | AZ12: =IFERROR(IF(OR($A12="",$E12="Canceled"),"",MAX(0,MIN($L12,46357)-MAX($K12,46327))),"") | BA12: =IFERROR(IF(OR($A12="",$E12="Canceled"),"",MAX(0,MIN($L12,46388)-MAX($K12,46357))),"") | BB12: =IFERROR(IF(AND($A12<>"",$K12=TODAY(),$E12<>"Canceled"),COUNTIFS($K$5:$K$12,TODAY(),$E$5:$E$12,"<>Canceled"),""),"") | BC12: =IFERROR(IF(AND($A12<>"",$K12>=TODAY(),$E12<>"Canceled"),COUNTIFS($K$5:$K$104,"<"&$K12,$E$5:$E$104,"<>Canceled")+COUNTIFS($K$5:$K$12,$K12,$E$5:$E$12,"<>Canceled"),""),"") | BD12: =IFERROR(IF(AND($A12<>"",$E12<>"Canceled",$AE12>0,$K12>=TODAY(),$K12<=TODAY()+'Property Setup'!$B$7),COUNTIFS($AE$5:$AE$12,">0",$K$5:$K$12,">="&TODAY(),$K$5:$K$12,"<="&TODAY()+'Property Setup'!$B$7),""),"")
A13: VR-2026-009 | B13: TA-60212 | C13: Mission Bay Urban Loft | D13: Travel Advisor | E13: Confirmed | F13: 46261 | G13: Isabella | H13: Clark | I13: isabella.clark@example.com | J13: (555) 310-1009 | K13: 46272 | L13: 46275 | M13: =IFERROR(IF($A13="","",MAX(0,$L13-$K13)),"") | N13: 2 | O13: 0 | P13: =IFERROR(IF($A13="","",$N13+$O13),"") | Q13: =IFERROR(IF($C13="","",VLOOKUP($C13,'Property Setup'!$B$13:$L$21,11,0)),"") | R13: =IFERROR(IF($C13="","",IF($P13>$Q13,"Review Guest Count","Within Limit")),"") | S13: 245 | T13: =IFERROR(IF($A13="","",$M13*$S13),"") | U13: 120 | V13: 55 | W13: 0 | X13: =IFERROR(IF($A13="","",MAX(0,$T13-$W13+IF(VLOOKUP($C13,'Property Setup'!$B$13:$R$21,17,0)="Yes",$U13,0))),"") | Y13: =IFERROR(IF($C13="","",VLOOKUP($C13,'Property Setup'!$B$13:$S$21,18,0)),"") | Z13: =IFERROR(IF($A13="","",$X13*$Y13),"") | AA13: =IFERROR(IF($C13="","",VLOOKUP($C13,'Property Setup'!$B$13:$T$21,19,0)),"") | AB13: =IFERROR(IF($A13="","",MAX(0,$T13-$W13)*$AA13),"") | AC13: =IFERROR(IF($A13="","",$T13+$U13+$V13-$W13+$Z13+$AB13),"") | AD13: 400 | AE13: =IFERROR(IF($A13="","",MAX(0,$AC13-$AD13)),"") | AF13: 46271 | AG13: =IFERROR(IF($A13="","",IF($E13="Canceled","Canceled",IF($AE13=0,"Paid",IF(AND($AF13<TODAY(),$AE13>0),"Past Due",IF($AD13>0,"Partially Paid","Unpaid"))))),"") | AH13: =IFERROR(IF($A13="","",$K13-TODAY()),"") | AI13: 0.625 | AJ13: 0.45833333 | AK13: No | AL13: Requests quiet-side unit. | AM13: Access instructions pending. | AN13: =IFERROR(IF(OR($A13="",$E13="Canceled"),"",MAX(0,MIN($L13,EOMONTH(TODAY(),0)+1)-MAX($K13,EOMONTH(TODAY(),-1)+1))),"") | AO13: =IFERROR(IF(OR($A13="",$AN13=0),"",$AN13*$S13),"") | AP13: =IFERROR(IF(OR($A13="",$E13="Canceled"),"",MAX(0,MIN($L13,46054)-MAX($K13,46023))),"") | AQ13: =IFERROR(IF(OR($A13="",$E13="Canceled"),"",MAX(0,MIN($L13,46082)-MAX($K13,46054))),"") | AR13: =IFERROR(IF(OR($A13="",$E13="Canceled"),"",MAX(0,MIN($L13,46113)-MAX($K13,46082))),"") | AS13: =IFERROR(IF(OR($A13="",$E13="Canceled"),"",MAX(0,MIN($L13,46143)-MAX($K13,46113))),"") | AT13: =IFERROR(IF(OR($A13="",$E13="Canceled"),"",MAX(0,MIN($L13,46174)-MAX($K13,46143))),"") | AU13: =IFERROR(IF(OR($A13="",$E13="Canceled"),"",MAX(0,MIN($L13,46204)-MAX($K13,46174))),"") | AV13: =IFERROR(IF(OR($A13="",$E13="Canceled"),"",MAX(0,MIN($L13,46235)-MAX($K13,46204))),"") | AW13: =IFERROR(IF(OR($A13="",$E13="Canceled"),"",MAX(0,MIN($L13,46266)-MAX($K13,46235))),"") | AX13: =IFERROR(IF(OR($A13="",$E13="Canceled"),"",MAX(0,MIN($L13,46296)-MAX($K13,46266))),"") | AY13: =IFERROR(IF(OR($A13="",$E13="Canceled"),"",MAX(0,MIN($L13,46327)-MAX($K13,46296))),"") | AZ13: =IFERROR(IF(OR($A13="",$E13="Canceled"),"",MAX(0,MIN($L13,46357)-MAX($K13,46327))),"") | BA13: =IFERROR(IF(OR($A13="",$E13="Canceled"),"",MAX(0,MIN($L13,46388)-MAX($K13,46357))),"") | BB13: =IFERROR(IF(AND($A13<>"",$K13=TODAY(),$E13<>"Canceled"),COUNTIFS($K$5:$K$13,TODAY(),$E$5:$E$13,"<>Canceled"),""),"") | BC13: =IFERROR(IF(AND($A13<>"",$K13>=TODAY(),$E13<>"Canceled"),COUNTIFS($K$5:$K$104,"<"&$K13,$E$5:$E$104,"<>Canceled")+COUNTIFS($K$5:$K$13,$K13,$E$5:$E$13,"<>Canceled"),""),"") | BD13: =IFERROR(IF(AND($A13<>"",$E13<>"Canceled",$AE13>0,$K13>=TODAY(),$K13<=TODAY()+'Property Setup'!$B$7),COUNTIFS($AE$5:$AE$13,">0",$K$5:$K$13,">="&TODAY(),$K$5:$K$13,"<="&TODAY()+'Property Setup'!$B$7),""),"")
M14: =IFERROR(IF($A14="","",MAX(0,$L14-$K14)),"") | P14: =IFERROR(IF($A14="","",$N14+$O14),"") | Q14: =IFERROR(IF($C14="","",VLOOKUP($C14,'Property Setup'!$B$13:$L$21,11,0)),"") | R14: =IFERROR(IF($C14="","",IF($P14>$Q14,"Review Guest Count","Within Limit")),"") | T14: =IFERROR(IF($A14="","",$M14*$S14),"") | X14: =IFERROR(IF($A14="","",MAX(0,$T14-$W14+IF(VLOOKUP($C14,'Property Setup'!$B$13:$R$21,17,0)="Yes",$U14,0))),"") | Y14: =IFERROR(IF($C14="","",VLOOKUP($C14,'Property Setup'!$B$13:$S$21,18,0)),"") | Z14: =IFERROR(IF($A14="","",$X14*$Y14),"") | AA14: =IFERROR(IF($C14="","",VLOOKUP($C14,'Property Setup'!$B$13:$T$21,19,0)),"") | AB14: =IFERROR(IF($A14="","",MAX(0,$T14-$W14)*$AA14),"") | AC14: =IFERROR(IF($A14="","",$T14+$U14+$V14-$W14+$Z14+$AB14),"") | AE14: =IFERROR(IF($A14="","",MAX(0,$AC14-$AD14)),"") | AG14: =IFERROR(IF($A14="","",IF($E14="Canceled","Canceled",IF($AE14=0,"Paid",IF(AND($AF14<TODAY(),$AE14>0),"Past Due",IF($AD14>0,"Partially Paid","Unpaid"))))),"") | AH14: =IFERROR(IF($A14="","",$K14-TODAY()),"") | AN14: =IFERROR(IF(OR($A14="",$E14="Canceled"),"",MAX(0,MIN($L14,EOMONTH(TODAY(),0)+1)-MAX($K14,EOMONTH(TODAY(),-1)+1))),"") | AO14: =IFERROR(IF(OR($A14="",$AN14=0),"",$AN14*$S14),"") | AP14: =IFERROR(IF(OR($A14="",$E14="Canceled"),"",MAX(0,MIN($L14,46054)-MAX($K14,46023))),"") | AQ14: =IFERROR(IF(OR($A14="",$E14="Canceled"),"",MAX(0,MIN($L14,46082)-MAX($K14,46054))),"") | AR14: =IFERROR(IF(OR($A14="",$E14="Canceled"),"",MAX(0,MIN($L14,46113)-MAX($K14,46082))),"") | AS14: =IFERROR(IF(OR($A14="",$E14="Canceled"),"",MAX(0,MIN($L14,46143)-MAX($K14,46113))),"") | AT14: =IFERROR(IF(OR($A14="",$E14="Canceled"),"",MAX(0,MIN($L14,46174)-MAX($K14,46143))),"") | AU14: =IFERROR(IF(OR($A14="",$E14="Canceled"),"",MAX(0,MIN($L14,46204)-MAX($K14,46174))),"") | AV14: =IFERROR(IF(OR($A14="",$E14="Canceled"),"",MAX(0,MIN($L14,46235)-MAX($K14,46204))),"") | AW14: =IFERROR(IF(OR($A14="",$E14="Canceled"),"",MAX(0,MIN($L14,46266)-MAX($K14,46235))),"") | AX14: =IFERROR(IF(OR($A14="",$E14="Canceled"),"",MAX(0,MIN($L14,46296)-MAX($K14,46266))),"") | AY14: =IFERROR(IF(OR($A14="",$E14="Canceled"),"",MAX(0,MIN($L14,46327)-MAX($K14,46296))),"") | AZ14: =IFERROR(IF(OR($A14="",$E14="Canceled"),"",MAX(0,MIN($L14,46357)-MAX($K14,46327))),"") | BA14: =IFERROR(IF(OR($A14="",$E14="Canceled"),"",MAX(0,MIN($L14,46388)-MAX($K14,46357))),"") | BB14: =IFERROR(IF(AND($A14<>"",$K14=TODAY(),$E14<>"Canceled"),COUNTIFS($K$5:$K$14,TODAY(),$E$5:$E$14,"<>Canceled"),""),"") | BC14: =IFERROR(IF(AND($A14<>"",$K14>=TODAY(),$E14<>"Canceled"),COUNTIFS($K$5:$K$104,"<"&$K14,$E$5:$E$104,"<>Canceled")+COUNTIFS($K$5:$K$14,$K14,$E$5:$E$14,"<>Canceled"),""),"") | BD14: =IFERROR(IF(AND($A14<>"",$E14<>"Canceled",$AE14>0,$K14>=TODAY(),$K14<=TODAY()+'Property Setup'!$B$7),COUNTIFS($AE$5:$AE$14,">0",$K$5:$K$14,">="&TODAY(),$K$5:$K$14,"<="&TODAY()+'Property Setup'!$B$7),""),"")
M15: =IFERROR(IF($A15="","",MAX(0,$L15-$K15)),"") | P15: =IFERROR(IF($A15="","",$N15+$O15),"") | Q15: =IFERROR(IF($C15="","",VLOOKUP($C15,'Property Setup'!$B$13:$L$21,11,0)),"") | R15: =IFERROR(IF($C15="","",IF($P15>$Q15,"Review Guest Count","Within Limit")),"") | T15: =IFERROR(IF($A15="","",$M15*$S15),"") | X15: =IFERROR(IF($A15="","",MAX(0,$T15-$W15+IF(VLOOKUP($C15,'Property Setup'!$B$13:$R$21,17,0)="Yes",$U15,0))),"") | Y15: =IFERROR(IF($C15="","",VLOOKUP($C15,'Property Setup'!$B$13:$S$21,18,0)),"") | Z15: =IFERROR(IF($A15="","",$X15*$Y15),"") | AA15: =IFERROR(IF($C15="","",VLOOKUP($C15,'Property Setup'!$B$13:$T$21,19,0)),"") | AB15: =IFERROR(IF($A15="","",MAX(0,$T15-$W15)*$AA15),"") | AC15: =IFERROR(IF($A15="","",$T15+$U15+$V15-$W15+$Z15+$AB15),"") | AE15: =IFERROR(IF($A15="","",MAX(0,$AC15-$AD15)),"") | AG15: =IFERROR(IF($A15="","",IF($E15="Canceled","Canceled",IF($AE15=0,"Paid",IF(AND($AF15<TODAY(),$AE15>0),"Past Due",IF($AD15>0,"Partially Paid","Unpaid"))))),"") | AH15: =IFERROR(IF($A15="","",$K15-TODAY()),"") | AN15: =IFERROR(IF(OR($A15="",$E15="Canceled"),"",MAX(0,MIN($L15,EOMONTH(TODAY(),0)+1)-MAX($K15,EOMONTH(TODAY(),-1)+1))),"") | AO15: =IFERROR(IF(OR($A15="",$AN15=0),"",$AN15*$S15),"") | AP15: =IFERROR(IF(OR($A15="",$E15="Canceled"),"",MAX(0,MIN($L15,46054)-MAX($K15,46023))),"") | AQ15: =IFERROR(IF(OR($A15="",$E15="Canceled"),"",MAX(0,MIN($L15,46082)-MAX($K15,46054))),"") | AR15: =IFERROR(IF(OR($A15="",$E15="Canceled"),"",MAX(0,MIN($L15,46113)-MAX($K15,46082))),"") | AS15: =IFERROR(IF(OR($A15="",$E15="Canceled"),"",MAX(0,MIN($L15,46143)-MAX($K15,46113))),"") | AT15: =IFERROR(IF(OR($A15="",$E15="Canceled"),"",MAX(0,MIN($L15,46174)-MAX($K15,46143))),"") | AU15: =IFERROR(IF(OR($A15="",$E15="Canceled"),"",MAX(0,MIN($L15,46204)-MAX($K15,46174))),"") | AV15: =IFERROR(IF(OR($A15="",$E15="Canceled"),"",MAX(0,MIN($L15,46235)-MAX($K15,46204))),"") | AW15: =IFERROR(IF(OR($A15="",$E15="Canceled"),"",MAX(0,MIN($L15,46266)-MAX($K15,46235))),"") | AX15: =IFERROR(IF(OR($A15="",$E15="Canceled"),"",MAX(0,MIN($L15,46296)-MAX($K15,46266))),"") | AY15: =IFERROR(IF(OR($A15="",$E15="Canceled"),"",MAX(0,MIN($L15,46327)-MAX($K15,46296))),"") | AZ15: =IFERROR(IF(OR($A15="",$E15="Canceled"),"",MAX(0,MIN($L15,46357)-MAX($K15,46327))),"") | BA15: =IFERROR(IF(OR($A15="",$E15="Canceled"),"",MAX(0,MIN($L15,46388)-MAX($K15,46357))),"") | BB15: =IFERROR(IF(AND($A15<>"",$K15=TODAY(),$E15<>"Canceled"),COUNTIFS($K$5:$K$15,TODAY(),$E$5:$E$15,"<>Canceled"),""),"") | BC15: =IFERROR(IF(AND($A15<>"",$K15>=TODAY(),$E15<>"Canceled"),COUNTIFS($K$5:$K$104,"<"&$K15,$E$5:$E$104,"<>Canceled")+COUNTIFS($K$5:$K$15,$K15,$E$5:$E$15,"<>Canceled"),""),"") | BD15: =IFERROR(IF(AND($A15<>"",$E15<>"Canceled",$AE15>0,$K15>=TODAY(),$K15<=TODAY()+'Property Setup'!$B$7),COUNTIFS($AE$5:$AE$15,">0",$K$5:$K$15,">="&TODAY(),$K$5:$K$15,"<="&TODAY()+'Property Setup'!$B$7),""),"")
M16: =IFERROR(IF($A16="","",MAX(0,$L16-$K16)),"") | P16: =IFERROR(IF($A16="","",$N16+$O16),"") | Q16: =IFERROR(IF($C16="","",VLOOKUP($C16,'Property Setup'!$B$13:$L$21,11,0)),"") | R16: =IFERROR(IF($C16="","",IF($P16>$Q16,"Review Guest Count","Within Limit")),"") | T16: =IFERROR(IF($A16="","",$M16*$S16),"") | X16: =IFERROR(IF($A16="","",MAX(0,$T16-$W16+IF(VLOOKUP($C16,'Property Setup'!$B$13:$R$21,17,0)="Yes",$U16,0))),"") | Y16: =IFERROR(IF($C16="","",VLOOKUP($C16,'Property Setup'!$B$13:$S$21,18,0)),"") | Z16: =IFERROR(IF($A16="","",$X16*$Y16),"") | AA16: =IFERROR(IF($C16="","",VLOOKUP($C16,'Property Setup'!$B$13:$T$21,19,0)),"") | AB16: =IFERROR(IF($A16="","",MAX(0,$T16-$W16)*$AA16),"") | AC16: =IFERROR(IF($A16="","",$T16+$U16+$V16-$W16+$Z16+$AB16),"") | AE16: =IFERROR(IF($A16="","",MAX(0,$AC16-$AD16)),"") | AG16: =IFERROR(IF($A16="","",IF($E16="Canceled","Canceled",IF($AE16=0,"Paid",IF(AND($AF16<TODAY(),$AE16>0),"Past Due",IF($AD16>0,"Partially Paid","Unpaid"))))),"") | AH16: =IFERROR(IF($A16="","",$K16-TODAY()),"") | AN16: =IFERROR(IF(OR($A16="",$E16="Canceled"),"",MAX(0,MIN($L16,EOMONTH(TODAY(),0)+1)-MAX($K16,EOMONTH(TODAY(),-1)+1))),"") | AO16: =IFERROR(IF(OR($A16="",$AN16=0),"",$AN16*$S16),"") | AP16: =IFERROR(IF(OR($A16="",$E16="Canceled"),"",MAX(0,MIN($L16,46054)-MAX($K16,46023))),"") | AQ16: =IFERROR(IF(OR($A16="",$E16="Canceled"),"",MAX(0,MIN($L16,46082)-MAX($K16,46054))),"") | AR16: =IFERROR(IF(OR($A16="",$E16="Canceled"),"",MAX(0,MIN($L16,46113)-MAX($K16,46082))),"") | AS16: =IFERROR(IF(OR($A16="",$E16="Canceled"),"",MAX(0,MIN($L16,46143)-MAX($K16,46113))),"") | AT16: =IFERROR(IF(OR($A16="",$E16="Canceled"),"",MAX(0,MIN($L16,46174)-MAX($K16,46143))),"") | AU16: =IFERROR(IF(OR($A16="",$E16="Canceled"),"",MAX(0,MIN($L16,46204)-MAX($K16,46174))),"") | AV16: =IFERROR(IF(OR($A16="",$E16="Canceled"),"",MAX(0,MIN($L16,46235)-MAX($K16,46204))),"") | AW16: =IFERROR(IF(OR($A16="",$E16="Canceled"),"",MAX(0,MIN($L16,46266)-MAX($K16,46235))),"") | AX16: =IFERROR(IF(OR($A16="",$E16="Canceled"),"",MAX(0,MIN($L16,46296)-MAX($K16,46266))),"") | AY16: =IFERROR(IF(OR($A16="",$E16="Canceled"),"",MAX(0,MIN($L16,46327)-MAX($K16,46296))),"") | AZ16: =IFERROR(IF(OR($A16="",$E16="Canceled"),"",MAX(0,MIN($L16,46357)-MAX($K16,46327))),"") | BA16: =IFERROR(IF(OR($A16="",$E16="Canceled"),"",MAX(0,MIN($L16,46388)-MAX($K16,46357))),"") | BB16: =IFERROR(IF(AND($A16<>"",$K16=TODAY(),$E16<>"Canceled"),COUNTIFS($K$5:$K$16,TODAY(),$E$5:$E$16,"<>Canceled"),""),"") | BC16: =IFERROR(IF(AND($A16<>"",$K16>=TODAY(),$E16<>"Canceled"),COUNTIFS($K$5:$K$104,"<"&$K16,$E$5:$E$104,"<>Canceled")+COUNTIFS($K$5:$K$16,$K16,$E$5:$E$16,"<>Canceled"),""),"") | BD16: =IFERROR(IF(AND($A16<>"",$E16<>"Canceled",$AE16>0,$K16>=TODAY(),$K16<=TODAY()+'Property Setup'!$B$7),COUNTIFS($AE$5:$AE$16,">0",$K$5:$K$16,">="&TODAY(),$K$5:$K$16,"<="&TODAY()+'Property Setup'!$B$7),""),"")
M17: =IFERROR(IF($A17="","",MAX(0,$L17-$K17)),"") | P17: =IFERROR(IF($A17="","",$N17+$O17),"") | Q17: =IFERROR(IF($C17="","",VLOOKUP($C17,'Property Setup'!$B$13:$L$21,11,0)),"") | R17: =IFERROR(IF($C17="","",IF($P17>$Q17,"Review Guest Count","Within Limit")),"") | T17: =IFERROR(IF($A17="","",$M17*$S17),"") | X17: =IFERROR(IF($A17="","",MAX(0,$T17-$W17+IF(VLOOKUP($C17,'Property Setup'!$B$13:$R$21,17,0)="Yes",$U17,0))),"") | Y17: =IFERROR(IF($C17="","",VLOOKUP($C17,'Property Setup'!$B$13:$S$21,18,0)),"") | Z17: =IFERROR(IF($A17="","",$X17*$Y17),"") | AA17: =IFERROR(IF($C17="","",VLOOKUP($C17,'Property Setup'!$B$13:$T$21,19,0)),"") | AB17: =IFERROR(IF($A17="","",MAX(0,$T17-$W17)*$AA17),"") | AC17: =IFERROR(IF($A17="","",$T17+$U17+$V17-$W17+$Z17+$AB17),"") | AE17: =IFERROR(IF($A17="","",MAX(0,$AC17-$AD17)),"") | AG17: =IFERROR(IF($A17="","",IF($E17="Canceled","Canceled",IF($AE17=0,"Paid",IF(AND($AF17<TODAY(),$AE17>0),"Past Due",IF($AD17>0,"Partially Paid","Unpaid"))))),"") | AH17: =IFERROR(IF($A17="","",$K17-TODAY()),"") | AN17: =IFERROR(IF(OR($A17="",$E17="Canceled"),"",MAX(0,MIN($L17,EOMONTH(TODAY(),0)+1)-MAX($K17,EOMONTH(TODAY(),-1)+1))),"") | AO17: =IFERROR(IF(OR($A17="",$AN17=0),"",$AN17*$S17),"") | AP17: =IFERROR(IF(OR($A17="",$E17="Canceled"),"",MAX(0,MIN($L17,46054)-MAX($K17,46023))),"") | AQ17: =IFERROR(IF(OR($A17="",$E17="Canceled"),"",MAX(0,MIN($L17,46082)-MAX($K17,46054))),"") | AR17: =IFERROR(IF(OR($A17="",$E17="Canceled"),"",MAX(0,MIN($L17,46113)-MAX($K17,46082))),"") | AS17: =IFERROR(IF(OR($A17="",$E17="Canceled"),"",MAX(0,MIN($L17,46143)-MAX($K17,46113))),"") | AT17: =IFERROR(IF(OR($A17="",$E17="Canceled"),"",MAX(0,MIN($L17,46174)-MAX($K17,46143))),"") | AU17: =IFERROR(IF(OR($A17="",$E17="Canceled"),"",MAX(0,MIN($L17,46204)-MAX($K17,46174))),"") | AV17: =IFERROR(IF(OR($A17="",$E17="Canceled"),"",MAX(0,MIN($L17,46235)-MAX($K17,46204))),"") | AW17: =IFERROR(IF(OR($A17="",$E17="Canceled"),"",MAX(0,MIN($L17,46266)-MAX($K17,46235))),"") | AX17: =IFERROR(IF(OR($A17="",$E17="Canceled"),"",MAX(0,MIN($L17,46296)-MAX($K17,46266))),"") | AY17: =IFERROR(IF(OR($A17="",$E17="Canceled"),"",MAX(0,MIN($L17,46327)-MAX($K17,46296))),"") | AZ17: =IFERROR(IF(OR($A17="",$E17="Canceled"),"",MAX(0,MIN($L17,46357)-MAX($K17,46327))),"") | BA17: =IFERROR(IF(OR($A17="",$E17="Canceled"),"",MAX(0,MIN($L17,46388)-MAX($K17,46357))),"") | BB17: =IFERROR(IF(AND($A17<>"",$K17=TODAY(),$E17<>"Canceled"),COUNTIFS($K$5:$K$17,TODAY(),$E$5:$E$17,"<>Canceled"),""),"") | BC17: =IFERROR(IF(AND($A17<>"",$K17>=TODAY(),$E17<>"Canceled"),COUNTIFS($K$5:$K$104,"<"&$K17,$E$5:$E$104,"<>Canceled")+COUNTIFS($K$5:$K$17,$K17,$E$5:$E$17,"<>Canceled"),""),"") | BD17: =IFERROR(IF(AND($A17<>"",$E17<>"Canceled",$AE17>0,$K17>=TODAY(),$K17<=TODAY()+'Property Setup'!$B$7),COUNTIFS($AE$5:$AE$17,">0",$K$5:$K$17,">="&TODAY(),$K$5:$K$17,"<="&TODAY()+'Property Setup'!$B$7),""),"")
M18: =IFERROR(IF($A18="","",MAX(0,$L18-$K18)),"") | P18: =IFERROR(IF($A18="","",$N18+$O18),"") | Q18: =IFERROR(IF($C18="","",VLOOKUP($C18,'Property Setup'!$B$13:$L$21,11,0)),"") | R18: =IFERROR(IF($C18="","",IF($P18>$Q18,"Review Guest Count","Within Limit")),"") | T18: =IFERROR(IF($A18="","",$M18*$S18),"") | X18: =IFERROR(IF($A18="","",MAX(0,$T18-$W18+IF(VLOOKUP($C18,'Property Setup'!$B$13:$R$21,17,0)="Yes",$U18,0))),"") | Y18: =IFERROR(IF($C18="","",VLOOKUP($C18,'Property Setup'!$B$13:$S$21,18,0)),"") | Z18: =IFERROR(IF($A18="","",$X18*$Y18),"") | AA18: =IFERROR(IF($C18="","",VLOOKUP($C18,'Property Setup'!$B$13:$T$21,19,0)),"") | AB18: =IFERROR(IF($A18="","",MAX(0,$T18-$W18)*$AA18),"") | AC18: =IFERROR(IF($A18="","",$T18+$U18+$V18-$W18+$Z18+$AB18),"") | AE18: =IFERROR(IF($A18="","",MAX(0,$AC18-$AD18)),"") | AG18: =IFERROR(IF($A18="","",IF($E18="Canceled","Canceled",IF($AE18=0,"Paid",IF(AND($AF18<TODAY(),$AE18>0),"Past Due",IF($AD18>0,"Partially Paid","Unpaid"))))),"") | AH18: =IFERROR(IF($A18="","",$K18-TODAY()),"") | AN18: =IFERROR(IF(OR($A18="",$E18="Canceled"),"",MAX(0,MIN($L18,EOMONTH(TODAY(),0)+1)-MAX($K18,EOMONTH(TODAY(),-1)+1))),"") | AO18: =IFERROR(IF(OR($A18="",$AN18=0),"",$AN18*$S18),"") | AP18: =IFERROR(IF(OR($A18="",$E18="Canceled"),"",MAX(0,MIN($L18,46054)-MAX($K18,46023))),"") | AQ18: =IFERROR(IF(OR($A18="",$E18="Canceled"),"",MAX(0,MIN($L18,46082)-MAX($K18,46054))),"") | AR18: =IFERROR(IF(OR($A18="",$E18="Canceled"),"",MAX(0,MIN($L18,46113)-MAX($K18,46082))),"") | AS18: =IFERROR(IF(OR($A18="",$E18="Canceled"),"",MAX(0,MIN($L18,46143)-MAX($K18,46113))),"") | AT18: =IFERROR(IF(OR($A18="",$E18="Canceled"),"",MAX(0,MIN($L18,46174)-MAX($K18,46143))),"") | AU18: =IFERROR(IF(OR($A18="",$E18="Canceled"),"",MAX(0,MIN($L18,46204)-MAX($K18,46174))),"") | AV18: =IFERROR(IF(OR($A18="",$E18="Canceled"),"",MAX(0,MIN($L18,46235)-MAX($K18,46204))),"") | AW18: =IFERROR(IF(OR($A18="",$E18="Canceled"),"",MAX(0,MIN($L18,46266)-MAX($K18,46235))),"") | AX18: =IFERROR(IF(OR($A18="",$E18="Canceled"),"",MAX(0,MIN($L18,46296)-MAX($K18,46266))),"") | AY18: =IFERROR(IF(OR($A18="",$E18="Canceled"),"",MAX(0,MIN($L18,46327)-MAX($K18,46296))),"") | AZ18: =IFERROR(IF(OR($A18="",$E18="Canceled"),"",MAX(0,MIN($L18,46357)-MAX($K18,46327))),"") | BA18: =IFERROR(IF(OR($A18="",$E18="Canceled"),"",MAX(0,MIN($L18,46388)-MAX($K18,46357))),"") | BB18: =IFERROR(IF(AND($A18<>"",$K18=TODAY(),$E18<>"Canceled"),COUNTIFS($K$5:$K$18,TODAY(),$E$5:$E$18,"<>Canceled"),""),"") | BC18: =IFERROR(IF(AND($A18<>"",$K18>=TODAY(),$E18<>"Canceled"),COUNTIFS($K$5:$K$104,"<"&$K18,$E$5:$E$104,"<>Canceled")+COUNTIFS($K$5:$K$18,$K18,$E$5:$E$18,"<>Canceled"),""),"") | BD18: =IFERROR(IF(AND($A18<>"",$E18<>"Canceled",$AE18>0,$K18>=TODAY(),$K18<=TODAY()+'Property Setup'!$B$7),COUNTIFS($AE$5:$AE$18,">0",$K$5:$K$18,">="&TODAY(),$K$5:$K$18,"<="&TODAY()+'Property Setup'!$B$7),""),"")
M19: =IFERROR(IF($A19="","",MAX(0,$L19-$K19)),"") | P19: =IFERROR(IF($A19="","",$N19+$O19),"") | Q19: =IFERROR(IF($C19="","",VLOOKUP($C19,'Property Setup'!$B$13:$L$21,11,0)),"") | R19: =IFERROR(IF($C19="","",IF($P19>$Q19,"Review Guest Count","Within Limit")),"") | T19: =IFERROR(IF($A19="","",$M19*$S19),"") | X19: =IFERROR(IF($A19="","",MAX(0,$T19-$W19+IF(VLOOKUP($C19,'Property Setup'!$B$13:$R$21,17,0)="Yes",$U19,0))),"") | Y19: =IFERROR(IF($C19="","",VLOOKUP($C19,'Property Setup'!$B$13:$S$21,18,0)),"") | Z19: =IFERROR(IF($A19="","",$X19*$Y19),"") | AA19: =IFERROR(IF($C19="","",VLOOKUP($C19,'Property Setup'!$B$13:$T$21,19,0)),"") | AB19: =IFERROR(IF($A19="","",MAX(0,$T19-$W19)*$AA19),"") | AC19: =IFERROR(IF($A19="","",$T19+$U19+$V19-$W19+$Z19+$AB19),"") | AE19: =IFERROR(IF($A19="","",MAX(0,$AC19-$AD19)),"") | AG19: =IFERROR(IF($A19="","",IF($E19="Canceled","Canceled",IF($AE19=0,"Paid",IF(AND($AF19<TODAY(),$AE19>0),"Past Due",IF($AD19>0,"Partially Paid","Unpaid"))))),"") | AH19: =IFERROR(IF($A19="","",$K19-TODAY()),"") | AN19: =IFERROR(IF(OR($A19="",$E19="Canceled"),"",MAX(0,MIN($L19,EOMONTH(TODAY(),0)+1)-MAX($K19,EOMONTH(TODAY(),-1)+1))),"") | AO19: =IFERROR(IF(OR($A19="",$AN19=0),"",$AN19*$S19),"") | AP19: =IFERROR(IF(OR($A19="",$E19="Canceled"),"",MAX(0,MIN($L19,46054)-MAX($K19,46023))),"") | AQ19: =IFERROR(IF(OR($A19="",$E19="Canceled"),"",MAX(0,MIN($L19,46082)-MAX($K19,46054))),"") | AR19: =IFERROR(IF(OR($A19="",$E19="Canceled"),"",MAX(0,MIN($L19,46113)-MAX($K19,46082))),"") | AS19: =IFERROR(IF(OR($A19="",$E19="Canceled"),"",MAX(0,MIN($L19,46143)-MAX($K19,46113))),"") | AT19: =IFERROR(IF(OR($A19="",$E19="Canceled"),"",MAX(0,MIN($L19,46174)-MAX($K19,46143))),"") | AU19: =IFERROR(IF(OR($A19="",$E19="Canceled"),"",MAX(0,MIN($L19,46204)-MAX($K19,46174))),"") | AV19: =IFERROR(IF(OR($A19="",$E19="Canceled"),"",MAX(0,MIN($L19,46235)-MAX($K19,46204))),"") | AW19: =IFERROR(IF(OR($A19="",$E19="Canceled"),"",MAX(0,MIN($L19,46266)-MAX($K19,46235))),"") | AX19: =IFERROR(IF(OR($A19="",$E19="Canceled"),"",MAX(0,MIN($L19,46296)-MAX($K19,46266))),"") | AY19: =IFERROR(IF(OR($A19="",$E19="Canceled"),"",MAX(0,MIN($L19,46327)-MAX($K19,46296))),"") | AZ19: =IFERROR(IF(OR($A19="",$E19="Canceled"),"",MAX(0,MIN($L19,46357)-MAX($K19,46327))),"") | BA19: =IFERROR(IF(OR($A19="",$E19="Canceled"),"",MAX(0,MIN($L19,46388)-MAX($K19,46357))),"") | BB19: =IFERROR(IF(AND($A19<>"",$K19=TODAY(),$E19<>"Canceled"),COUNTIFS($K$5:$K$19,TODAY(),$E$5:$E$19,"<>Canceled"),""),"") | BC19: =IFERROR(IF(AND($A19<>"",$K19>=TODAY(),$E19<>"Canceled"),COUNTIFS($K$5:$K$104,"<"&$K19,$E$5:$E$104,"<>Canceled")+COUNTIFS($K$5:$K$19,$K19,$E$5:$E$19,"<>Canceled"),""),"") | BD19: =IFERROR(IF(AND($A19<>"",$E19<>"Canceled",$AE19>0,$K19>=TODAY(),$K19<=TODAY()+'Property Setup'!$B$7),COUNTIFS($AE$5:$AE$19,">0",$K$5:$K$19,">="&TODAY(),$K$5:$K$19,"<="&TODAY()+'Property Setup'!$B$7),""),"")
M20: =IFERROR(IF($A20="","",MAX(0,$L20-$K20)),"") | P20: =IFERROR(IF($A20="","",$N20+$O20),"") | Q20: =IFERROR(IF($C20="","",VLOOKUP($C20,'Property Setup'!$B$13:$L$21,11,0)),"") | R20: =IFERROR(IF($C20="","",IF($P20>$Q20,"Review Guest Count","Within Limit")),"") | T20: =IFERROR(IF($A20="","",$M20*$S20),"") | X20: =IFERROR(IF($A20="","",MAX(0,$T20-$W20+IF(VLOOKUP($C20,'Property Setup'!$B$13:$R$21,17,0)="Yes",$U20,0))),"") | Y20: =IFERROR(IF($C20="","",VLOOKUP($C20,'Property Setup'!$B$13:$S$21,18,0)),"") | Z20: =IFERROR(IF($A20="","",$X20*$Y20),"") | AA20: =IFERROR(IF($C20="","",VLOOKUP($C20,'Property Setup'!$B$13:$T$21,19,0)),"") | AB20: =IFERROR(IF($A20="","",MAX(0,$T20-$W20)*$AA20),"") | AC20: =IFERROR(IF($A20="","",$T20+$U20+$V20-$W20+$Z20+$AB20),"") | AE20: =IFERROR(IF($A20="","",MAX(0,$AC20-$AD20)),"") | AG20: =IFERROR(IF($A20="","",IF($E20="Canceled","Canceled",IF($AE20=0,"Paid",IF(AND($AF20<TODAY(),$AE20>0),"Past Due",IF($AD20>0,"Partially Paid","Unpaid"))))),"") | AH20: =IFERROR(IF($A20="","",$K20-TODAY()),"") | AN20: =IFERROR(IF(OR($A20="",$E20="Canceled"),"",MAX(0,MIN($L20,EOMONTH(TODAY(),0)+1)-MAX($K20,EOMONTH(TODAY(),-1)+1))),"") | AO20: =IFERROR(IF(OR($A20="",$AN20=0),"",$AN20*$S20),"") | AP20: =IFERROR(IF(OR($A20="",$E20="Canceled"),"",MAX(0,MIN($L20,46054)-MAX($K20,46023))),"") | AQ20: =IFERROR(IF(OR($A20="",$E20="Canceled"),"",MAX(0,MIN($L20,46082)-MAX($K20,46054))),"") | AR20: =IFERROR(IF(OR($A20="",$E20="Canceled"),"",MAX(0,MIN($L20,46113)-MAX($K20,46082))),"") | AS20: =IFERROR(IF(OR($A20="",$E20="Canceled"),"",MAX(0,MIN($L20,46143)-MAX($K20,46113))),"") | AT20: =IFERROR(IF(OR($A20="",$E20="Canceled"),"",MAX(0,MIN($L20,46174)-MAX($K20,46143))),"") | AU20: =IFERROR(IF(OR($A20="",$E20="Canceled"),"",MAX(0,MIN($L20,46204)-MAX($K20,46174))),"") | AV20: =IFERROR(IF(OR($A20="",$E20="Canceled"),"",MAX(0,MIN($L20,46235)-MAX($K20,46204))),"") | AW20: =IFERROR(IF(OR($A20="",$E20="Canceled"),"",MAX(0,MIN($L20,46266)-MAX($K20,46235))),"") | AX20: =IFERROR(IF(OR($A20="",$E20="Canceled"),"",MAX(0,MIN($L20,46296)-MAX($K20,46266))),"") | AY20: =IFERROR(IF(OR($A20="",$E20="Canceled"),"",MAX(0,MIN($L20,46327)-MAX($K20,46296))),"") | AZ20: =IFERROR(IF(OR($A20="",$E20="Canceled"),"",MAX(0,MIN($L20,46357)-MAX($K20,46327))),"") | BA20: =IFERROR(IF(OR($A20="",$E20="Canceled"),"",MAX(0,MIN($L20,46388)-MAX($K20,46357))),"") | BB20: =IFERROR(IF(AND($A20<>"",$K20=TODAY(),$E20<>"Canceled"),COUNTIFS($K$5:$K$20,TODAY(),$E$5:$E$20,"<>Canceled"),""),"") | BC20: =IFERROR(IF(AND($A20<>"",$K20>=TODAY(),$E20<>"Canceled"),COUNTIFS($K$5:$K$104,"<"&$K20,$E$5:$E$104,"<>Canceled")+COUNTIFS($K$5:$K$20,$K20,$E$5:$E$20,"<>Canceled"),""),"") | BD20: =IFERROR(IF(AND($A20<>"",$E20<>"Canceled",$AE20>0,$K20>=TODAY(),$K20<=TODAY()+'Property Setup'!$B$7),COUNTIFS($AE$5:$AE$20,">0",$K$5:$K$20,">="&TODAY(),$K$5:$K$20,"<="&TODAY()+'Property Setup'!$B$7),""),"")
M21: =IFERROR(IF($A21="","",MAX(0,$L21-$K21)),"") | P21: =IFERROR(IF($A21="","",$N21+$O21),"") | Q21: =IFERROR(IF($C21="","",VLOOKUP($C21,'Property Setup'!$B$13:$L$21,11,0)),"") | R21: =IFERROR(IF($C21="","",IF($P21>$Q21,"Review Guest Count","Within Limit")),"") | T21: =IFERROR(IF($A21="","",$M21*$S21),"") | X21: =IFERROR(IF($A21="","",MAX(0,$T21-$W21+IF(VLOOKUP($C21,'Property Setup'!$B$13:$R$21,17,0)="Yes",$U21,0))),"") | Y21: =IFERROR(IF($C21="","",VLOOKUP($C21,'Property Setup'!$B$13:$S$21,18,0)),"") | Z21: =IFERROR(IF($A21="","",$X21*$Y21),"") | AA21: =IFERROR(IF($C21="","",VLOOKUP($C21,'Property Setup'!$B$13:$T$21,19,0)),"") | AB21: =IFERROR(IF($A21="","",MAX(0,$T21-$W21)*$AA21),"") | AC21: =IFERROR(IF($A21="","",$T21+$U21+$V21-$W21+$Z21+$AB21),"") | AE21: =IFERROR(IF($A21="","",MAX(0,$AC21-$AD21)),"") | AG21: =IFERROR(IF($A21="","",IF($E21="Canceled","Canceled",IF($AE21=0,"Paid",IF(AND($AF21<TODAY(),$AE21>0),"Past Due",IF($AD21>0,"Partially Paid","Unpaid"))))),"") | AH21: =IFERROR(IF($A21="","",$K21-TODAY()),"") | AN21: =IFERROR(IF(OR($A21="",$E21="Canceled"),"",MAX(0,MIN($L21,EOMONTH(TODAY(),0)+1)-MAX($K21,EOMONTH(TODAY(),-1)+1))),"") | AO21: =IFERROR(IF(OR($A21="",$AN21=0),"",$AN21*$S21),"") | AP21: =IFERROR(IF(OR($A21="",$E21="Canceled"),"",MAX(0,MIN($L21,46054)-MAX($K21,46023))),"") | AQ21: =IFERROR(IF(OR($A21="",$E21="Canceled"),"",MAX(0,MIN($L21,46082)-MAX($K21,46054))),"") | AR21: =IFERROR(IF(OR($A21="",$E21="Canceled"),"",MAX(0,MIN($L21,46113)-MAX($K21,46082))),"") | AS21: =IFERROR(IF(OR($A21="",$E21="Canceled"),"",MAX(0,MIN($L21,46143)-MAX($K21,46113))),"") | AT21: =IFERROR(IF(OR($A21="",$E21="Canceled"),"",MAX(0,MIN($L21,46174)-MAX($K21,46143))),"") | AU21: =IFERROR(IF(OR($A21="",$E21="Canceled"),"",MAX(0,MIN($L21,46204)-MAX($K21,46174))),"") | AV21: =IFERROR(IF(OR($A21="",$E21="Canceled"),"",MAX(0,MIN($L21,46235)-MAX($K21,46204))),"") | AW21: =IFERROR(IF(OR($A21="",$E21="Canceled"),"",MAX(0,MIN($L21,46266)-MAX($K21,46235))),"") | AX21: =IFERROR(IF(OR($A21="",$E21="Canceled"),"",MAX(0,MIN($L21,46296)-MAX($K21,46266))),"") | AY21: =IFERROR(IF(OR($A21="",$E21="Canceled"),"",MAX(0,MIN($L21,46327)-MAX($K21,46296))),"") | AZ21: =IFERROR(IF(OR($A21="",$E21="Canceled"),"",MAX(0,MIN($L21,46357)-MAX($K21,46327))),"") | BA21: =IFERROR(IF(OR($A21="",$E21="Canceled"),"",MAX(0,MIN($L21,46388)-MAX($K21,46357))),"") | BB21: =IFERROR(IF(AND($A21<>"",$K21=TODAY(),$E21<>"Canceled"),COUNTIFS($K$5:$K$21,TODAY(),$E$5:$E$21,"<>Canceled"),""),"") | BC21: =IFERROR(IF(AND($A21<>"",$K21>=TODAY(),$E21<>"Canceled"),COUNTIFS($K$5:$K$104,"<"&$K21,$E$5:$E$104,"<>Canceled")+COUNTIFS($K$5:$K$21,$K21,$E$5:$E$21,"<>Canceled"),""),"") | BD21: =IFERROR(IF(AND($A21<>"",$E21<>"Canceled",$AE21>0,$K21>=TODAY(),$K21<=TODAY()+'Property Setup'!$B$7),COUNTIFS($AE$5:$AE$21,">0",$K$5:$K$21,">="&TODAY(),$K$5:$K$21,"<="&TODAY()+'Property Setup'!$B$7),""),"")
M22: =IFERROR(IF($A22="","",MAX(0,$L22-$K22)),"") | P22: =IFERROR(IF($A22="","",$N22+$O22),"") | Q22: =IFERROR(IF($C22="","",VLOOKUP($C22,'Property Setup'!$B$13:$L$21,11,0)),"") | R22: =IFERROR(IF($C22="","",IF($P22>$Q22,"Review Guest Count","Within Limit")),"") | T22: =IFERROR(IF($A22="","",$M22*$S22),"") | X22: =IFERROR(IF($A22="","",MAX(0,$T22-$W22+IF(VLOOKUP($C22,'Property Setup'!$B$13:$R$21,17,0)="Yes",$U22,0))),"") | Y22: =IFERROR(IF($C22="","",VLOOKUP($C22,'Property Setup'!$B$13:$S$21,18,0)),"") | Z22: =IFERROR(IF($A22="","",$X22*$Y22),"") | AA22: =IFERROR(IF($C22="","",VLOOKUP($C22,'Property Setup'!$B$13:$T$21,19,0)),"") | AB22: =IFERROR(IF($A22="","",MAX(0,$T22-$W22)*$AA22),"") | AC22: =IFERROR(IF($A22="","",$T22+$U22+$V22-$W22+$Z22+$AB22),"") | AE22: =IFERROR(IF($A22="","",MAX(0,$AC22-$AD22)),"") | AG22: =IFERROR(IF($A22="","",IF($E22="Canceled","Canceled",IF($AE22=0,"Paid",IF(AND($AF22<TODAY(),$AE22>0),"Past Due",IF($AD22>0,"Partially Paid","Unpaid"))))),"") | AH22: =IFERROR(IF($A22="","",$K22-TODAY()),"") | AN22: =IFERROR(IF(OR($A22="",$E22="Canceled"),"",MAX(0,MIN($L22,EOMONTH(TODAY(),0)+1)-MAX($K22,EOMONTH(TODAY(),-1)+1))),"") | AO22: =IFERROR(IF(OR($A22="",$AN22=0),"",$AN22*$S22),"") | AP22: =IFERROR(IF(OR($A22="",$E22="Canceled"),"",MAX(0,MIN($L22,46054)-MAX($K22,46023))),"") | AQ22: =IFERROR(IF(OR($A22="",$E22="Canceled"),"",MAX(0,MIN($L22,46082)-MAX($K22,46054))),"") | AR22: =IFERROR(IF(OR($A22="",$E22="Canceled"),"",MAX(0,MIN($L22,46113)-MAX($K22,46082))),"") | AS22: =IFERROR(IF(OR($A22="",$E22="Canceled"),"",MAX(0,MIN($L22,46143)-MAX($K22,46113))),"") | AT22: =IFERROR(IF(OR($A22="",$E22="Canceled"),"",MAX(0,MIN($L22,46174)-MAX($K22,46143))),"") | AU22: =IFERROR(IF(OR($A22="",$E22="Canceled"),"",MAX(0,MIN($L22,46204)-MAX($K22,46174))),"") | AV22: =IFERROR(IF(OR($A22="",$E22="Canceled"),"",MAX(0,MIN($L22,46235)-MAX($K22,46204))),"") | AW22: =IFERROR(IF(OR($A22="",$E22="Canceled"),"",MAX(0,MIN($L22,46266)-MAX($K22,46235))),"") | AX22: =IFERROR(IF(OR($A22="",$E22="Canceled"),"",MAX(0,MIN($L22,46296)-MAX($K22,46266))),"") | AY22: =IFERROR(IF(OR($A22="",$E22="Canceled"),"",MAX(0,MIN($L22,46327)-MAX($K22,46296))),"") | AZ22: =IFERROR(IF(OR($A22="",$E22="Canceled"),"",MAX(0,MIN($L22,46357)-MAX($K22,46327))),"") | BA22: =IFERROR(IF(OR($A22="",$E22="Canceled"),"",MAX(0,MIN($L22,46388)-MAX($K22,46357))),"") | BB22: =IFERROR(IF(AND($A22<>"",$K22=TODAY(),$E22<>"Canceled"),COUNTIFS($K$5:$K$22,TODAY(),$E$5:$E$22,"<>Canceled"),""),"") | BC22: =IFERROR(IF(AND($A22<>"",$K22>=TODAY(),$E22<>"Canceled"),COUNTIFS($K$5:$K$104,"<"&$K22,$E$5:$E$104,"<>Canceled")+COUNTIFS($K$5:$K$22,$K22,$E$5:$E$22,"<>Canceled"),""),"") | BD22: =IFERROR(IF(AND($A22<>"",$E22<>"Canceled",$AE22>0,$K22>=TODAY(),$K22<=TODAY()+'Property Setup'!$B$7),COUNTIFS($AE$5:$AE$22,">0",$K$5:$K$22,">="&TODAY(),$K$5:$K$22,"<="&TODAY()+'Property Setup'!$B$7),""),"")
M23: =IFERROR(IF($A23="","",MAX(0,$L23-$K23)),"") | P23: =IFERROR(IF($A23="","",$N23+$O23),"") | Q23: =IFERROR(IF($C23="","",VLOOKUP($C23,'Property Setup'!$B$13:$L$21,11,0)),"") | R23: =IFERROR(IF($C23="","",IF($P23>$Q23,"Review Guest Count","Within Limit")),"") | T23: =IFERROR(IF($A23="","",$M23*$S23),"") | X23: =IFERROR(IF($A23="","",MAX(0,$T23-$W23+IF(VLOOKUP($C23,'Property Setup'!$B$13:$R$21,17,0)="Yes",$U23,0))),"") | Y23: =IFERROR(IF($C23="","",VLOOKUP($C23,'Property Setup'!$B$13:$S$21,18,0)),"") | Z23: =IFERROR(IF($A23="","",$X23*$Y23),"") | AA23: =IFERROR(IF($C23="","",VLOOKUP($C23,'Property Setup'!$B$13:$T$21,19,0)),"") | AB23: =IFERROR(IF($A23="","",MAX(0,$T23-$W23)*$AA23),"") | AC23: =IFERROR(IF($A23="","",$T23+$U23+$V23-$W23+$Z23+$AB23),"") | AE23: =IFERROR(IF($A23="","",MAX(0,$AC23-$AD23)),"") | AG23: =IFERROR(IF($A23="","",IF($E23="Canceled","Canceled",IF($AE23=0,"Paid",IF(AND($AF23<TODAY(),$AE23>0),"Past Due",IF($AD23>0,"Partially Paid","Unpaid"))))),"") | AH23: =IFERROR(IF($A23="","",$K23-TODAY()),"") | AN23: =IFERROR(IF(OR($A23="",$E23="Canceled"),"",MAX(0,MIN($L23,EOMONTH(TODAY(),0)+1)-MAX($K23,EOMONTH(TODAY(),-1)+1))),"") | AO23: =IFERROR(IF(OR($A23="",$AN23=0),"",$AN23*$S23),"") | AP23: =IFERROR(IF(OR($A23="",$E23="Canceled"),"",MAX(0,MIN($L23,46054)-MAX($K23,46023))),"") | AQ23: =IFERROR(IF(OR($A23="",$E23="Canceled"),"",MAX(0,MIN($L23,46082)-MAX($K23,46054))),"") | AR23: =IFERROR(IF(OR($A23="",$E23="Canceled"),"",MAX(0,MIN($L23,46113)-MAX($K23,46082))),"") | AS23: =IFERROR(IF(OR($A23="",$E23="Canceled"),"",MAX(0,MIN($L23,46143)-MAX($K23,46113))),"") | AT23: =IFERROR(IF(OR($A23="",$E23="Canceled"),"",MAX(0,MIN($L23,46174)-MAX($K23,46143))),"") | AU23: =IFERROR(IF(OR($A23="",$E23="Canceled"),"",MAX(0,MIN($L23,46204)-MAX($K23,46174))),"") | AV23: =IFERROR(IF(OR($A23="",$E23="Canceled"),"",MAX(0,MIN($L23,46235)-MAX($K23,46204))),"") | AW23: =IFERROR(IF(OR($A23="",$E23="Canceled"),"",MAX(0,MIN($L23,46266)-MAX($K23,46235))),"") | AX23: =IFERROR(IF(OR($A23="",$E23="Canceled"),"",MAX(0,MIN($L23,46296)-MAX($K23,46266))),"") | AY23: =IFERROR(IF(OR($A23="",$E23="Canceled"),"",MAX(0,MIN($L23,46327)-MAX($K23,46296))),"") | AZ23: =IFERROR(IF(OR($A23="",$E23="Canceled"),"",MAX(0,MIN($L23,46357)-MAX($K23,46327))),"") | BA23: =IFERROR(IF(OR($A23="",$E23="Canceled"),"",MAX(0,MIN($L23,46388)-MAX($K23,46357))),"") | BB23: =IFERROR(IF(AND($A23<>"",$K23=TODAY(),$E23<>"Canceled"),COUNTIFS($K$5:$K$23,TODAY(),$E$5:$E$23,"<>Canceled"),""),"") | BC23: =IFERROR(IF(AND($A23<>"",$K23>=TODAY(),$E23<>"Canceled"),COUNTIFS($K$5:$K$104,"<"&$K23,$E$5:$E$104,"<>Canceled")+COUNTIFS($K$5:$K$23,$K23,$E$5:$E$23,"<>Canceled"),""),"") | BD23: =IFERROR(IF(AND($A23<>"",$E23<>"Canceled",$AE23>0,$K23>=TODAY(),$K23<=TODAY()+'Property Setup'!$B$7),COUNTIFS($AE$5:$AE$23,">0",$K$5:$K$23,">="&TODAY(),$K$5:$K$23,"<="&TODAY()+'Property Setup'!$B$7),""),"")
M24: =IFERROR(IF($A24="","",MAX(0,$L24-$K24)),"") | P24: =IFERROR(IF($A24="","",$N24+$O24),"") | Q24: =IFERROR(IF($C24="","",VLOOKUP($C24,'Property Setup'!$B$13:$L$21,11,0)),"") | R24: =IFERROR(IF($C24="","",IF($P24>$Q24,"Review Guest Count","Within Limit")),"") | T24: =IFERROR(IF($A24="","",$M24*$S24),"") | X24: =IFERROR(IF($A24="","",MAX(0,$T24-$W24+IF(VLOOKUP($C24,'Property Setup'!$B$13:$R$21,17,0)="Yes",$U24,0))),"") | Y24: =IFERROR(IF($C24="","",VLOOKUP($C24,'Property Setup'!$B$13:$S$21,18,0)),"") | Z24: =IFERROR(IF($A24="","",$X24*$Y24),"") | AA24: =IFERROR(IF($C24="","",VLOOKUP($C24,'Property Setup'!$B$13:$T$21,19,0)),"") | AB24: =IFERROR(IF($A24="","",MAX(0,$T24-$W24)*$AA24),"") | AC24: =IFERROR(IF($A24="","",$T24+$U24+$V24-$W24+$Z24+$AB24),"") | AE24: =IFERROR(IF($A24="","",MAX(0,$AC24-$AD24)),"") | AG24: =IFERROR(IF($A24="","",IF($E24="Canceled","Canceled",IF($AE24=0,"Paid",IF(AND($AF24<TODAY(),$AE24>0),"Past Due",IF($AD24>0,"Partially Paid","Unpaid"))))),"") | AH24: =IFERROR(IF($A24="","",$K24-TODAY()),"") | AN24: =IFERROR(IF(OR($A24="",$E24="Canceled"),"",MAX(0,MIN($L24,EOMONTH(TODAY(),0)+1)-MAX($K24,EOMONTH(TODAY(),-1)+1))),"") | AO24: =IFERROR(IF(OR($A24="",$AN24=0),"",$AN24*$S24),"") | AP24: =IFERROR(IF(OR($A24="",$E24="Canceled"),"",MAX(0,MIN($L24,46054)-MAX($K24,46023))),"") | AQ24: =IFERROR(IF(OR($A24="",$E24="Canceled"),"",MAX(0,MIN($L24,46082)-MAX($K24,46054))),"") | AR24: =IFERROR(IF(OR($A24="",$E24="Canceled"),"",MAX(0,MIN($L24,46113)-MAX($K24,46082))),"") | AS24: =IFERROR(IF(OR($A24="",$E24="Canceled"),"",MAX(0,MIN($L24,46143)-MAX($K24,46113))),"") | AT24: =IFERROR(IF(OR($A24="",$E24="Canceled"),"",MAX(0,MIN($L24,46174)-MAX($K24,46143))),"") | AU24: =IFERROR(IF(OR($A24="",$E24="Canceled"),"",MAX(0,MIN($L24,46204)-MAX($K24,46174))),"") | AV24: =IFERROR(IF(OR($A24="",$E24="Canceled"),"",MAX(0,MIN($L24,46235)-MAX($K24,46204))),"") | AW24: =IFERROR(IF(OR($A24="",$E24="Canceled"),"",MAX(0,MIN($L24,46266)-MAX($K24,46235))),"") | AX24: =IFERROR(IF(OR($A24="",$E24="Canceled"),"",MAX(0,MIN($L24,46296)-MAX($K24,46266))),"") | AY24: =IFERROR(IF(OR($A24="",$E24="Canceled"),"",MAX(0,MIN($L24,46327)-MAX($K24,46296))),"") | AZ24: =IFERROR(IF(OR($A24="",$E24="Canceled"),"",MAX(0,MIN($L24,46357)-MAX($K24,46327))),"") | BA24: =IFERROR(IF(OR($A24="",$E24="Canceled"),"",MAX(0,MIN($L24,46388)-MAX($K24,46357))),"") | BB24: =IFERROR(IF(AND($A24<>"",$K24=TODAY(),$E24<>"Canceled"),COUNTIFS($K$5:$K$24,TODAY(),$E$5:$E$24,"<>Canceled"),""),"") | BC24: =IFERROR(IF(AND($A24<>"",$K24>=TODAY(),$E24<>"Canceled"),COUNTIFS($K$5:$K$104,"<"&$K24,$E$5:$E$104,"<>Canceled")+COUNTIFS($K$5:$K$24,$K24,$E$5:$E$24,"<>Canceled"),""),"") | BD24: =IFERROR(IF(AND($A24<>"",$E24<>"Canceled",$AE24>0,$K24>=TODAY(),$K24<=TODAY()+'Property Setup'!$B$7),COUNTIFS($AE$5:$AE$24,">0",$K$5:$K$24,">="&TODAY(),$K$5:$K$24,"<="&TODAY()+'Property Setup'!$B$7),""),"")
M25: =IFERROR(IF($A25="","",MAX(0,$L25-$K25)),"") | P25: =IFERROR(IF($A25="","",$N25+$O25),"") | Q25: =IFERROR(IF($C25="","",VLOOKUP($C25,'Property Setup'!$B$13:$L$21,11,0)),"") | R25: =IFERROR(IF($C25="","",IF($P25>$Q25,"Review Guest Count","Within Limit")),"") | T25: =IFERROR(IF($A25="","",$M25*$S25),"") | X25: =IFERROR(IF($A25="","",MAX(0,$T25-$W25+IF(VLOOKUP($C25,'Property Setup'!$B$13:$R$21,17,0)="Yes",$U25,0))),"") | Y25: =IFERROR(IF($C25="","",VLOOKUP($C25,'Property Setup'!$B$13:$S$21,18,0)),"") | Z25: =IFERROR(IF($A25="","",$X25*$Y25),"") | AA25: =IFERROR(IF($C25="","",VLOOKUP($C25,'Property Setup'!$B$13:$T$21,19,0)),"") | AB25: =IFERROR(IF($A25="","",MAX(0,$T25-$W25)*$AA25),"") | AC25: =IFERROR(IF($A25="","",$T25+$U25+$V25-$W25+$Z25+$AB25),"") | AE25: =IFERROR(IF($A25="","",MAX(0,$AC25-$AD25)),"") | AG25: =IFERROR(IF($A25="","",IF($E25="Canceled","Canceled",IF($AE25=0,"Paid",IF(AND($AF25<TODAY(),$AE25>0),"Past Due",IF($AD25>0,"Partially Paid","Unpaid"))))),"") | AH25: =IFERROR(IF($A25="","",$K25-TODAY()),"") | AN25: =IFERROR(IF(OR($A25="",$E25="Canceled"),"",MAX(0,MIN($L25,EOMONTH(TODAY(),0)+1)-MAX($K25,EOMONTH(TODAY(),-1)+1))),"") | AO25: =IFERROR(IF(OR($A25="",$AN25=0),"",$AN25*$S25),"") | AP25: =IFERROR(IF(OR($A25="",$E25="Canceled"),"",MAX(0,MIN($L25,46054)-MAX($K25,46023))),"") | AQ25: =IFERROR(IF(OR($A25="",$E25="Canceled"),"",MAX(0,MIN($L25,46082)-MAX($K25,46054))),"") | AR25: =IFERROR(IF(OR($A25="",$E25="Canceled"),"",MAX(0,MIN($L25,46113)-MAX($K25,46082))),"") | AS25: =IFERROR(IF(OR($A25="",$E25="Canceled"),"",MAX(0,MIN($L25,46143)-MAX($K25,46113))),"") | AT25: =IFERROR(IF(OR($A25="",$E25="Canceled"),"",MAX(0,MIN($L25,46174)-MAX($K25,46143))),"") | AU25: =IFERROR(IF(OR($A25="",$E25="Canceled"),"",MAX(0,MIN($L25,46204)-MAX($K25,46174))),"") | AV25: =IFERROR(IF(OR($A25="",$E25="Canceled"),"",MAX(0,MIN($L25,46235)-MAX($K25,46204))),"") | AW25: =IFERROR(IF(OR($A25="",$E25="Canceled"),"",MAX(0,MIN($L25,46266)-MAX($K25,46235))),"") | AX25: =IFERROR(IF(OR($A25="",$E25="Canceled"),"",MAX(0,MIN($L25,46296)-MAX($K25,46266))),"") | AY25: =IFERROR(IF(OR($A25="",$E25="Canceled"),"",MAX(0,MIN($L25,46327)-MAX($K25,46296))),"") | AZ25: =IFERROR(IF(OR($A25="",$E25="Canceled"),"",MAX(0,MIN($L25,46357)-MAX($K25,46327))),"") | BA25: =IFERROR(IF(OR($A25="",$E25="Canceled"),"",MAX(0,MIN($L25,46388)-MAX($K25,46357))),"") | BB25: =IFERROR(IF(AND($A25<>"",$K25=TODAY(),$E25<>"Canceled"),COUNTIFS($K$5:$K$25,TODAY(),$E$5:$E$25,"<>Canceled"),""),"") | BC25: =IFERROR(IF(AND($A25<>"",$K25>=TODAY(),$E25<>"Canceled"),COUNTIFS($K$5:$K$104,"<"&$K25,$E$5:$E$104,"<>Canceled")+COUNTIFS($K$5:$K$25,$K25,$E$5:$E$25,"<>Canceled"),""),"") | BD25: =IFERROR(IF(AND($A25<>"",$E25<>"Canceled",$AE25>0,$K25>=TODAY(),$K25<=TODAY()+'Property Setup'!$B$7),COUNTIFS($AE$5:$AE$25,">0",$K$5:$K$25,">="&TODAY(),$K$5:$K$25,"<="&TODAY()+'Property Setup'!$B$7),""),"")
M26: =IFERROR(IF($A26="","",MAX(0,$L26-$K26)),"") | P26: =IFERROR(IF($A26="","",$N26+$O26),"") | Q26: =IFERROR(IF($C26="","",VLOOKUP($C26,'Property Setup'!$B$13:$L$21,11,0)),"") | R26: =IFERROR(IF($C26="","",IF($P26>$Q26,"Review Guest Count","Within Limit")),"") | T26: =IFERROR(IF($A26="","",$M26*$S26),"") | X26: =IFERROR(IF($A26="","",MAX(0,$T26-$W26+IF(VLOOKUP($C26,'Property Setup'!$B$13:$R$21,17,0)="Yes",$U26,0))),"") | Y26: =IFERROR(IF($C26="","",VLOOKUP($C26,'Property Setup'!$B$13:$S$21,18,0)),"") | Z26: =IFERROR(IF($A26="","",$X26*$Y26),"") | AA26: =IFERROR(IF($C26="","",VLOOKUP($C26,'Property Setup'!$B$13:$T$21,19,0)),"") | AB26: =IFERROR(IF($A26="","",MAX(0,$T26-$W26)*$AA26),"") | AC26: =IFERROR(IF($A26="","",$T26+$U26+$V26-$W26+$Z26+$AB26),"") | AE26: =IFERROR(IF($A26="","",MAX(0,$AC26-$AD26)),"") | AG26: =IFERROR(IF($A26="","",IF($E26="Canceled","Canceled",IF($AE26=0,"Paid",IF(AND($AF26<TODAY(),$AE26>0),"Past Due",IF($AD26>0,"Partially Paid","Unpaid"))))),"") | AH26: =IFERROR(IF($A26="","",$K26-TODAY()),"") | AN26: =IFERROR(IF(OR($A26="",$E26="Canceled"),"",MAX(0,MIN($L26,EOMONTH(TODAY(),0)+1)-MAX($K26,EOMONTH(TODAY(),-1)+1))),"") | AO26: =IFERROR(IF(OR($A26="",$AN26=0),"",$AN26*$S26),"") | AP26: =IFERROR(IF(OR($A26="",$E26="Canceled"),"",MAX(0,MIN($L26,46054)-MAX($K26,46023))),"") | AQ26: =IFERROR(IF(OR($A26="",$E26="Canceled"),"",MAX(0,MIN($L26,46082)-MAX($K26,46054))),"") | AR26: =IFERROR(IF(OR($A26="",$E26="Canceled"),"",MAX(0,MIN($L26,46113)-MAX($K26,46082))),"") | AS26: =IFERROR(IF(OR($A26="",$E26="Canceled"),"",MAX(0,MIN($L26,46143)-MAX($K26,46113))),"") | AT26: =IFERROR(IF(OR($A26="",$E26="Canceled"),"",MAX(0,MIN($L26,46174)-MAX($K26,46143))),"") | AU26: =IFERROR(IF(OR($A26="",$E26="Canceled"),"",MAX(0,MIN($L26,46204)-MAX($K26,46174))),"") | AV26: =IFERROR(IF(OR($A26="",$E26="Canceled"),"",MAX(0,MIN($L26,46235)-MAX($K26,46204))),"") | AW26: =IFERROR(IF(OR($A26="",$E26="Canceled"),"",MAX(0,MIN($L26,46266)-MAX($K26,46235))),"") | AX26: =IFERROR(IF(OR($A26="",$E26="Canceled"),"",MAX(0,MIN($L26,46296)-MAX($K26,46266))),"") | AY26: =IFERROR(IF(OR($A26="",$E26="Canceled"),"",MAX(0,MIN($L26,46327)-MAX($K26,46296))),"") | AZ26: =IFERROR(IF(OR($A26="",$E26="Canceled"),"",MAX(0,MIN($L26,46357)-MAX($K26,46327))),"") | BA26: =IFERROR(IF(OR($A26="",$E26="Canceled"),"",MAX(0,MIN($L26,46388)-MAX($K26,46357))),"") | BB26: =IFERROR(IF(AND($A26<>"",$K26=TODAY(),$E26<>"Canceled"),COUNTIFS($K$5:$K$26,TODAY(),$E$5:$E$26,"<>Canceled"),""),"") | BC26: =IFERROR(IF(AND($A26<>"",$K26>=TODAY(),$E26<>"Canceled"),COUNTIFS($K$5:$K$104,"<"&$K26,$E$5:$E$104,"<>Canceled")+COUNTIFS($K$5:$K$26,$K26,$E$5:$E$26,"<>Canceled"),""),"") | BD26: =IFERROR(IF(AND($A26<>"",$E26<>"Canceled",$AE26>0,$K26>=TODAY(),$K26<=TODAY()+'Property Setup'!$B$7),COUNTIFS($AE$5:$AE$26,">0",$K$5:$K$26,">="&TODAY(),$K$5:$K$26,"<="&TODAY()+'Property Setup'!$B$7),""),"")
M27: =IFERROR(IF($A27="","",MAX(0,$L27-$K27)),"") | P27: =IFERROR(IF($A27="","",$N27+$O27),"") | Q27: =IFERROR(IF($C27="","",VLOOKUP($C27,'Property Setup'!$B$13:$L$21,11,0)),"") | R27: =IFERROR(IF($C27="","",IF($P27>$Q27,"Review Guest Count","Within Limit")),"") | T27: =IFERROR(IF($A27="","",$M27*$S27),"") | X27: =IFERROR(IF($A27="","",MAX(0,$T27-$W27+IF(VLOOKUP($C27,'Property Setup'!$B$13:$R$21,17,0)="Yes",$U27,0))),"") | Y27: =IFERROR(IF($C27="","",VLOOKUP($C27,'Property Setup'!$B$13:$S$21,18,0)),"") | Z27: =IFERROR(IF($A27="","",$X27*$Y27),"") | AA27: =IFERROR(IF($C27="","",VLOOKUP($C27,'Property Setup'!$B$13:$T$21,19,0)),"") | AB27: =IFERROR(IF($A27="","",MAX(0,$T27-$W27)*$AA27),"") | AC27: =IFERROR(IF($A27="","",$T27+$U27+$V27-$W27+$Z27+$AB27),"") | AE27: =IFERROR(IF($A27="","",MAX(0,$AC27-$AD27)),"") | AG27: =IFERROR(IF($A27="","",IF($E27="Canceled","Canceled",IF($AE27=0,"Paid",IF(AND($AF27<TODAY(),$AE27>0),"Past Due",IF($AD27>0,"Partially Paid","Unpaid"))))),"") | AH27: =IFERROR(IF($A27="","",$K27-TODAY()),"") | AN27: =IFERROR(IF(OR($A27="",$E27="Canceled"),"",MAX(0,MIN($L27,EOMONTH(TODAY(),0)+1)-MAX($K27,EOMONTH(TODAY(),-1)+1))),"") | AO27: =IFERROR(IF(OR($A27="",$AN27=0),"",$AN27*$S27),"") | AP27: =IFERROR(IF(OR($A27="",$E27="Canceled"),"",MAX(0,MIN($L27,46054)-MAX($K27,46023))),"") | AQ27: =IFERROR(IF(OR($A27="",$E27="Canceled"),"",MAX(0,MIN($L27,46082)-MAX($K27,46054))),"") | AR27: =IFERROR(IF(OR($A27="",$E27="Canceled"),"",MAX(0,MIN($L27,46113)-MAX($K27,46082))),"") | AS27: =IFERROR(IF(OR($A27="",$E27="Canceled"),"",MAX(0,MIN($L27,46143)-MAX($K27,46113))),"") | AT27: =IFERROR(IF(OR($A27="",$E27="Canceled"),"",MAX(0,MIN($L27,46174)-MAX($K27,46143))),"") | AU27: =IFERROR(IF(OR($A27="",$E27="Canceled"),"",MAX(0,MIN($L27,46204)-MAX($K27,46174))),"") | AV27: =IFERROR(IF(OR($A27="",$E27="Canceled"),"",MAX(0,MIN($L27,46235)-MAX($K27,46204))),"") | AW27: =IFERROR(IF(OR($A27="",$E27="Canceled"),"",MAX(0,MIN($L27,46266)-MAX($K27,46235))),"") | AX27: =IFERROR(IF(OR($A27="",$E27="Canceled"),"",MAX(0,MIN($L27,46296)-MAX($K27,46266))),"") | AY27: =IFERROR(IF(OR($A27="",$E27="Canceled"),"",MAX(0,MIN($L27,46327)-MAX($K27,46296))),"") | AZ27: =IFERROR(IF(OR($A27="",$E27="Canceled"),"",MAX(0,MIN($L27,46357)-MAX($K27,46327))),"") | BA27: =IFERROR(IF(OR($A27="",$E27="Canceled"),"",MAX(0,MIN($L27,46388)-MAX($K27,46357))),"") | BB27: =IFERROR(IF(AND($A27<>"",$K27=TODAY(),$E27<>"Canceled"),COUNTIFS($K$5:$K$27,TODAY(),$E$5:$E$27,"<>Canceled"),""),"") | BC27: =IFERROR(IF(AND($A27<>"",$K27>=TODAY(),$E27<>"Canceled"),COUNTIFS($K$5:$K$104,"<"&$K27,$E$5:$E$104,"<>Canceled")+COUNTIFS($K$5:$K$27,$K27,$E$5:$E$27,"<>Canceled"),""),"") | BD27: =IFERROR(IF(AND($A27<>"",$E27<>"Canceled",$AE27>0,$K27>=TODAY(),$K27<=TODAY()+'Property Setup'!$B$7),COUNTIFS($AE$5:$AE$27,">0",$K$5:$K$27,">="&TODAY(),$K$5:$K$27,"<="&TODAY()+'Property Setup'!$B$7),""),"")
M28: =IFERROR(IF($A28="","",MAX(0,$L28-$K28)),"") | P28: =IFERROR(IF($A28="","",$N28+$O28),"") | Q28: =IFERROR(IF($C28="","",VLOOKUP($C28,'Property Setup'!$B$13:$L$21,11,0)),"") | R28: =IFERROR(IF($C28="","",IF($P28>$Q28,"Review Guest Count","Within Limit")),"") | T28: =IFERROR(IF($A28="","",$M28*$S28),"") | X28: =IFERROR(IF($A28="","",MAX(0,$T28-$W28+IF(VLOOKUP($C28,'Property Setup'!$B$13:$R$21,17,0)="Yes",$U28,0))),"") | Y28: =IFERROR(IF($C28="","",VLOOKUP($C28,'Property Setup'!$B$13:$S$21,18,0)),"") | Z28: =IFERROR(IF($A28="","",$X28*$Y28),"") | AA28: =IFERROR(IF($C28="","",VLOOKUP($C28,'Property Setup'!$B$13:$T$21,19,0)),"") | AB28: =IFERROR(IF($A28="","",MAX(0,$T28-$W28)*$AA28),"") | AC28: =IFERROR(IF($A28="","",$T28+$U28+$V28-$W28+$Z28+$AB28),"") | AE28: =IFERROR(IF($A28="","",MAX(0,$AC28-$AD28)),"") | AG28: =IFERROR(IF($A28="","",IF($E28="Canceled","Canceled",IF($AE28=0,"Paid",IF(AND($AF28<TODAY(),$AE28>0),"Past Due",IF($AD28>0,"Partially Paid","Unpaid"))))),"") | AH28: =IFERROR(IF($A28="","",$K28-TODAY()),"") | AN28: =IFERROR(IF(OR($A28="",$E28="Canceled"),"",MAX(0,MIN($L28,EOMONTH(TODAY(),0)+1)-MAX($K28,EOMONTH(TODAY(),-1)+1))),"") | AO28: =IFERROR(IF(OR($A28="",$AN28=0),"",$AN28*$S28),"") | AP28: =IFERROR(IF(OR($A28="",$E28="Canceled"),"",MAX(0,MIN($L28,46054)-MAX($K28,46023))),"") | AQ28: =IFERROR(IF(OR($A28="",$E28="Canceled"),"",MAX(0,MIN($L28,46082)-MAX($K28,46054))),"") | AR28: =IFERROR(IF(OR($A28="",$E28="Canceled"),"",MAX(0,MIN($L28,46113)-MAX($K28,46082))),"") | AS28: =IFERROR(IF(OR($A28="",$E28="Canceled"),"",MAX(0,MIN($L28,46143)-MAX($K28,46113))),"") | AT28: =IFERROR(IF(OR($A28="",$E28="Canceled"),"",MAX(0,MIN($L28,46174)-MAX($K28,46143))),"") | AU28: =IFERROR(IF(OR($A28="",$E28="Canceled"),"",MAX(0,MIN($L28,46204)-MAX($K28,46174))),"") | AV28: =IFERROR(IF(OR($A28="",$E28="Canceled"),"",MAX(0,MIN($L28,46235)-MAX($K28,46204))),"") | AW28: =IFERROR(IF(OR($A28="",$E28="Canceled"),"",MAX(0,MIN($L28,46266)-MAX($K28,46235))),"") | AX28: =IFERROR(IF(OR($A28="",$E28="Canceled"),"",MAX(0,MIN($L28,46296)-MAX($K28,46266))),"") | AY28: =IFERROR(IF(OR($A28="",$E28="Canceled"),"",MAX(0,MIN($L28,46327)-MAX($K28,46296))),"") | AZ28: =IFERROR(IF(OR($A28="",$E28="Canceled"),"",MAX(0,MIN($L28,46357)-MAX($K28,46327))),"") | BA28: =IFERROR(IF(OR($A28="",$E28="Canceled"),"",MAX(0,MIN($L28,46388)-MAX($K28,46357))),"") | BB28: =IFERROR(IF(AND($A28<>"",$K28=TODAY(),$E28<>"Canceled"),COUNTIFS($K$5:$K$28,TODAY(),$E$5:$E$28,"<>Canceled"),""),"") | BC28: =IFERROR(IF(AND($A28<>"",$K28>=TODAY(),$E28<>"Canceled"),COUNTIFS($K$5:$K$104,"<"&$K28,$E$5:$E$104,"<>Canceled")+COUNTIFS($K$5:$K$28,$K28,$E$5:$E$28,"<>Canceled"),""),"") | BD28: =IFERROR(IF(AND($A28<>"",$E28<>"Canceled",$AE28>0,$K28>=TODAY(),$K28<=TODAY()+'Property Setup'!$B$7),COUNTIFS($AE$5:$AE$28,">0",$K$5:$K$28,">="&TODAY(),$K$5:$K$28,"<="&TODAY()+'Property Setup'!$B$7),""),"")
M29: =IFERROR(IF($A29="","",MAX(0,$L29-$K29)),"") | P29: =IFERROR(IF($A29="","",$N29+$O29),"") | Q29: =IFERROR(IF($C29="","",VLOOKUP($C29,'Property Setup'!$B$13:$L$21,11,0)),"") | R29: =IFERROR(IF($C29="","",IF($P29>$Q29,"Review Guest Count","Within Limit")),"") | T29: =IFERROR(IF($A29="","",$M29*$S29),"") | X29: =IFERROR(IF($A29="","",MAX(0,$T29-$W29+IF(VLOOKUP($C29,'Property Setup'!$B$13:$R$21,17,0)="Yes",$U29,0))),"") | Y29: =IFERROR(IF($C29="","",VLOOKUP($C29,'Property Setup'!$B$13:$S$21,18,0)),"") | Z29: =IFERROR(IF($A29="","",$X29*$Y29),"") | AA29: =IFERROR(IF($C29="","",VLOOKUP($C29,'Property Setup'!$B$13:$T$21,19,0)),"") | AB29: =IFERROR(IF($A29="","",MAX(0,$T29-$W29)*$AA29),"") | AC29: =IFERROR(IF($A29="","",$T29+$U29+$V29-$W29+$Z29+$AB29),"") | AE29: =IFERROR(IF($A29="","",MAX(0,$AC29-$AD29)),"") | AG29: =IFERROR(IF($A29="","",IF($E29="Canceled","Canceled",IF($AE29=0,"Paid",IF(AND($AF29<TODAY(),$AE29>0),"Past Due",IF($AD29>0,"Partially Paid","Unpaid"))))),"") | AH29: =IFERROR(IF($A29="","",$K29-TODAY()),"") | AN29: =IFERROR(IF(OR($A29="",$E29="Canceled"),"",MAX(0,MIN($L29,EOMONTH(TODAY(),0)+1)-MAX($K29,EOMONTH(TODAY(),-1)+1))),"") | AO29: =IFERROR(IF(OR($A29="",$AN29=0),"",$AN29*$S29),"") | AP29: =IFERROR(IF(OR($A29="",$E29="Canceled"),"",MAX(0,MIN($L29,46054)-MAX($K29,46023))),"") | AQ29: =IFERROR(IF(OR($A29="",$E29="Canceled"),"",MAX(0,MIN($L29,46082)-MAX($K29,46054))),"") | AR29: =IFERROR(IF(OR($A29="",$E29="Canceled"),"",MAX(0,MIN($L29,46113)-MAX($K29,46082))),"") | AS29: =IFERROR(IF(OR($A29="",$E29="Canceled"),"",MAX(0,MIN($L29,46143)-MAX($K29,46113))),"") | AT29: =IFERROR(IF(OR($A29="",$E29="Canceled"),"",MAX(0,MIN($L29,46174)-MAX($K29,46143))),"") | AU29: =IFERROR(IF(OR($A29="",$E29="Canceled"),"",MAX(0,MIN($L29,46204)-MAX($K29,46174))),"") | AV29: =IFERROR(IF(OR($A29="",$E29="Canceled"),"",MAX(0,MIN($L29,46235)-MAX($K29,46204))),"") | AW29: =IFERROR(IF(OR($A29="",$E29="Canceled"),"",MAX(0,MIN($L29,46266)-MAX($K29,46235))),"") | AX29: =IFERROR(IF(OR($A29="",$E29="Canceled"),"",MAX(0,MIN($L29,46296)-MAX($K29,46266))),"") | AY29: =IFERROR(IF(OR($A29="",$E29="Canceled"),"",MAX(0,MIN($L29,46327)-MAX($K29,46296))),"") | AZ29: =IFERROR(IF(OR($A29="",$E29="Canceled"),"",MAX(0,MIN($L29,46357)-MAX($K29,46327))),"") | BA29: =IFERROR(IF(OR($A29="",$E29="Canceled"),"",MAX(0,MIN($L29,46388)-MAX($K29,46357))),"") | BB29: =IFERROR(IF(AND($A29<>"",$K29=TODAY(),$E29<>"Canceled"),COUNTIFS($K$5:$K$29,TODAY(),$E$5:$E$29,"<>Canceled"),""),"") | BC29: =IFERROR(IF(AND($A29<>"",$K29>=TODAY(),$E29<>"Canceled"),COUNTIFS($K$5:$K$104,"<"&$K29,$E$5:$E$104,"<>Canceled")+COUNTIFS($K$5:$K$29,$K29,$E$5:$E$29,"<>Canceled"),""),"") | BD29: =IFERROR(IF(AND($A29<>"",$E29<>"Canceled",$AE29>0,$K29>=TODAY(),$K29<=TODAY()+'Property Setup'!$B$7),COUNTIFS($AE$5:$AE$29,">0",$K$5:$K$29,">="&TODAY(),$K$5:$K$29,"<="&TODAY()+'Property Setup'!$B$7),""),"")
M30: =IFERROR(IF($A30="","",MAX(0,$L30-$K30)),"") | P30: =IFERROR(IF($A30="","",$N30+$O30),"") | Q30: =IFERROR(IF($C30="","",VLOOKUP($C30,'Property Setup'!$B$13:$L$21,11,0)),"") | R30: =IFERROR(IF($C30="","",IF($P30>$Q30,"Review Guest Count","Within Limit")),"") | T30: =IFERROR(IF($A30="","",$M30*$S30),"") | X30: =IFERROR(IF($A30="","",MAX(0,$T30-$W30+IF(VLOOKUP($C30,'Property Setup'!$B$13:$R$21,17,0)="Yes",$U30,0))),"") | Y30: =IFERROR(IF($C30="","",VLOOKUP($C30,'Property Setup'!$B$13:$S$21,18,0)),"") | Z30: =IFERROR(IF($A30="","",$X30*$Y30),"") | AA30: =IFERROR(IF($C30="","",VLOOKUP($C30,'Property Setup'!$B$13:$T$21,19,0)),"") | AB30: =IFERROR(IF($A30="","",MAX(0,$T30-$W30)*$AA30),"") | AC30: =IFERROR(IF($A30="","",$T30+$U30+$V30-$W30+$Z30+$AB30),"") | AE30: =IFERROR(IF($A30="","",MAX(0,$AC30-$AD30)),"") | AG30: =IFERROR(IF($A30="","",IF($E30="Canceled","Canceled",IF($AE30=0,"Paid",IF(AND($AF30<TODAY(),$AE30>0),"Past Due",IF($AD30>0,"Partially Paid","Unpaid"))))),"") | AH30: =IFERROR(IF($A30="","",$K30-TODAY()),"") | AN30: =IFERROR(IF(OR($A30="",$E30="Canceled"),"",MAX(0,MIN($L30,EOMONTH(TODAY(),0)+1)-MAX($K30,EOMONTH(TODAY(),-1)+1))),"") | AO30: =IFERROR(IF(OR($A30="",$AN30=0),"",$AN30*$S30),"") | AP30: =IFERROR(IF(OR($A30="",$E30="Canceled"),"",MAX(0,MIN($L30,46054)-MAX($K30,46023))),"") | AQ30: =IFERROR(IF(OR($A30="",$E30="Canceled"),"",MAX(0,MIN($L30,46082)-MAX($K30,46054))),"") | AR30: =IFERROR(IF(OR($A30="",$E30="Canceled"),"",MAX(0,MIN($L30,46113)-MAX($K30,46082))),"") | AS30: =IFERROR(IF(OR($A30="",$E30="Canceled"),"",MAX(0,MIN($L30,46143)-MAX($K30,46113))),"") | AT30: =IFERROR(IF(OR($A30="",$E30="Canceled"),"",MAX(0,MIN($L30,46174)-MAX($K30,46143))),"") | AU30: =IFERROR(IF(OR($A30="",$E30="Canceled"),"",MAX(0,MIN($L30,46204)-MAX($K30,46174))),"") | AV30: =IFERROR(IF(OR($A30="",$E30="Canceled"),"",MAX(0,MIN($L30,46235)-MAX($K30,46204))),"") | AW30: =IFERROR(IF(OR($A30="",$E30="Canceled"),"",MAX(0,MIN($L30,46266)-MAX($K30,46235))),"") | AX30: =IFERROR(IF(OR($A30="",$E30="Canceled"),"",MAX(0,MIN($L30,46296)-MAX($K30,46266))),"") | AY30: =IFERROR(IF(OR($A30="",$E30="Canceled"),"",MAX(0,MIN($L30,46327)-MAX($K30,46296))),"") | AZ30: =IFERROR(IF(OR($A30="",$E30="Canceled"),"",MAX(0,MIN($L30,46357)-MAX($K30,46327))),"") | BA30: =IFERROR(IF(OR($A30="",$E30="Canceled"),"",MAX(0,MIN($L30,46388)-MAX($K30,46357))),"") | BB30: =IFERROR(IF(AND($A30<>"",$K30=TODAY(),$E30<>"Canceled"),COUNTIFS($K$5:$K$30,TODAY(),$E$5:$E$30,"<>Canceled"),""),"") | BC30: =IFERROR(IF(AND($A30<>"",$K30>=TODAY(),$E30<>"Canceled"),COUNTIFS($K$5:$K$104,"<"&$K30,$E$5:$E$104,"<>Canceled")+COUNTIFS($K$5:$K$30,$K30,$E$5:$E$30,"<>Canceled"),""),"") | BD30: =IFERROR(IF(AND($A30<>"",$E30<>"Canceled",$AE30>0,$K30>=TODAY(),$K30<=TODAY()+'Property Setup'!$B$7),COUNTIFS($AE$5:$AE$30,">0",$K$5:$K$30,">="&TODAY(),$K$5:$K$30,"<="&TODAY()+'Property Setup'!$B$7),""),"")
M31: =IFERROR(IF($A31="","",MAX(0,$L31-$K31)),"") | P31: =IFERROR(IF($A31="","",$N31+$O31),"") | Q31: =IFERROR(IF($C31="","",VLOOKUP($C31,'Property Setup'!$B$13:$L$21,11,0)),"") | R31: =IFERROR(IF($C31="","",IF($P31>$Q31,"Review Guest Count","Within Limit")),"") | T31: =IFERROR(IF($A31="","",$M31*$S31),"") | X31: =IFERROR(IF($A31="","",MAX(0,$T31-$W31+IF(VLOOKUP($C31,'Property Setup'!$B$13:$R$21,17,0)="Yes",$U31,0))),"") | Y31: =IFERROR(IF($C31="","",VLOOKUP($C31,'Property Setup'!$B$13:$S$21,18,0)),"") | Z31: =IFERROR(IF($A31="","",$X31*$Y31),"") | AA31: =IFERROR(IF($C31="","",VLOOKUP($C31,'Property Setup'!$B$13:$T$21,19,0)),"") | AB31: =IFERROR(IF($A31="","",MAX(0,$T31-$W31)*$AA31),"") | AC31: =IFERROR(IF($A31="","",$T31+$U31+$V31-$W31+$Z31+$AB31),"") | AE31: =IFERROR(IF($A31="","",MAX(0,$AC31-$AD31)),"") | AG31: =IFERROR(IF($A31="","",IF($E31="Canceled","Canceled",IF($AE31=0,"Paid",IF(AND($AF31<TODAY(),$AE31>0),"Past Due",IF($AD31>0,"Partially Paid","Unpaid"))))),"") | AH31: =IFERROR(IF($A31="","",$K31-TODAY()),"") | AN31: =IFERROR(IF(OR($A31="",$E31="Canceled"),"",MAX(0,MIN($L31,EOMONTH(TODAY(),0)+1)-MAX($K31,EOMONTH(TODAY(),-1)+1))),"") | AO31: =IFERROR(IF(OR($A31="",$AN31=0),"",$AN31*$S31),"") | AP31: =IFERROR(IF(OR($A31="",$E31="Canceled"),"",MAX(0,MIN($L31,46054)-MAX($K31,46023))),"") | AQ31: =IFERROR(IF(OR($A31="",$E31="Canceled"),"",MAX(0,MIN($L31,46082)-MAX($K31,46054))),"") | AR31: =IFERROR(IF(OR($A31="",$E31="Canceled"),"",MAX(0,MIN($L31,46113)-MAX($K31,46082))),"") | AS31: =IFERROR(IF(OR($A31="",$E31="Canceled"),"",MAX(0,MIN($L31,46143)-MAX($K31,46113))),"") | AT31: =IFERROR(IF(OR($A31="",$E31="Canceled"),"",MAX(0,MIN($L31,46174)-MAX($K31,46143))),"") | AU31: =IFERROR(IF(OR($A31="",$E31="Canceled"),"",MAX(0,MIN($L31,46204)-MAX($K31,46174))),"") | AV31: =IFERROR(IF(OR($A31="",$E31="Canceled"),"",MAX(0,MIN($L31,46235)-MAX($K31,46204))),"") | AW31: =IFERROR(IF(OR($A31="",$E31="Canceled"),"",MAX(0,MIN($L31,46266)-MAX($K31,46235))),"") | AX31: =IFERROR(IF(OR($A31="",$E31="Canceled"),"",MAX(0,MIN($L31,46296)-MAX($K31,46266))),"") | AY31: =IFERROR(IF(OR($A31="",$E31="Canceled"),"",MAX(0,MIN($L31,46327)-MAX($K31,46296))),"") | AZ31: =IFERROR(IF(OR($A31="",$E31="Canceled"),"",MAX(0,MIN($L31,46357)-MAX($K31,46327))),"") | BA31: =IFERROR(IF(OR($A31="",$E31="Canceled"),"",MAX(0,MIN($L31,46388)-MAX($K31,46357))),"") | BB31: =IFERROR(IF(AND($A31<>"",$K31=TODAY(),$E31<>"Canceled"),COUNTIFS($K$5:$K$31,TODAY(),$E$5:$E$31,"<>Canceled"),""),"") | BC31: =IFERROR(IF(AND($A31<>"",$K31>=TODAY(),$E31<>"Canceled"),COUNTIFS($K$5:$K$104,"<"&$K31,$E$5:$E$104,"<>Canceled")+COUNTIFS($K$5:$K$31,$K31,$E$5:$E$31,"<>Canceled"),""),"") | BD31: =IFERROR(IF(AND($A31<>"",$E31<>"Canceled",$AE31>0,$K31>=TODAY(),$K31<=TODAY()+'Property Setup'!$B$7),COUNTIFS($AE$5:$AE$31,">0",$K$5:$K$31,">="&TODAY(),$K$5:$K$31,"<="&TODAY()+'Property Setup'!$B$7),""),"")
M32: =IFERROR(IF($A32="","",MAX(0,$L32-$K32)),"") | P32: =IFERROR(IF($A32="","",$N32+$O32),"") | Q32: =IFERROR(IF($C32="","",VLOOKUP($C32,'Property Setup'!$B$13:$L$21,11,0)),"") | R32: =IFERROR(IF($C32="","",IF($P32>$Q32,"Review Guest Count","Within Limit")),"") | T32: =IFERROR(IF($A32="","",$M32*$S32),"") | X32: =IFERROR(IF($A32="","",MAX(0,$T32-$W32+IF(VLOOKUP($C32,'Property Setup'!$B$13:$R$21,17,0)="Yes",$U32,0))),"") | Y32: =IFERROR(IF($C32="","",VLOOKUP($C32,'Property Setup'!$B$13:$S$21,18,0)),"") | Z32: =IFERROR(IF($A32="","",$X32*$Y32),"") | AA32: =IFERROR(IF($C32="","",VLOOKUP($C32,'Property Setup'!$B$13:$T$21,19,0)),"") | AB32: =IFERROR(IF($A32="","",MAX(0,$T32-$W32)*$AA32),"") | AC32: =IFERROR(IF($A32="","",$T32+$U32+$V32-$W32+$Z32+$AB32),"") | AE32: =IFERROR(IF($A32="","",MAX(0,$AC32-$AD32)),"") | AG32: =IFERROR(IF($A32="","",IF($E32="Canceled","Canceled",IF($AE32=0,"Paid",IF(AND($AF32<TODAY(),$AE32>0),"Past Due",IF($AD32>0,"Partially Paid","Unpaid"))))),"") | AH32: =IFERROR(IF($A32="","",$K32-TODAY()),"") | AN32: =IFERROR(IF(OR($A32="",$E32="Canceled"),"",MAX(0,MIN($L32,EOMONTH(TODAY(),0)+1)-MAX($K32,EOMONTH(TODAY(),-1)+1))),"") | AO32: =IFERROR(IF(OR($A32="",$AN32=0),"",$AN32*$S32),"") | AP32: =IFERROR(IF(OR($A32="",$E32="Canceled"),"",MAX(0,MIN($L32,46054)-MAX($K32,46023))),"") | AQ32: =IFERROR(IF(OR($A32="",$E32="Canceled"),"",MAX(0,MIN($L32,46082)-MAX($K32,46054))),"") | AR32: =IFERROR(IF(OR($A32="",$E32="Canceled"),"",MAX(0,MIN($L32,46113)-MAX($K32,46082))),"") | AS32: =IFERROR(IF(OR($A32="",$E32="Canceled"),"",MAX(0,MIN($L32,46143)-MAX($K32,46113))),"") | AT32: =IFERROR(IF(OR($A32="",$E32="Canceled"),"",MAX(0,MIN($L32,46174)-MAX($K32,46143))),"") | AU32: =IFERROR(IF(OR($A32="",$E32="Canceled"),"",MAX(0,MIN($L32,46204)-MAX($K32,46174))),"") | AV32: =IFERROR(IF(OR($A32="",$E32="Canceled"),"",MAX(0,MIN($L32,46235)-MAX($K32,46204))),"") | AW32: =IFERROR(IF(OR($A32="",$E32="Canceled"),"",MAX(0,MIN($L32,46266)-MAX($K32,46235))),"") | AX32: =IFERROR(IF(OR($A32="",$E32="Canceled"),"",MAX(0,MIN($L32,46296)-MAX($K32,46266))),"") | AY32: =IFERROR(IF(OR($A32="",$E32="Canceled"),"",MAX(0,MIN($L32,46327)-MAX($K32,46296))),"") | AZ32: =IFERROR(IF(OR($A32="",$E32="Canceled"),"",MAX(0,MIN($L32,46357)-MAX($K32,46327))),"") | BA32: =IFERROR(IF(OR($A32="",$E32="Canceled"),"",MAX(0,MIN($L32,46388)-MAX($K32,46357))),"") | BB32: =IFERROR(IF(AND($A32<>"",$K32=TODAY(),$E32<>"Canceled"),COUNTIFS($K$5:$K$32,TODAY(),$E$5:$E$32,"<>Canceled"),""),"") | BC32: =IFERROR(IF(AND($A32<>"",$K32>=TODAY(),$E32<>"Canceled"),COUNTIFS($K$5:$K$104,"<"&$K32,$E$5:$E$104,"<>Canceled")+COUNTIFS($K$5:$K$32,$K32,$E$5:$E$32,"<>Canceled"),""),"") | BD32: =IFERROR(IF(AND($A32<>"",$E32<>"Canceled",$AE32>0,$K32>=TODAY(),$K32<=TODAY()+'Property Setup'!$B$7),COUNTIFS($AE$5:$AE$32,">0",$K$5:$K$32,">="&TODAY(),$K$5:$K$32,"<="&TODAY()+'Property Setup'!$B$7),""),"")
M33: =IFERROR(IF($A33="","",MAX(0,$L33-$K33)),"") | P33: =IFERROR(IF($A33="","",$N33+$O33),"") | Q33: =IFERROR(IF($C33="","",VLOOKUP($C33,'Property Setup'!$B$13:$L$21,11,0)),"") | R33: =IFERROR(IF($C33="","",IF($P33>$Q33,"Review Guest Count","Within Limit")),"") | T33: =IFERROR(IF($A33="","",$M33*$S33),"") | X33: =IFERROR(IF($A33="","",MAX(0,$T33-$W33+IF(VLOOKUP($C33,'Property Setup'!$B$13:$R$21,17,0)="Yes",$U33,0))),"") | Y33: =IFERROR(IF($C33="","",VLOOKUP($C33,'Property Setup'!$B$13:$S$21,18,0)),"") | Z33: =IFERROR(IF($A33="","",$X33*$Y33),"") | AA33: =IFERROR(IF($C33="","",VLOOKUP($C33,'Property Setup'!$B$13:$T$21,19,0)),"") | AB33: =IFERROR(IF($A33="","",MAX(0,$T33-$W33)*$AA33),"") | AC33: =IFERROR(IF($A33="","",$T33+$U33+$V33-$W33+$Z33+$AB33),"") | AE33: =IFERROR(IF($A33="","",MAX(0,$AC33-$AD33)),"") | AG33: =IFERROR(IF($A33="","",IF($E33="Canceled","Canceled",IF($AE33=0,"Paid",IF(AND($AF33<TODAY(),$AE33>0),"Past Due",IF($AD33>0,"Partially Paid","Unpaid"))))),"") | AH33: =IFERROR(IF($A33="","",$K33-TODAY()),"") | AN33: =IFERROR(IF(OR($A33="",$E33="Canceled"),"",MAX(0,MIN($L33,EOMONTH(TODAY(),0)+1)-MAX($K33,EOMONTH(TODAY(),-1)+1))),"") | AO33: =IFERROR(IF(OR($A33="",$AN33=0),"",$AN33*$S33),"") | AP33: =IFERROR(IF(OR($A33="",$E33="Canceled"),"",MAX(0,MIN($L33,46054)-MAX($K33,46023))),"") | AQ33: =IFERROR(IF(OR($A33="",$E33="Canceled"),"",MAX(0,MIN($L33,46082)-MAX($K33,46054))),"") | AR33: =IFERROR(IF(OR($A33="",$E33="Canceled"),"",MAX(0,MIN($L33,46113)-MAX($K33,46082))),"") | AS33: =IFERROR(IF(OR($A33="",$E33="Canceled"),"",MAX(0,MIN($L33,46143)-MAX($K33,46113))),"") | AT33: =IFERROR(IF(OR($A33="",$E33="Canceled"),"",MAX(0,MIN($L33,46174)-MAX($K33,46143))),"") | AU33: =IFERROR(IF(OR($A33="",$E33="Canceled"),"",MAX(0,MIN($L33,46204)-MAX($K33,46174))),"") | AV33: =IFERROR(IF(OR($A33="",$E33="Canceled"),"",MAX(0,MIN($L33,46235)-MAX($K33,46204))),"") | AW33: =IFERROR(IF(OR($A33="",$E33="Canceled"),"",MAX(0,MIN($L33,46266)-MAX($K33,46235))),"") | AX33: =IFERROR(IF(OR($A33="",$E33="Canceled"),"",MAX(0,MIN($L33,46296)-MAX($K33,46266))),"") | AY33: =IFERROR(IF(OR($A33="",$E33="Canceled"),"",MAX(0,MIN($L33,46327)-MAX($K33,46296))),"") | AZ33: =IFERROR(IF(OR($A33="",$E33="Canceled"),"",MAX(0,MIN($L33,46357)-MAX($K33,46327))),"") | BA33: =IFERROR(IF(OR($A33="",$E33="Canceled"),"",MAX(0,MIN($L33,46388)-MAX($K33,46357))),"") | BB33: =IFERROR(IF(AND($A33<>"",$K33=TODAY(),$E33<>"Canceled"),COUNTIFS($K$5:$K$33,TODAY(),$E$5:$E$33,"<>Canceled"),""),"") | BC33: =IFERROR(IF(AND($A33<>"",$K33>=TODAY(),$E33<>"Canceled"),COUNTIFS($K$5:$K$104,"<"&$K33,$E$5:$E$104,"<>Canceled")+COUNTIFS($K$5:$K$33,$K33,$E$5:$E$33,"<>Canceled"),""),"") | BD33: =IFERROR(IF(AND($A33<>"",$E33<>"Canceled",$AE33>0,$K33>=TODAY(),$K33<=TODAY()+'Property Setup'!$B$7),COUNTIFS($AE$5:$AE$33,">0",$K$5:$K$33,">="&TODAY(),$K$5:$K$33,"<="&TODAY()+'Property Setup'!$B$7),""),"")
M34: =IFERROR(IF($A34="","",MAX(0,$L34-$K34)),"") | P34: =IFERROR(IF($A34="","",$N34+$O34),"") | Q34: =IFERROR(IF($C34="","",VLOOKUP($C34,'Property Setup'!$B$13:$L$21,11,0)),"") | R34: =IFERROR(IF($C34="","",IF($P34>$Q34,"Review Guest Count","Within Limit")),"") | T34: =IFERROR(IF($A34="","",$M34*$S34),"") | X34: =IFERROR(IF($A34="","",MAX(0,$T34-$W34+IF(VLOOKUP($C34,'Property Setup'!$B$13:$R$21,17,0)="Yes",$U34,0))),"") | Y34: =IFERROR(IF($C34="","",VLOOKUP($C34,'Property Setup'!$B$13:$S$21,18,0)),"") | Z34: =IFERROR(IF($A34="","",$X34*$Y34),"") | AA34: =IFERROR(IF($C34="","",VLOOKUP($C34,'Property Setup'!$B$13:$T$21,19,0)),"") | AB34: =IFERROR(IF($A34="","",MAX(0,$T34-$W34)*$AA34),"") | AC34: =IFERROR(IF($A34="","",$T34+$U34+$V34-$W34+$Z34+$AB34),"") | AE34: =IFERROR(IF($A34="","",MAX(0,$AC34-$AD34)),"") | AG34: =IFERROR(IF($A34="","",IF($E34="Canceled","Canceled",IF($AE34=0,"Paid",IF(AND($AF34<TODAY(),$AE34>0),"Past Due",IF($AD34>0,"Partially Paid","Unpaid"))))),"") | AH34: =IFERROR(IF($A34="","",$K34-TODAY()),"") | AN34: =IFERROR(IF(OR($A34="",$E34="Canceled"),"",MAX(0,MIN($L34,EOMONTH(TODAY(),0)+1)-MAX($K34,EOMONTH(TODAY(),-1)+1))),"") | AO34: =IFERROR(IF(OR($A34="",$AN34=0),"",$AN34*$S34),"") | AP34: =IFERROR(IF(OR($A34="",$E34="Canceled"),"",MAX(0,MIN($L34,46054)-MAX($K34,46023))),"") | AQ34: =IFERROR(IF(OR($A34="",$E34="Canceled"),"",MAX(0,MIN($L34,46082)-MAX($K34,46054))),"") | AR34: =IFERROR(IF(OR($A34="",$E34="Canceled"),"",MAX(0,MIN($L34,46113)-MAX($K34,46082))),"") | AS34: =IFERROR(IF(OR($A34="",$E34="Canceled"),"",MAX(0,MIN($L34,46143)-MAX($K34,46113))),"") | AT34: =IFERROR(IF(OR($A34="",$E34="Canceled"),"",MAX(0,MIN($L34,46174)-MAX($K34,46143))),"") | AU34: =IFERROR(IF(OR($A34="",$E34="Canceled"),"",MAX(0,MIN($L34,46204)-MAX($K34,46174))),"") | AV34: =IFERROR(IF(OR($A34="",$E34="Canceled"),"",MAX(0,MIN($L34,46235)-MAX($K34,46204))),"") | AW34: =IFERROR(IF(OR($A34="",$E34="Canceled"),"",MAX(0,MIN($L34,46266)-MAX($K34,46235))),"") | AX34: =IFERROR(IF(OR($A34="",$E34="Canceled"),"",MAX(0,MIN($L34,46296)-MAX($K34,46266))),"") | AY34: =IFERROR(IF(OR($A34="",$E34="Canceled"),"",MAX(0,MIN($L34,46327)-MAX($K34,46296))),"") | AZ34: =IFERROR(IF(OR($A34="",$E34="Canceled"),"",MAX(0,MIN($L34,46357)-MAX($K34,46327))),"") | BA34: =IFERROR(IF(OR($A34="",$E34="Canceled"),"",MAX(0,MIN($L34,46388)-MAX($K34,46357))),"") | BB34: =IFERROR(IF(AND($A34<>"",$K34=TODAY(),$E34<>"Canceled"),COUNTIFS($K$5:$K$34,TODAY(),$E$5:$E$34,"<>Canceled"),""),"") | BC34: =IFERROR(IF(AND($A34<>"",$K34>=TODAY(),$E34<>"Canceled"),COUNTIFS($K$5:$K$104,"<"&$K34,$E$5:$E$104,"<>Canceled")+COUNTIFS($K$5:$K$34,$K34,$E$5:$E$34,"<>Canceled"),""),"") | BD34: =IFERROR(IF(AND($A34<>"",$E34<>"Canceled",$AE34>0,$K34>=TODAY(),$K34<=TODAY()+'Property Setup'!$B$7),COUNTIFS($AE$5:$AE$34,">0",$K$5:$K$34,">="&TODAY(),$K$5:$K$34,"<="&TODAY()+'Property Setup'!$B$7),""),"")
M35: =IFERROR(IF($A35="","",MAX(0,$L35-$K35)),"") | P35: =IFERROR(IF($A35="","",$N35+$O35),"") | Q35: =IFERROR(IF($C35="","",VLOOKUP($C35,'Property Setup'!$B$13:$L$21,11,0)),"") | R35: =IFERROR(IF($C35="","",IF($P35>$Q35,"Review Guest Count","Within Limit")),"") | T35: =IFERROR(IF($A35="","",$M35*$S35),"") | X35: =IFERROR(IF($A35="","",MAX(0,$T35-$W35+IF(VLOOKUP($C35,'Property Setup'!$B$13:$R$21,17,0)="Yes",$U35,0))),"") | Y35: =IFERROR(IF($C35="","",VLOOKUP($C35,'Property Setup'!$B$13:$S$21,18,0)),"") | Z35: =IFERROR(IF($A35="","",$X35*$Y35),"") | AA35: =IFERROR(IF($C35="","",VLOOKUP($C35,'Property Setup'!$B$13:$T$21,19,0)),"") | AB35: =IFERROR(IF($A35="","",MAX(0,$T35-$W35)*$AA35),"") | AC35: =IFERROR(IF($A35="","",$T35+$U35+$V35-$W35+$Z35+$AB35),"") | AE35: =IFERROR(IF($A35="","",MAX(0,$AC35-$AD35)),"") | AG35: =IFERROR(IF($A35="","",IF($E35="Canceled","Canceled",IF($AE35=0,"Paid",IF(AND($AF35<TODAY(),$AE35>0),"Past Due",IF($AD35>0,"Partially Paid","Unpaid"))))),"") | AH35: =IFERROR(IF($A35="","",$K35-TODAY()),"") | AN35: =IFERROR(IF(OR($A35="",$E35="Canceled"),"",MAX(0,MIN($L35,EOMONTH(TODAY(),0)+1)-MAX($K35,EOMONTH(TODAY(),-1)+1))),"") | AO35: =IFERROR(IF(OR($A35="",$AN35=0),"",$AN35*$S35),"") | AP35: =IFERROR(IF(OR($A35="",$E35="Canceled"),"",MAX(0,MIN($L35,46054)-MAX($K35,46023))),"") | AQ35: =IFERROR(IF(OR($A35="",$E35="Canceled"),"",MAX(0,MIN($L35,46082)-MAX($K35,46054))),"") | AR35: =IFERROR(IF(OR($A35="",$E35="Canceled"),"",MAX(0,MIN($L35,46113)-MAX($K35,46082))),"") | AS35: =IFERROR(IF(OR($A35="",$E35="Canceled"),"",MAX(0,MIN($L35,46143)-MAX($K35,46113))),"") | AT35: =IFERROR(IF(OR($A35="",$E35="Canceled"),"",MAX(0,MIN($L35,46174)-MAX($K35,46143))),"") | AU35: =IFERROR(IF(OR($A35="",$E35="Canceled"),"",MAX(0,MIN($L35,46204)-MAX($K35,46174))),"") | AV35: =IFERROR(IF(OR($A35="",$E35="Canceled"),"",MAX(0,MIN($L35,46235)-MAX($K35,46204))),"") | AW35: =IFERROR(IF(OR($A35="",$E35="Canceled"),"",MAX(0,MIN($L35,46266)-MAX($K35,46235))),"") | AX35: =IFERROR(IF(OR($A35="",$E35="Canceled"),"",MAX(0,MIN($L35,46296)-MAX($K35,46266))),"") | AY35: =IFERROR(IF(OR($A35="",$E35="Canceled"),"",MAX(0,MIN($L35,46327)-MAX($K35,46296))),"") | AZ35: =IFERROR(IF(OR($A35="",$E35="Canceled"),"",MAX(0,MIN($L35,46357)-MAX($K35,46327))),"") | BA35: =IFERROR(IF(OR($A35="",$E35="Canceled"),"",MAX(0,MIN($L35,46388)-MAX($K35,46357))),"") | BB35: =IFERROR(IF(AND($A35<>"",$K35=TODAY(),$E35<>"Canceled"),COUNTIFS($K$5:$K$35,TODAY(),$E$5:$E$35,"<>Canceled"),""),"") | BC35: =IFERROR(IF(AND($A35<>"",$K35>=TODAY(),$E35<>"Canceled"),COUNTIFS($K$5:$K$104,"<"&$K35,$E$5:$E$104,"<>Canceled")+COUNTIFS($K$5:$K$35,$K35,$E$5:$E$35,"<>Canceled"),""),"") | BD35: =IFERROR(IF(AND($A35<>"",$E35<>"Canceled",$AE35>0,$K35>=TODAY(),$K35<=TODAY()+'Property Setup'!$B$7),COUNTIFS($AE$5:$AE$35,">0",$K$5:$K$35,">="&TODAY(),$K$5:$K$35,"<="&TODAY()+'Property Setup'!$B$7),""),"")
M36: =IFERROR(IF($A36="","",MAX(0,$L36-$K36)),"") | P36: =IFERROR(IF($A36="","",$N36+$O36),"") | Q36: =IFERROR(IF($C36="","",VLOOKUP($C36,'Property Setup'!$B$13:$L$21,11,0)),"") | R36: =IFERROR(IF($C36="","",IF($P36>$Q36,"Review Guest Count","Within Limit")),"") | T36: =IFERROR(IF($A36="","",$M36*$S36),"") | X36: =IFERROR(IF($A36="","",MAX(0,$T36-$W36+IF(VLOOKUP($C36,'Property Setup'!$B$13:$R$21,17,0)="Yes",$U36,0))),"") | Y36: =IFERROR(IF($C36="","",VLOOKUP($C36,'Property Setup'!$B$13:$S$21,18,0)),"") | Z36: =IFERROR(IF($A36="","",$X36*$Y36),"") | AA36: =IFERROR(IF($C36="","",VLOOKUP($C36,'Property Setup'!$B$13:$T$21,19,0)),"") | AB36: =IFERROR(IF($A36="","",MAX(0,$T36-$W36)*$AA36),"") | AC36: =IFERROR(IF($A36="","",$T36+$U36+$V36-$W36+$Z36+$AB36),"") | AE36: =IFERROR(IF($A36="","",MAX(0,$AC36-$AD36)),"") | AG36: =IFERROR(IF($A36="","",IF($E36="Canceled","Canceled",IF($AE36=0,"Paid",IF(AND($AF36<TODAY(),$AE36>0),"Past Due",IF($AD36>0,"Partially Paid","Unpaid"))))),"") | AH36: =IFERROR(IF($A36="","",$K36-TODAY()),"") | AN36: =IFERROR(IF(OR($A36="",$E36="Canceled"),"",MAX(0,MIN($L36,EOMONTH(TODAY(),0)+1)-MAX($K36,EOMONTH(TODAY(),-1)+1))),"") | AO36: =IFERROR(IF(OR($A36="",$AN36=0),"",$AN36*$S36),"") | AP36: =IFERROR(IF(OR($A36="",$E36="Canceled"),"",MAX(0,MIN($L36,46054)-MAX($K36,46023))),"") | AQ36: =IFERROR(IF(OR($A36="",$E36="Canceled"),"",MAX(0,MIN($L36,46082)-MAX($K36,46054))),"") | AR36: =IFERROR(IF(OR($A36="",$E36="Canceled"),"",MAX(0,MIN($L36,46113)-MAX($K36,46082))),"") | AS36: =IFERROR(IF(OR($A36="",$E36="Canceled"),"",MAX(0,MIN($L36,46143)-MAX($K36,46113))),"") | AT36: =IFERROR(IF(OR($A36="",$E36="Canceled"),"",MAX(0,MIN($L36,46174)-MAX($K36,46143))),"") | AU36: =IFERROR(IF(OR($A36="",$E36="Canceled"),"",MAX(0,MIN($L36,46204)-MAX($K36,46174))),"") | AV36: =IFERROR(IF(OR($A36="",$E36="Canceled"),"",MAX(0,MIN($L36,46235)-MAX($K36,46204))),"") | AW36: =IFERROR(IF(OR($A36="",$E36="Canceled"),"",MAX(0,MIN($L36,46266)-MAX($K36,46235))),"") | AX36: =IFERROR(IF(OR($A36="",$E36="Canceled"),"",MAX(0,MIN($L36,46296)-MAX($K36,46266))),"") | AY36: =IFERROR(IF(OR($A36="",$E36="Canceled"),"",MAX(0,MIN($L36,46327)-MAX($K36,46296))),"") | AZ36: =IFERROR(IF(OR($A36="",$E36="Canceled"),"",MAX(0,MIN($L36,46357)-MAX($K36,46327))),"") | BA36: =IFERROR(IF(OR($A36="",$E36="Canceled"),"",MAX(0,MIN($L36,46388)-MAX($K36,46357))),"") | BB36: =IFERROR(IF(AND($A36<>"",$K36=TODAY(),$E36<>"Canceled"),COUNTIFS($K$5:$K$36,TODAY(),$E$5:$E$36,"<>Canceled"),""),"") | BC36: =IFERROR(IF(AND($A36<>"",$K36>=TODAY(),$E36<>"Canceled"),COUNTIFS($K$5:$K$104,"<"&$K36,$E$5:$E$104,"<>Canceled")+COUNTIFS($K$5:$K$36,$K36,$E$5:$E$36,"<>Canceled"),""),"") | BD36: =IFERROR(IF(AND($A36<>"",$E36<>"Canceled",$AE36>0,$K36>=TODAY(),$K36<=TODAY()+'Property Setup'!$B$7),COUNTIFS($AE$5:$AE$36,">0",$K$5:$K$36,">="&TODAY(),$K$5:$K$36,"<="&TODAY()+'Property Setup'!$B$7),""),"")
M37: =IFERROR(IF($A37="","",MAX(0,$L37-$K37)),"") | P37: =IFERROR(IF($A37="","",$N37+$O37),"") | Q37: =IFERROR(IF($C37="","",VLOOKUP($C37,'Property Setup'!$B$13:$L$21,11,0)),"") | R37: =IFERROR(IF($C37="","",IF($P37>$Q37,"Review Guest Count","Within Limit")),"") | T37: =IFERROR(IF($A37="","",$M37*$S37),"") | X37: =IFERROR(IF($A37="","",MAX(0,$T37-$W37+IF(VLOOKUP($C37,'Property Setup'!$B$13:$R$21,17,0)="Yes",$U37,0))),"") | Y37: =IFERROR(IF($C37="","",VLOOKUP($C37,'Property Setup'!$B$13:$S$21,18,0)),"") | Z37: =IFERROR(IF($A37="","",$X37*$Y37),"") | AA37: =IFERROR(IF($C37="","",VLOOKUP($C37,'Property Setup'!$B$13:$T$21,19,0)),"") | AB37: =IFERROR(IF($A37="","",MAX(0,$T37-$W37)*$AA37),"") | AC37: =IFERROR(IF($A37="","",$T37+$U37+$V37-$W37+$Z37+$AB37),"") | AE37: =IFERROR(IF($A37="","",MAX(0,$AC37-$AD37)),"") | AG37: =IFERROR(IF($A37="","",IF($E37="Canceled","Canceled",IF($AE37=0,"Paid",IF(AND($AF37<TODAY(),$AE37>0),"Past Due",IF($AD37>0,"Partially Paid","Unpaid"))))),"") | AH37: =IFERROR(IF($A37="","",$K37-TODAY()),"") | AN37: =IFERROR(IF(OR($A37="",$E37="Canceled"),"",MAX(0,MIN($L37,EOMONTH(TODAY(),0)+1)-MAX($K37,EOMONTH(TODAY(),-1)+1))),"") | AO37: =IFERROR(IF(OR($A37="",$AN37=0),"",$AN37*$S37),"") | AP37: =IFERROR(IF(OR($A37="",$E37="Canceled"),"",MAX(0,MIN($L37,46054)-MAX($K37,46023))),"") | AQ37: =IFERROR(IF(OR($A37="",$E37="Canceled"),"",MAX(0,MIN($L37,46082)-MAX($K37,46054))),"") | AR37: =IFERROR(IF(OR($A37="",$E37="Canceled"),"",MAX(0,MIN($L37,46113)-MAX($K37,46082))),"") | AS37: =IFERROR(IF(OR($A37="",$E37="Canceled"),"",MAX(0,MIN($L37,46143)-MAX($K37,46113))),"") | AT37: =IFERROR(IF(OR($A37="",$E37="Canceled"),"",MAX(0,MIN($L37,46174)-MAX($K37,46143))),"") | AU37: =IFERROR(IF(OR($A37="",$E37="Canceled"),"",MAX(0,MIN($L37,46204)-MAX($K37,46174))),"") | AV37: =IFERROR(IF(OR($A37="",$E37="Canceled"),"",MAX(0,MIN($L37,46235)-MAX($K37,46204))),"") | AW37: =IFERROR(IF(OR($A37="",$E37="Canceled"),"",MAX(0,MIN($L37,46266)-MAX($K37,46235))),"") | AX37: =IFERROR(IF(OR($A37="",$E37="Canceled"),"",MAX(0,MIN($L37,46296)-MAX($K37,46266))),"") | AY37: =IFERROR(IF(OR($A37="",$E37="Canceled"),"",MAX(0,MIN($L37,46327)-MAX($K37,46296))),"") | AZ37: =IFERROR(IF(OR($A37="",$E37="Canceled"),"",MAX(0,MIN($L37,46357)-MAX($K37,46327))),"") | BA37: =IFERROR(IF(OR($A37="",$E37="Canceled"),"",MAX(0,MIN($L37,46388)-MAX($K37,46357))),"") | BB37: =IFERROR(IF(AND($A37<>"",$K37=TODAY(),$E37<>"Canceled"),COUNTIFS($K$5:$K$37,TODAY(),$E$5:$E$37,"<>Canceled"),""),"") | BC37: =IFERROR(IF(AND($A37<>"",$K37>=TODAY(),$E37<>"Canceled"),COUNTIFS($K$5:$K$104,"<"&$K37,$E$5:$E$104,"<>Canceled")+COUNTIFS($K$5:$K$37,$K37,$E$5:$E$37,"<>Canceled"),""),"") | BD37: =IFERROR(IF(AND($A37<>"",$E37<>"Canceled",$AE37>0,$K37>=TODAY(),$K37<=TODAY()+'Property Setup'!$B$7),COUNTIFS($AE$5:$AE$37,">0",$K$5:$K$37,">="&TODAY(),$K$5:$K$37,"<="&TODAY()+'Property Setup'!$B$7),""),"")
M38: =IFERROR(IF($A38="","",MAX(0,$L38-$K38)),"") | P38: =IFERROR(IF($A38="","",$N38+$O38),"") | Q38: =IFERROR(IF($C38="","",VLOOKUP($C38,'Property Setup'!$B$13:$L$21,11,0)),"") | R38: =IFERROR(IF($C38="","",IF($P38>$Q38,"Review Guest Count","Within Limit")),"") | T38: =IFERROR(IF($A38="","",$M38*$S38),"") | X38: =IFERROR(IF($A38="","",MAX(0,$T38-$W38+IF(VLOOKUP($C38,'Property Setup'!$B$13:$R$21,17,0)="Yes",$U38,0))),"") | Y38: =IFERROR(IF($C38="","",VLOOKUP($C38,'Property Setup'!$B$13:$S$21,18,0)),"") | Z38: =IFERROR(IF($A38="","",$X38*$Y38),"") | AA38: =IFERROR(IF($C38="","",VLOOKUP($C38,'Property Setup'!$B$13:$T$21,19,0)),"") | AB38: =IFERROR(IF($A38="","",MAX(0,$T38-$W38)*$AA38),"") | AC38: =IFERROR(IF($A38="","",$T38+$U38+$V38-$W38+$Z38+$AB38),"") | AE38: =IFERROR(IF($A38="","",MAX(0,$AC38-$AD38)),"") | AG38: =IFERROR(IF($A38="","",IF($E38="Canceled","Canceled",IF($AE38=0,"Paid",IF(AND($AF38<TODAY(),$AE38>0),"Past Due",IF($AD38>0,"Partially Paid","Unpaid"))))),"") | AH38: =IFERROR(IF($A38="","",$K38-TODAY()),"") | AN38: =IFERROR(IF(OR($A38="",$E38="Canceled"),"",MAX(0,MIN($L38,EOMONTH(TODAY(),0)+1)-MAX($K38,EOMONTH(TODAY(),-1)+1))),"") | AO38: =IFERROR(IF(OR($A38="",$AN38=0),"",$AN38*$S38),"") | AP38: =IFERROR(IF(OR($A38="",$E38="Canceled"),"",MAX(0,MIN($L38,46054)-MAX($K38,46023))),"") | AQ38: =IFERROR(IF(OR($A38="",$E38="Canceled"),"",MAX(0,MIN($L38,46082)-MAX($K38,46054))),"") | AR38: =IFERROR(IF(OR($A38="",$E38="Canceled"),"",MAX(0,MIN($L38,46113)-MAX($K38,46082))),"") | AS38: =IFERROR(IF(OR($A38="",$E38="Canceled"),"",MAX(0,MIN($L38,46143)-MAX($K38,46113))),"") | AT38: =IFERROR(IF(OR($A38="",$E38="Canceled"),"",MAX(0,MIN($L38,46174)-MAX($K38,46143))),"") | AU38: =IFERROR(IF(OR($A38="",$E38="Canceled"),"",MAX(0,MIN($L38,46204)-MAX($K38,46174))),"") | AV38: =IFERROR(IF(OR($A38="",$E38="Canceled"),"",MAX(0,MIN($L38,46235)-MAX($K38,46204))),"") | AW38: =IFERROR(IF(OR($A38="",$E38="Canceled"),"",MAX(0,MIN($L38,46266)-MAX($K38,46235))),"") | AX38: =IFERROR(IF(OR($A38="",$E38="Canceled"),"",MAX(0,MIN($L38,46296)-MAX($K38,46266))),"") | AY38: =IFERROR(IF(OR($A38="",$E38="Canceled"),"",MAX(0,MIN($L38,46327)-MAX($K38,46296))),"") | AZ38: =IFERROR(IF(OR($A38="",$E38="Canceled"),"",MAX(0,MIN($L38,46357)-MAX($K38,46327))),"") | BA38: =IFERROR(IF(OR($A38="",$E38="Canceled"),"",MAX(0,MIN($L38,46388)-MAX($K38,46357))),"") | BB38: =IFERROR(IF(AND($A38<>"",$K38=TODAY(),$E38<>"Canceled"),COUNTIFS($K$5:$K$38,TODAY(),$E$5:$E$38,"<>Canceled"),""),"") | BC38: =IFERROR(IF(AND($A38<>"",$K38>=TODAY(),$E38<>"Canceled"),COUNTIFS($K$5:$K$104,"<"&$K38,$E$5:$E$104,"<>Canceled")+COUNTIFS($K$5:$K$38,$K38,$E$5:$E$38,"<>Canceled"),""),"") | BD38: =IFERROR(IF(AND($A38<>"",$E38<>"Canceled",$AE38>0,$K38>=TODAY(),$K38<=TODAY()+'Property Setup'!$B$7),COUNTIFS($AE$5:$AE$38,">0",$K$5:$K$38,">="&TODAY(),$K$5:$K$38,"<="&TODAY()+'Property Setup'!$B$7),""),"")
M39: =IFERROR(IF($A39="","",MAX(0,$L39-$K39)),"") | P39: =IFERROR(IF($A39="","",$N39+$O39),"") | Q39: =IFERROR(IF($C39="","",VLOOKUP($C39,'Property Setup'!$B$13:$L$21,11,0)),"") | R39: =IFERROR(IF($C39="","",IF($P39>$Q39,"Review Guest Count","Within Limit")),"") | T39: =IFERROR(IF($A39="","",$M39*$S39),"") | X39: =IFERROR(IF($A39="","",MAX(0,$T39-$W39+IF(VLOOKUP($C39,'Property Setup'!$B$13:$R$21,17,0)="Yes",$U39,0))),"") | Y39: =IFERROR(IF($C39="","",VLOOKUP($C39,'Property Setup'!$B$13:$S$21,18,0)),"") | Z39: =IFERROR(IF($A39="","",$X39*$Y39),"") | AA39: =IFERROR(IF($C39="","",VLOOKUP($C39,'Property Setup'!$B$13:$T$21,19,0)),"") | AB39: =IFERROR(IF($A39="","",MAX(0,$T39-$W39)*$AA39),"") | AC39: =IFERROR(IF($A39="","",$T39+$U39+$V39-$W39+$Z39+$AB39),"") | AE39: =IFERROR(IF($A39="","",MAX(0,$AC39-$AD39)),"") | AG39: =IFERROR(IF($A39="","",IF($E39="Canceled","Canceled",IF($AE39=0,"Paid",IF(AND($AF39<TODAY(),$AE39>0),"Past Due",IF($AD39>0,"Partially Paid","Unpaid"))))),"") | AH39: =IFERROR(IF($A39="","",$K39-TODAY()),"") | AN39: =IFERROR(IF(OR($A39="",$E39="Canceled"),"",MAX(0,MIN($L39,EOMONTH(TODAY(),0)+1)-MAX($K39,EOMONTH(TODAY(),-1)+1))),"") | AO39: =IFERROR(IF(OR($A39="",$AN39=0),"",$AN39*$S39),"") | AP39: =IFERROR(IF(OR($A39="",$E39="Canceled"),"",MAX(0,MIN($L39,46054)-MAX($K39,46023))),"") | AQ39: =IFERROR(IF(OR($A39="",$E39="Canceled"),"",MAX(0,MIN($L39,46082)-MAX($K39,46054))),"") | AR39: =IFERROR(IF(OR($A39="",$E39="Canceled"),"",MAX(0,MIN($L39,46113)-MAX($K39,46082))),"") | AS39: =IFERROR(IF(OR($A39="",$E39="Canceled"),"",MAX(0,MIN($L39,46143)-MAX($K39,46113))),"") | AT39: =IFERROR(IF(OR($A39="",$E39="Canceled"),"",MAX(0,MIN($L39,46174)-MAX($K39,46143))),"") | AU39: =IFERROR(IF(OR($A39="",$E39="Canceled"),"",MAX(0,MIN($L39,46204)-MAX($K39,46174))),"") | AV39: =IFERROR(IF(OR($A39="",$E39="Canceled"),"",MAX(0,MIN($L39,46235)-MAX($K39,46204))),"") | AW39: =IFERROR(IF(OR($A39="",$E39="Canceled"),"",MAX(0,MIN($L39,46266)-MAX($K39,46235))),"") | AX39: =IFERROR(IF(OR($A39="",$E39="Canceled"),"",MAX(0,MIN($L39,46296)-MAX($K39,46266))),"") | AY39: =IFERROR(IF(OR($A39="",$E39="Canceled"),"",MAX(0,MIN($L39,46327)-MAX($K39,46296))),"") | AZ39: =IFERROR(IF(OR($A39="",$E39="Canceled"),"",MAX(0,MIN($L39,46357)-MAX($K39,46327))),"") | BA39: =IFERROR(IF(OR($A39="",$E39="Canceled"),"",MAX(0,MIN($L39,46388)-MAX($K39,46357))),"") | BB39: =IFERROR(IF(AND($A39<>"",$K39=TODAY(),$E39<>"Canceled"),COUNTIFS($K$5:$K$39,TODAY(),$E$5:$E$39,"<>Canceled"),""),"") | BC39: =IFERROR(IF(AND($A39<>"",$K39>=TODAY(),$E39<>"Canceled"),COUNTIFS($K$5:$K$104,"<"&$K39,$E$5:$E$104,"<>Canceled")+COUNTIFS($K$5:$K$39,$K39,$E$5:$E$39,"<>Canceled"),""),"") | BD39: =IFERROR(IF(AND($A39<>"",$E39<>"Canceled",$AE39>0,$K39>=TODAY(),$K39<=TODAY()+'Property Setup'!$B$7),COUNTIFS($AE$5:$AE$39,">0",$K$5:$K$39,">="&TODAY(),$K$5:$K$39,"<="&TODAY()+'Property Setup'!$B$7),""),"")
M40: =IFERROR(IF($A40="","",MAX(0,$L40-$K40)),"") | P40: =IFERROR(IF($A40="","",$N40+$O40),"") | Q40: =IFERROR(IF($C40="","",VLOOKUP($C40,'Property Setup'!$B$13:$L$21,11,0)),"") | R40: =IFERROR(IF($C40="","",IF($P40>$Q40,"Review Guest Count","Within Limit")),"") | T40: =IFERROR(IF($A40="","",$M40*$S40),"") | X40: =IFERROR(IF($A40="","",MAX(0,$T40-$W40+IF(VLOOKUP($C40,'Property Setup'!$B$13:$R$21,17,0)="Yes",$U40,0))),"") | Y40: =IFERROR(IF($C40="","",VLOOKUP($C40,'Property Setup'!$B$13:$S$21,18,0)),"") | Z40: =IFERROR(IF($A40="","",$X40*$Y40),"") | AA40: =IFERROR(IF($C40="","",VLOOKUP($C40,'Property Setup'!$B$13:$T$21,19,0)),"") | AB40: =IFERROR(IF($A40="","",MAX(0,$T40-$W40)*$AA40),"") | AC40: =IFERROR(IF($A40="","",$T40+$U40+$V40-$W40+$Z40+$AB40),"") | AE40: =IFERROR(IF($A40="","",MAX(0,$AC40-$AD40)),"") | AG40: =IFERROR(IF($A40="","",IF($E40="Canceled","Canceled",IF($AE40=0,"Paid",IF(AND($AF40<TODAY(),$AE40>0),"Past Due",IF($AD40>0,"Partially Paid","Unpaid"))))),"") | AH40: =IFERROR(IF($A40="","",$K40-TODAY()),"") | AN40: =IFERROR(IF(OR($A40="",$E40="Canceled"),"",MAX(0,MIN($L40,EOMONTH(TODAY(),0)+1)-MAX($K40,EOMONTH(TODAY(),-1)+1))),"") | AO40: =IFERROR(IF(OR($A40="",$AN40=0),"",$AN40*$S40),"") | AP40: =IFERROR(IF(OR($A40="",$E40="Canceled"),"",MAX(0,MIN($L40,46054)-MAX($K40,46023))),"") | AQ40: =IFERROR(IF(OR($A40="",$E40="Canceled"),"",MAX(0,MIN($L40,46082)-MAX($K40,46054))),"") | AR40: =IFERROR(IF(OR($A40="",$E40="Canceled"),"",MAX(0,MIN($L40,46113)-MAX($K40,46082))),"") | AS40: =IFERROR(IF(OR($A40="",$E40="Canceled"),"",MAX(0,MIN($L40,46143)-MAX($K40,46113))),"") | AT40: =IFERROR(IF(OR($A40="",$E40="Canceled"),"",MAX(0,MIN($L40,46174)-MAX($K40,46143))),"") | AU40: =IFERROR(IF(OR($A40="",$E40="Canceled"),"",MAX(0,MIN($L40,46204)-MAX($K40,46174))),"") | AV40: =IFERROR(IF(OR($A40="",$E40="Canceled"),"",MAX(0,MIN($L40,46235)-MAX($K40,46204))),"") | AW40: =IFERROR(IF(OR($A40="",$E40="Canceled"),"",MAX(0,MIN($L40,46266)-MAX($K40,46235))),"") | AX40: =IFERROR(IF(OR($A40="",$E40="Canceled"),"",MAX(0,MIN($L40,46296)-MAX($K40,46266))),"") | AY40: =IFERROR(IF(OR($A40="",$E40="Canceled"),"",MAX(0,MIN($L40,46327)-MAX($K40,46296))),"") | AZ40: =IFERROR(IF(OR($A40="",$E40="Canceled"),"",MAX(0,MIN($L40,46357)-MAX($K40,46327))),"") | BA40: =IFERROR(IF(OR($A40="",$E40="Canceled"),"",MAX(0,MIN($L40,46388)-MAX($K40,46357))),"") | BB40: =IFERROR(IF(AND($A40<>"",$K40=TODAY(),$E40<>"Canceled"),COUNTIFS($K$5:$K$40,TODAY(),$E$5:$E$40,"<>Canceled"),""),"") | BC40: =IFERROR(IF(AND($A40<>"",$K40>=TODAY(),$E40<>"Canceled"),COUNTIFS($K$5:$K$104,"<"&$K40,$E$5:$E$104,"<>Canceled")+COUNTIFS($K$5:$K$40,$K40,$E$5:$E$40,"<>Canceled"),""),"") | BD40: =IFERROR(IF(AND($A40<>"",$E40<>"Canceled",$AE40>0,$K40>=TODAY(),$K40<=TODAY()+'Property Setup'!$B$7),COUNTIFS($AE$5:$AE$40,">0",$K$5:$K$40,">="&TODAY(),$K$5:$K$40,"<="&TODAY()+'Property Setup'!$B$7),""),"")
M41: =IFERROR(IF($A41="","",MAX(0,$L41-$K41)),"") | P41: =IFERROR(IF($A41="","",$N41+$O41),"") | Q41: =IFERROR(IF($C41="","",VLOOKUP($C41,'Property Setup'!$B$13:$L$21,11,0)),"") | R41: =IFERROR(IF($C41="","",IF($P41>$Q41,"Review Guest Count","Within Limit")),"") | T41: =IFERROR(IF($A41="","",$M41*$S41),"") | X41: =IFERROR(IF($A41="","",MAX(0,$T41-$W41+IF(VLOOKUP($C41,'Property Setup'!$B$13:$R$21,17,0)="Yes",$U41,0))),"") | Y41: =IFERROR(IF($C41="","",VLOOKUP($C41,'Property Setup'!$B$13:$S$21,18,0)),"") | Z41: =IFERROR(IF($A41="","",$X41*$Y41),"") | AA41: =IFERROR(IF($C41="","",VLOOKUP($C41,'Property Setup'!$B$13:$T$21,19,0)),"") | AB41: =IFERROR(IF($A41="","",MAX(0,$T41-$W41)*$AA41),"") | AC41: =IFERROR(IF($A41="","",$T41+$U41+$V41-$W41+$Z41+$AB41),"") | AE41: =IFERROR(IF($A41="","",MAX(0,$AC41-$AD41)),"") | AG41: =IFERROR(IF($A41="","",IF($E41="Canceled","Canceled",IF($AE41=0,"Paid",IF(AND($AF41<TODAY(),$AE41>0),"Past Due",IF($AD41>0,"Partially Paid","Unpaid"))))),"") | AH41: =IFERROR(IF($A41="","",$K41-TODAY()),"") | AN41: =IFERROR(IF(OR($A41="",$E41="Canceled"),"",MAX(0,MIN($L41,EOMONTH(TODAY(),0)+1)-MAX($K41,EOMONTH(TODAY(),-1)+1))),"") | AO41: =IFERROR(IF(OR($A41="",$AN41=0),"",$AN41*$S41),"") | AP41: =IFERROR(IF(OR($A41="",$E41="Canceled"),"",MAX(0,MIN($L41,46054)-MAX($K41,46023))),"") | AQ41: =IFERROR(IF(OR($A41="",$E41="Canceled"),"",MAX(0,MIN($L41,46082)-MAX($K41,46054))),"") | AR41: =IFERROR(IF(OR($A41="",$E41="Canceled"),"",MAX(0,MIN($L41,46113)-MAX($K41,46082))),"") | AS41: =IFERROR(IF(OR($A41="",$E41="Canceled"),"",MAX(0,MIN($L41,46143)-MAX($K41,46113))),"") | AT41: =IFERROR(IF(OR($A41="",$E41="Canceled"),"",MAX(0,MIN($L41,46174)-MAX($K41,46143))),"") | AU41: =IFERROR(IF(OR($A41="",$E41="Canceled"),"",MAX(0,MIN($L41,46204)-MAX($K41,46174))),"") | AV41: =IFERROR(IF(OR($A41="",$E41="Canceled"),"",MAX(0,MIN($L41,46235)-MAX($K41,46204))),"") | AW41: =IFERROR(IF(OR($A41="",$E41="Canceled"),"",MAX(0,MIN($L41,46266)-MAX($K41,46235))),"") | AX41: =IFERROR(IF(OR($A41="",$E41="Canceled"),"",MAX(0,MIN($L41,46296)-MAX($K41,46266))),"") | AY41: =IFERROR(IF(OR($A41="",$E41="Canceled"),"",MAX(0,MIN($L41,46327)-MAX($K41,46296))),"") | AZ41: =IFERROR(IF(OR($A41="",$E41="Canceled"),"",MAX(0,MIN($L41,46357)-MAX($K41,46327))),"") | BA41: =IFERROR(IF(OR($A41="",$E41="Canceled"),"",MAX(0,MIN($L41,46388)-MAX($K41,46357))),"") | BB41: =IFERROR(IF(AND($A41<>"",$K41=TODAY(),$E41<>"Canceled"),COUNTIFS($K$5:$K$41,TODAY(),$E$5:$E$41,"<>Canceled"),""),"") | BC41: =IFERROR(IF(AND($A41<>"",$K41>=TODAY(),$E41<>"Canceled"),COUNTIFS($K$5:$K$104,"<"&$K41,$E$5:$E$104,"<>Canceled")+COUNTIFS($K$5:$K$41,$K41,$E$5:$E$41,"<>Canceled"),""),"") | BD41: =IFERROR(IF(AND($A41<>"",$E41<>"Canceled",$AE41>0,$K41>=TODAY(),$K41<=TODAY()+'Property Setup'!$B$7),COUNTIFS($AE$5:$AE$41,">0",$K$5:$K$41,">="&TODAY(),$K$5:$K$41,"<="&TODAY()+'Property Setup'!$B$7),""),"")
M42: =IFERROR(IF($A42="","",MAX(0,$L42-$K42)),"") | P42: =IFERROR(IF($A42="","",$N42+$O42),"") | Q42: =IFERROR(IF($C42="","",VLOOKUP($C42,'Property Setup'!$B$13:$L$21,11,0)),"") | R42: =IFERROR(IF($C42="","",IF($P42>$Q42,"Review Guest Count","Within Limit")),"") | T42: =IFERROR(IF($A42="","",$M42*$S42),"") | X42: =IFERROR(IF($A42="","",MAX(0,$T42-$W42+IF(VLOOKUP($C42,'Property Setup'!$B$13:$R$21,17,0)="Yes",$U42,0))),"") | Y42: =IFERROR(IF($C42="","",VLOOKUP($C42,'Property Setup'!$B$13:$S$21,18,0)),"") | Z42: =IFERROR(IF($A42="","",$X42*$Y42),"") | AA42: =IFERROR(IF($C42="","",VLOOKUP($C42,'Property Setup'!$B$13:$T$21,19,0)),"") | AB42: =IFERROR(IF($A42="","",MAX(0,$T42-$W42)*$AA42),"") | AC42: =IFERROR(IF($A42="","",$T42+$U42+$V42-$W42+$Z42+$AB42),"") | AE42: =IFERROR(IF($A42="","",MAX(0,$AC42-$AD42)),"") | AG42: =IFERROR(IF($A42="","",IF($E42="Canceled","Canceled",IF($AE42=0,"Paid",IF(AND($AF42<TODAY(),$AE42>0),"Past Due",IF($AD42>0,"Partially Paid","Unpaid"))))),"") | AH42: =IFERROR(IF($A42="","",$K42-TODAY()),"") | AN42: =IFERROR(IF(OR($A42="",$E42="Canceled"),"",MAX(0,MIN($L42,EOMONTH(TODAY(),0)+1)-MAX($K42,EOMONTH(TODAY(),-1)+1))),"") | AO42: =IFERROR(IF(OR($A42="",$AN42=0),"",$AN42*$S42),"") | AP42: =IFERROR(IF(OR($A42="",$E42="Canceled"),"",MAX(0,MIN($L42,46054)-MAX($K42,46023))),"") | AQ42: =IFERROR(IF(OR($A42="",$E42="Canceled"),"",MAX(0,MIN($L42,46082)-MAX($K42,46054))),"") | AR42: =IFERROR(IF(OR($A42="",$E42="Canceled"),"",MAX(0,MIN($L42,46113)-MAX($K42,46082))),"") | AS42: =IFERROR(IF(OR($A42="",$E42="Canceled"),"",MAX(0,MIN($L42,46143)-MAX($K42,46113))),"") | AT42: =IFERROR(IF(OR($A42="",$E42="Canceled"),"",MAX(0,MIN($L42,46174)-MAX($K42,46143))),"") | AU42: =IFERROR(IF(OR($A42="",$E42="Canceled"),"",MAX(0,MIN($L42,46204)-MAX($K42,46174))),"") | AV42: =IFERROR(IF(OR($A42="",$E42="Canceled"),"",MAX(0,MIN($L42,46235)-MAX($K42,46204))),"") | AW42: =IFERROR(IF(OR($A42="",$E42="Canceled"),"",MAX(0,MIN($L42,46266)-MAX($K42,46235))),"") | AX42: =IFERROR(IF(OR($A42="",$E42="Canceled"),"",MAX(0,MIN($L42,46296)-MAX($K42,46266))),"") | AY42: =IFERROR(IF(OR($A42="",$E42="Canceled"),"",MAX(0,MIN($L42,46327)-MAX($K42,46296))),"") | AZ42: =IFERROR(IF(OR($A42="",$E42="Canceled"),"",MAX(0,MIN($L42,46357)-MAX($K42,46327))),"") | BA42: =IFERROR(IF(OR($A42="",$E42="Canceled"),"",MAX(0,MIN($L42,46388)-MAX($K42,46357))),"") | BB42: =IFERROR(IF(AND($A42<>"",$K42=TODAY(),$E42<>"Canceled"),COUNTIFS($K$5:$K$42,TODAY(),$E$5:$E$42,"<>Canceled"),""),"") | BC42: =IFERROR(IF(AND($A42<>"",$K42>=TODAY(),$E42<>"Canceled"),COUNTIFS($K$5:$K$104,"<"&$K42,$E$5:$E$104,"<>Canceled")+COUNTIFS($K$5:$K$42,$K42,$E$5:$E$42,"<>Canceled"),""),"") | BD42: =IFERROR(IF(AND($A42<>"",$E42<>"Canceled",$AE42>0,$K42>=TODAY(),$K42<=TODAY()+'Property Setup'!$B$7),COUNTIFS($AE$5:$AE$42,">0",$K$5:$K$42,">="&TODAY(),$K$5:$K$42,"<="&TODAY()+'Property Setup'!$B$7),""),"")
M43: =IFERROR(IF($A43="","",MAX(0,$L43-$K43)),"") | P43: =IFERROR(IF($A43="","",$N43+$O43),"") | Q43: =IFERROR(IF($C43="","",VLOOKUP($C43,'Property Setup'!$B$13:$L$21,11,0)),"") | R43: =IFERROR(IF($C43="","",IF($P43>$Q43,"Review Guest Count","Within Limit")),"") | T43: =IFERROR(IF($A43="","",$M43*$S43),"") | X43: =IFERROR(IF($A43="","",MAX(0,$T43-$W43+IF(VLOOKUP($C43,'Property Setup'!$B$13:$R$21,17,0)="Yes",$U43,0))),"") | Y43: =IFERROR(IF($C43="","",VLOOKUP($C43,'Property Setup'!$B$13:$S$21,18,0)),"") | Z43: =IFERROR(IF($A43="","",$X43*$Y43),"") | AA43: =IFERROR(IF($C43="","",VLOOKUP($C43,'Property Setup'!$B$13:$T$21,19,0)),"") | AB43: =IFERROR(IF($A43="","",MAX(0,$T43-$W43)*$AA43),"") | AC43: =IFERROR(IF($A43="","",$T43+$U43+$V43-$W43+$Z43+$AB43),"") | AE43: =IFERROR(IF($A43="","",MAX(0,$AC43-$AD43)),"") | AG43: =IFERROR(IF($A43="","",IF($E43="Canceled","Canceled",IF($AE43=0,"Paid",IF(AND($AF43<TODAY(),$AE43>0),"Past Due",IF($AD43>0,"Partially Paid","Unpaid"))))),"") | AH43: =IFERROR(IF($A43="","",$K43-TODAY()),"") | AN43: =IFERROR(IF(OR($A43="",$E43="Canceled"),"",MAX(0,MIN($L43,EOMONTH(TODAY(),0)+1)-MAX($K43,EOMONTH(TODAY(),-1)+1))),"") | AO43: =IFERROR(IF(OR($A43="",$AN43=0),"",$AN43*$S43),"") | AP43: =IFERROR(IF(OR($A43="",$E43="Canceled"),"",MAX(0,MIN($L43,46054)-MAX($K43,46023))),"") | AQ43: =IFERROR(IF(OR($A43="",$E43="Canceled"),"",MAX(0,MIN($L43,46082)-MAX($K43,46054))),"") | AR43: =IFERROR(IF(OR($A43="",$E43="Canceled"),"",MAX(0,MIN($L43,46113)-MAX($K43,46082))),"") | AS43: =IFERROR(IF(OR($A43="",$E43="Canceled"),"",MAX(0,MIN($L43,46143)-MAX($K43,46113))),"") | AT43: =IFERROR(IF(OR($A43="",$E43="Canceled"),"",MAX(0,MIN($L43,46174)-MAX($K43,46143))),"") | AU43: =IFERROR(IF(OR($A43="",$E43="Canceled"),"",MAX(0,MIN($L43,46204)-MAX($K43,46174))),"") | AV43: =IFERROR(IF(OR($A43="",$E43="Canceled"),"",MAX(0,MIN($L43,46235)-MAX($K43,46204))),"") | AW43: =IFERROR(IF(OR($A43="",$E43="Canceled"),"",MAX(0,MIN($L43,46266)-MAX($K43,46235))),"") | AX43: =IFERROR(IF(OR($A43="",$E43="Canceled"),"",MAX(0,MIN($L43,46296)-MAX($K43,46266))),"") | AY43: =IFERROR(IF(OR($A43="",$E43="Canceled"),"",MAX(0,MIN($L43,46327)-MAX($K43,46296))),"") | AZ43: =IFERROR(IF(OR($A43="",$E43="Canceled"),"",MAX(0,MIN($L43,46357)-MAX($K43,46327))),"") | BA43: =IFERROR(IF(OR($A43="",$E43="Canceled"),"",MAX(0,MIN($L43,46388)-MAX($K43,46357))),"") | BB43: =IFERROR(IF(AND($A43<>"",$K43=TODAY(),$E43<>"Canceled"),COUNTIFS($K$5:$K$43,TODAY(),$E$5:$E$43,"<>Canceled"),""),"") | BC43: =IFERROR(IF(AND($A43<>"",$K43>=TODAY(),$E43<>"Canceled"),COUNTIFS($K$5:$K$104,"<"&$K43,$E$5:$E$104,"<>Canceled")+COUNTIFS($K$5:$K$43,$K43,$E$5:$E$43,"<>Canceled"),""),"") | BD43: =IFERROR(IF(AND($A43<>"",$E43<>"Canceled",$AE43>0,$K43>=TODAY(),$K43<=TODAY()+'Property Setup'!$B$7),COUNTIFS($AE$5:$AE$43,">0",$K$5:$K$43,">="&TODAY(),$K$5:$K$43,"<="&TODAY()+'Property Setup'!$B$7),""),"")
M44: =IFERROR(IF($A44="","",MAX(0,$L44-$K44)),"") | P44: =IFERROR(IF($A44="","",$N44+$O44),"") | Q44: =IFERROR(IF($C44="","",VLOOKUP($C44,'Property Setup'!$B$13:$L$21,11,0)),"") | R44: =IFERROR(IF($C44="","",IF($P44>$Q44,"Review Guest Count","Within Limit")),"") | T44: =IFERROR(IF($A44="","",$M44*$S44),"") | X44: =IFERROR(IF($A44="","",MAX(0,$T44-$W44+IF(VLOOKUP($C44,'Property Setup'!$B$13:$R$21,17,0)="Yes",$U44,0))),"") | Y44: =IFERROR(IF($C44="","",VLOOKUP($C44,'Property Setup'!$B$13:$S$21,18,0)),"") | Z44: =IFERROR(IF($A44="","",$X44*$Y44),"") | AA44: =IFERROR(IF($C44="","",VLOOKUP($C44,'Property Setup'!$B$13:$T$21,19,0)),"") | AB44: =IFERROR(IF($A44="","",MAX(0,$T44-$W44)*$AA44),"") | AC44: =IFERROR(IF($A44="","",$T44+$U44+$V44-$W44+$Z44+$AB44),"") | AE44: =IFERROR(IF($A44="","",MAX(0,$AC44-$AD44)),"") | AG44: =IFERROR(IF($A44="","",IF($E44="Canceled","Canceled",IF($AE44=0,"Paid",IF(AND($AF44<TODAY(),$AE44>0),"Past Due",IF($AD44>0,"Partially Paid","Unpaid"))))),"") | AH44: =IFERROR(IF($A44="","",$K44-TODAY()),"") | AN44: =IFERROR(IF(OR($A44="",$E44="Canceled"),"",MAX(0,MIN($L44,EOMONTH(TODAY(),0)+1)-MAX($K44,EOMONTH(TODAY(),-1)+1))),"") | AO44: =IFERROR(IF(OR($A44="",$AN44=0),"",$AN44*$S44),"") | AP44: =IFERROR(IF(OR($A44="",$E44="Canceled"),"",MAX(0,MIN($L44,46054)-MAX($K44,46023))),"") | AQ44: =IFERROR(IF(OR($A44="",$E44="Canceled"),"",MAX(0,MIN($L44,46082)-MAX($K44,46054))),"") | AR44: =IFERROR(IF(OR($A44="",$E44="Canceled"),"",MAX(0,MIN($L44,46113)-MAX($K44,46082))),"") | AS44: =IFERROR(IF(OR($A44="",$E44="Canceled"),"",MAX(0,MIN($L44,46143)-MAX($K44,46113))),"") | AT44: =IFERROR(IF(OR($A44="",$E44="Canceled"),"",MAX(0,MIN($L44,46174)-MAX($K44,46143))),"") | AU44: =IFERROR(IF(OR($A44="",$E44="Canceled"),"",MAX(0,MIN($L44,46204)-MAX($K44,46174))),"") | AV44: =IFERROR(IF(OR($A44="",$E44="Canceled"),"",MAX(0,MIN($L44,46235)-MAX($K44,46204))),"") | AW44: =IFERROR(IF(OR($A44="",$E44="Canceled"),"",MAX(0,MIN($L44,46266)-MAX($K44,46235))),"") | AX44: =IFERROR(IF(OR($A44="",$E44="Canceled"),"",MAX(0,MIN($L44,46296)-MAX($K44,46266))),"") | AY44: =IFERROR(IF(OR($A44="",$E44="Canceled"),"",MAX(0,MIN($L44,46327)-MAX($K44,46296))),"") | AZ44: =IFERROR(IF(OR($A44="",$E44="Canceled"),"",MAX(0,MIN($L44,46357)-MAX($K44,46327))),"") | BA44: =IFERROR(IF(OR($A44="",$E44="Canceled"),"",MAX(0,MIN($L44,46388)-MAX($K44,46357))),"") | BB44: =IFERROR(IF(AND($A44<>"",$K44=TODAY(),$E44<>"Canceled"),COUNTIFS($K$5:$K$44,TODAY(),$E$5:$E$44,"<>Canceled"),""),"") | BC44: =IFERROR(IF(AND($A44<>"",$K44>=TODAY(),$E44<>"Canceled"),COUNTIFS($K$5:$K$104,"<"&$K44,$E$5:$E$104,"<>Canceled")+COUNTIFS($K$5:$K$44,$K44,$E$5:$E$44,"<>Canceled"),""),"") | BD44: =IFERROR(IF(AND($A44<>"",$E44<>"Canceled",$AE44>0,$K44>=TODAY(),$K44<=TODAY()+'Property Setup'!$B$7),COUNTIFS($AE$5:$AE$44,">0",$K$5:$K$44,">="&TODAY(),$K$5:$K$44,"<="&TODAY()+'Property Setup'!$B$7),""),"")
M45: =IFERROR(IF($A45="","",MAX(0,$L45-$K45)),"") | P45: =IFERROR(IF($A45="","",$N45+$O45),"") | Q45: =IFERROR(IF($C45="","",VLOOKUP($C45,'Property Setup'!$B$13:$L$21,11,0)),"") | R45: =IFERROR(IF($C45="","",IF($P45>$Q45,"Review Guest Count","Within Limit")),"") | T45: =IFERROR(IF($A45="","",$M45*$S45),"") | X45: =IFERROR(IF($A45="","",MAX(0,$T45-$W45+IF(VLOOKUP($C45,'Property Setup'!$B$13:$R$21,17,0)="Yes",$U45,0))),"") | Y45: =IFERROR(IF($C45="","",VLOOKUP($C45,'Property Setup'!$B$13:$S$21,18,0)),"") | Z45: =IFERROR(IF($A45="","",$X45*$Y45),"") | AA45: =IFERROR(IF($C45="","",VLOOKUP($C45,'Property Setup'!$B$13:$T$21,19,0)),"") | AB45: =IFERROR(IF($A45="","",MAX(0,$T45-$W45)*$AA45),"") | AC45: =IFERROR(IF($A45="","",$T45+$U45+$V45-$W45+$Z45+$AB45),"") | AE45: =IFERROR(IF($A45="","",MAX(0,$AC45-$AD45)),"") | AG45: =IFERROR(IF($A45="","",IF($E45="Canceled","Canceled",IF($AE45=0,"Paid",IF(AND($AF45<TODAY(),$AE45>0),"Past Due",IF($AD45>0,"Partially Paid","Unpaid"))))),"") | AH45: =IFERROR(IF($A45="","",$K45-TODAY()),"") | AN45: =IFERROR(IF(OR($A45="",$E45="Canceled"),"",MAX(0,MIN($L45,EOMONTH(TODAY(),0)+1)-MAX($K45,EOMONTH(TODAY(),-1)+1))),"") | AO45: =IFERROR(IF(OR($A45="",$AN45=0),"",$AN45*$S45),"") | AP45: =IFERROR(IF(OR($A45="",$E45="Canceled"),"",MAX(0,MIN($L45,46054)-MAX($K45,46023))),"") | AQ45: =IFERROR(IF(OR($A45="",$E45="Canceled"),"",MAX(0,MIN($L45,46082)-MAX($K45,46054))),"") | AR45: =IFERROR(IF(OR($A45="",$E45="Canceled"),"",MAX(0,MIN($L45,46113)-MAX($K45,46082))),"") | AS45: =IFERROR(IF(OR($A45="",$E45="Canceled"),"",MAX(0,MIN($L45,46143)-MAX($K45,46113))),"") | AT45: =IFERROR(IF(OR($A45="",$E45="Canceled"),"",MAX(0,MIN($L45,46174)-MAX($K45,46143))),"") | AU45: =IFERROR(IF(OR($A45="",$E45="Canceled"),"",MAX(0,MIN($L45,46204)-MAX($K45,46174))),"") | AV45: =IFERROR(IF(OR($A45="",$E45="Canceled"),"",MAX(0,MIN($L45,46235)-MAX($K45,46204))),"") | AW45: =IFERROR(IF(OR($A45="",$E45="Canceled"),"",MAX(0,MIN($L45,46266)-MAX($K45,46235))),"") | AX45: =IFERROR(IF(OR($A45="",$E45="Canceled"),"",MAX(0,MIN($L45,46296)-MAX($K45,46266))),"") | AY45: =IFERROR(IF(OR($A45="",$E45="Canceled"),"",MAX(0,MIN($L45,46327)-MAX($K45,46296))),"") | AZ45: =IFERROR(IF(OR($A45="",$E45="Canceled"),"",MAX(0,MIN($L45,46357)-MAX($K45,46327))),"") | BA45: =IFERROR(IF(OR($A45="",$E45="Canceled"),"",MAX(0,MIN($L45,46388)-MAX($K45,46357))),"") | BB45: =IFERROR(IF(AND($A45<>"",$K45=TODAY(),$E45<>"Canceled"),COUNTIFS($K$5:$K$45,TODAY(),$E$5:$E$45,"<>Canceled"),""),"") | BC45: =IFERROR(IF(AND($A45<>"",$K45>=TODAY(),$E45<>"Canceled"),COUNTIFS($K$5:$K$104,"<"&$K45,$E$5:$E$104,"<>Canceled")+COUNTIFS($K$5:$K$45,$K45,$E$5:$E$45,"<>Canceled"),""),"") | BD45: =IFERROR(IF(AND($A45<>"",$E45<>"Canceled",$AE45>0,$K45>=TODAY(),$K45<=TODAY()+'Property Setup'!$B$7),COUNTIFS($AE$5:$AE$45,">0",$K$5:$K$45,">="&TODAY(),$K$5:$K$45,"<="&TODAY()+'Property Setup'!$B$7),""),"")
M46: =IFERROR(IF($A46="","",MAX(0,$L46-$K46)),"") | P46: =IFERROR(IF($A46="","",$N46+$O46),"") | Q46: =IFERROR(IF($C46="","",VLOOKUP($C46,'Property Setup'!$B$13:$L$21,11,0)),"") | R46: =IFERROR(IF($C46="","",IF($P46>$Q46,"Review Guest Count","Within Limit")),"") | T46: =IFERROR(IF($A46="","",$M46*$S46),"") | X46: =IFERROR(IF($A46="","",MAX(0,$T46-$W46+IF(VLOOKUP($C46,'Property Setup'!$B$13:$R$21,17,0)="Yes",$U46,0))),"") | Y46: =IFERROR(IF($C46="","",VLOOKUP($C46,'Property Setup'!$B$13:$S$21,18,0)),"") | Z46: =IFERROR(IF($A46="","",$X46*$Y46),"") | AA46: =IFERROR(IF($C46="","",VLOOKUP($C46,'Property Setup'!$B$13:$T$21,19,0)),"") | AB46: =IFERROR(IF($A46="","",MAX(0,$T46-$W46)*$AA46),"") | AC46: =IFERROR(IF($A46="","",$T46+$U46+$V46-$W46+$Z46+$AB46),"") | AE46: =IFERROR(IF($A46="","",MAX(0,$AC46-$AD46)),"") | AG46: =IFERROR(IF($A46="","",IF($E46="Canceled","Canceled",IF($AE46=0,"Paid",IF(AND($AF46<TODAY(),$AE46>0),"Past Due",IF($AD46>0,"Partially Paid","Unpaid"))))),"") | AH46: =IFERROR(IF($A46="","",$K46-TODAY()),"") | AN46: =IFERROR(IF(OR($A46="",$E46="Canceled"),"",MAX(0,MIN($L46,EOMONTH(TODAY(),0)+1)-MAX($K46,EOMONTH(TODAY(),-1)+1))),"") | AO46: =IFERROR(IF(OR($A46="",$AN46=0),"",$AN46*$S46),"") | AP46: =IFERROR(IF(OR($A46="",$E46="Canceled"),"",MAX(0,MIN($L46,46054)-MAX($K46,46023))),"") | AQ46: =IFERROR(IF(OR($A46="",$E46="Canceled"),"",MAX(0,MIN($L46,46082)-MAX($K46,46054))),"") | AR46: =IFERROR(IF(OR($A46="",$E46="Canceled"),"",MAX(0,MIN($L46,46113)-MAX($K46,46082))),"") | AS46: =IFERROR(IF(OR($A46="",$E46="Canceled"),"",MAX(0,MIN($L46,46143)-MAX($K46,46113))),"") | AT46: =IFERROR(IF(OR($A46="",$E46="Canceled"),"",MAX(0,MIN($L46,46174)-MAX($K46,46143))),"") | AU46: =IFERROR(IF(OR($A46="",$E46="Canceled"),"",MAX(0,MIN($L46,46204)-MAX($K46,46174))),"") | AV46: =IFERROR(IF(OR($A46="",$E46="Canceled"),"",MAX(0,MIN($L46,46235)-MAX($K46,46204))),"") | AW46: =IFERROR(IF(OR($A46="",$E46="Canceled"),"",MAX(0,MIN($L46,46266)-MAX($K46,46235))),"") | AX46: =IFERROR(IF(OR($A46="",$E46="Canceled"),"",MAX(0,MIN($L46,46296)-MAX($K46,46266))),"") | AY46: =IFERROR(IF(OR($A46="",$E46="Canceled"),"",MAX(0,MIN($L46,46327)-MAX($K46,46296))),"") | AZ46: =IFERROR(IF(OR($A46="",$E46="Canceled"),"",MAX(0,MIN($L46,46357)-MAX($K46,46327))),"") | BA46: =IFERROR(IF(OR($A46="",$E46="Canceled"),"",MAX(0,MIN($L46,46388)-MAX($K46,46357))),"") | BB46: =IFERROR(IF(AND($A46<>"",$K46=TODAY(),$E46<>"Canceled"),COUNTIFS($K$5:$K$46,TODAY(),$E$5:$E$46,"<>Canceled"),""),"") | BC46: =IFERROR(IF(AND($A46<>"",$K46>=TODAY(),$E46<>"Canceled"),COUNTIFS($K$5:$K$104,"<"&$K46,$E$5:$E$104,"<>Canceled")+COUNTIFS($K$5:$K$46,$K46,$E$5:$E$46,"<>Canceled"),""),"") | BD46: =IFERROR(IF(AND($A46<>"",$E46<>"Canceled",$AE46>0,$K46>=TODAY(),$K46<=TODAY()+'Property Setup'!$B$7),COUNTIFS($AE$5:$AE$46,">0",$K$5:$K$46,">="&TODAY(),$K$5:$K$46,"<="&TODAY()+'Property Setup'!$B$7),""),"")
M47: =IFERROR(IF($A47="","",MAX(0,$L47-$K47)),"") | P47: =IFERROR(IF($A47="","",$N47+$O47),"") | Q47: =IFERROR(IF($C47="","",VLOOKUP($C47,'Property Setup'!$B$13:$L$21,11,0)),"") | R47: =IFERROR(IF($C47="","",IF($P47>$Q47,"Review Guest Count","Within Limit")),"") | T47: =IFERROR(IF($A47="","",$M47*$S47),"") | X47: =IFERROR(IF($A47="","",MAX(0,$T47-$W47+IF(VLOOKUP($C47,'Property Setup'!$B$13:$R$21,17,0)="Yes",$U47,0))),"") | Y47: =IFERROR(IF($C47="","",VLOOKUP($C47,'Property Setup'!$B$13:$S$21,18,0)),"") | Z47: =IFERROR(IF($A47="","",$X47*$Y47),"") | AA47: =IFERROR(IF($C47="","",VLOOKUP($C47,'Property Setup'!$B$13:$T$21,19,0)),"") | AB47: =IFERROR(IF($A47="","",MAX(0,$T47-$W47)*$AA47),"") | AC47: =IFERROR(IF($A47="","",$T47+$U47+$V47-$W47+$Z47+$AB47),"") | AE47: =IFERROR(IF($A47="","",MAX(0,$AC47-$AD47)),"") | AG47: =IFERROR(IF($A47="","",IF($E47="Canceled","Canceled",IF($AE47=0,"Paid",IF(AND($AF47<TODAY(),$AE47>0),"Past Due",IF($AD47>0,"Partially Paid","Unpaid"))))),"") | AH47: =IFERROR(IF($A47="","",$K47-TODAY()),"") | AN47: =IFERROR(IF(OR($A47="",$E47="Canceled"),"",MAX(0,MIN($L47,EOMONTH(TODAY(),0)+1)-MAX($K47,EOMONTH(TODAY(),-1)+1))),"") | AO47: =IFERROR(IF(OR($A47="",$AN47=0),"",$AN47*$S47),"") | AP47: =IFERROR(IF(OR($A47="",$E47="Canceled"),"",MAX(0,MIN($L47,46054)-MAX($K47,46023))),"") | AQ47: =IFERROR(IF(OR($A47="",$E47="Canceled"),"",MAX(0,MIN($L47,46082)-MAX($K47,46054))),"") | AR47: =IFERROR(IF(OR($A47="",$E47="Canceled"),"",MAX(0,MIN($L47,46113)-MAX($K47,46082))),"") | AS47: =IFERROR(IF(OR($A47="",$E47="Canceled"),"",MAX(0,MIN($L47,46143)-MAX($K47,46113))),"") | AT47: =IFERROR(IF(OR($A47="",$E47="Canceled"),"",MAX(0,MIN($L47,46174)-MAX($K47,46143))),"") | AU47: =IFERROR(IF(OR($A47="",$E47="Canceled"),"",MAX(0,MIN($L47,46204)-MAX($K47,46174))),"") | AV47: =IFERROR(IF(OR($A47="",$E47="Canceled"),"",MAX(0,MIN($L47,46235)-MAX($K47,46204))),"") | AW47: =IFERROR(IF(OR($A47="",$E47="Canceled"),"",MAX(0,MIN($L47,46266)-MAX($K47,46235))),"") | AX47: =IFERROR(IF(OR($A47="",$E47="Canceled"),"",MAX(0,MIN($L47,46296)-MAX($K47,46266))),"") | AY47: =IFERROR(IF(OR($A47="",$E47="Canceled"),"",MAX(0,MIN($L47,46327)-MAX($K47,46296))),"") | AZ47: =IFERROR(IF(OR($A47="",$E47="Canceled"),"",MAX(0,MIN($L47,46357)-MAX($K47,46327))),"") | BA47: =IFERROR(IF(OR($A47="",$E47="Canceled"),"",MAX(0,MIN($L47,46388)-MAX($K47,46357))),"") | BB47: =IFERROR(IF(AND($A47<>"",$K47=TODAY(),$E47<>"Canceled"),COUNTIFS($K$5:$K$47,TODAY(),$E$5:$E$47,"<>Canceled"),""),"") | BC47: =IFERROR(IF(AND($A47<>"",$K47>=TODAY(),$E47<>"Canceled"),COUNTIFS($K$5:$K$104,"<"&$K47,$E$5:$E$104,"<>Canceled")+COUNTIFS($K$5:$K$47,$K47,$E$5:$E$47,"<>Canceled"),""),"") | BD47: =IFERROR(IF(AND($A47<>"",$E47<>"Canceled",$AE47>0,$K47>=TODAY(),$K47<=TODAY()+'Property Setup'!$B$7),COUNTIFS($AE$5:$AE$47,">0",$K$5:$K$47,">="&TODAY(),$K$5:$K$47,"<="&TODAY()+'Property Setup'!$B$7),""),"")
M48: =IFERROR(IF($A48="","",MAX(0,$L48-$K48)),"") | P48: =IFERROR(IF($A48="","",$N48+$O48),"") | Q48: =IFERROR(IF($C48="","",VLOOKUP($C48,'Property Setup'!$B$13:$L$21,11,0)),"") | R48: =IFERROR(IF($C48="","",IF($P48>$Q48,"Review Guest Count","Within Limit")),"") | T48: =IFERROR(IF($A48="","",$M48*$S48),"") | X48: =IFERROR(IF($A48="","",MAX(0,$T48-$W48+IF(VLOOKUP($C48,'Property Setup'!$B$13:$R$21,17,0)="Yes",$U48,0))),"") | Y48: =IFERROR(IF($C48="","",VLOOKUP($C48,'Property Setup'!$B$13:$S$21,18,0)),"") | Z48: =IFERROR(IF($A48="","",$X48*$Y48),"") | AA48: =IFERROR(IF($C48="","",VLOOKUP($C48,'Property Setup'!$B$13:$T$21,19,0)),"") | AB48: =IFERROR(IF($A48="","",MAX(0,$T48-$W48)*$AA48),"") | AC48: =IFERROR(IF($A48="","",$T48+$U48+$V48-$W48+$Z48+$AB48),"") | AE48: =IFERROR(IF($A48="","",MAX(0,$AC48-$AD48)),"") | AG48: =IFERROR(IF($A48="","",IF($E48="Canceled","Canceled",IF($AE48=0,"Paid",IF(AND($AF48<TODAY(),$AE48>0),"Past Due",IF($AD48>0,"Partially Paid","Unpaid"))))),"") | AH48: =IFERROR(IF($A48="","",$K48-TODAY()),"") | AN48: =IFERROR(IF(OR($A48="",$E48="Canceled"),"",MAX(0,MIN($L48,EOMONTH(TODAY(),0)+1)-MAX($K48,EOMONTH(TODAY(),-1)+1))),"") | AO48: =IFERROR(IF(OR($A48="",$AN48=0),"",$AN48*$S48),"") | AP48: =IFERROR(IF(OR($A48="",$E48="Canceled"),"",MAX(0,MIN($L48,46054)-MAX($K48,46023))),"") | AQ48: =IFERROR(IF(OR($A48="",$E48="Canceled"),"",MAX(0,MIN($L48,46082)-MAX($K48,46054))),"") | AR48: =IFERROR(IF(OR($A48="",$E48="Canceled"),"",MAX(0,MIN($L48,46113)-MAX($K48,46082))),"") | AS48: =IFERROR(IF(OR($A48="",$E48="Canceled"),"",MAX(0,MIN($L48,46143)-MAX($K48,46113))),"") | AT48: =IFERROR(IF(OR($A48="",$E48="Canceled"),"",MAX(0,MIN($L48,46174)-MAX($K48,46143))),"") | AU48: =IFERROR(IF(OR($A48="",$E48="Canceled"),"",MAX(0,MIN($L48,46204)-MAX($K48,46174))),"") | AV48: =IFERROR(IF(OR($A48="",$E48="Canceled"),"",MAX(0,MIN($L48,46235)-MAX($K48,46204))),"") | AW48: =IFERROR(IF(OR($A48="",$E48="Canceled"),"",MAX(0,MIN($L48,46266)-MAX($K48,46235))),"") | AX48: =IFERROR(IF(OR($A48="",$E48="Canceled"),"",MAX(0,MIN($L48,46296)-MAX($K48,46266))),"") | AY48: =IFERROR(IF(OR($A48="",$E48="Canceled"),"",MAX(0,MIN($L48,46327)-MAX($K48,46296))),"") | AZ48: =IFERROR(IF(OR($A48="",$E48="Canceled"),"",MAX(0,MIN($L48,46357)-MAX($K48,46327))),"") | BA48: =IFERROR(IF(OR($A48="",$E48="Canceled"),"",MAX(0,MIN($L48,46388)-MAX($K48,46357))),"") | BB48: =IFERROR(IF(AND($A48<>"",$K48=TODAY(),$E48<>"Canceled"),COUNTIFS($K$5:$K$48,TODAY(),$E$5:$E$48,"<>Canceled"),""),"") | BC48: =IFERROR(IF(AND($A48<>"",$K48>=TODAY(),$E48<>"Canceled"),COUNTIFS($K$5:$K$104,"<"&$K48,$E$5:$E$104,"<>Canceled")+COUNTIFS($K$5:$K$48,$K48,$E$5:$E$48,"<>Canceled"),""),"") | BD48: =IFERROR(IF(AND($A48<>"",$E48<>"Canceled",$AE48>0,$K48>=TODAY(),$K48<=TODAY()+'Property Setup'!$B$7),COUNTIFS($AE$5:$AE$48,">0",$K$5:$K$48,">="&TODAY(),$K$5:$K$48,"<="&TODAY()+'Property Setup'!$B$7),""),"")
M49: =IFERROR(IF($A49="","",MAX(0,$L49-$K49)),"") | P49: =IFERROR(IF($A49="","",$N49+$O49),"") | Q49: =IFERROR(IF($C49="","",VLOOKUP($C49,'Property Setup'!$B$13:$L$21,11,0)),"") | R49: =IFERROR(IF($C49="","",IF($P49>$Q49,"Review Guest Count","Within Limit")),"") | T49: =IFERROR(IF($A49="","",$M49*$S49),"") | X49: =IFERROR(IF($A49="","",MAX(0,$T49-$W49+IF(VLOOKUP($C49,'Property Setup'!$B$13:$R$21,17,0)="Yes",$U49,0))),"") | Y49: =IFERROR(IF($C49="","",VLOOKUP($C49,'Property Setup'!$B$13:$S$21,18,0)),"") | Z49: =IFERROR(IF($A49="","",$X49*$Y49),"") | AA49: =IFERROR(IF($C49="","",VLOOKUP($C49,'Property Setup'!$B$13:$T$21,19,0)),"") | AB49: =IFERROR(IF($A49="","",MAX(0,$T49-$W49)*$AA49),"") | AC49: =IFERROR(IF($A49="","",$T49+$U49+$V49-$W49+$Z49+$AB49),"") | AE49: =IFERROR(IF($A49="","",MAX(0,$AC49-$AD49)),"") | AG49: =IFERROR(IF($A49="","",IF($E49="Canceled","Canceled",IF($AE49=0,"Paid",IF(AND($AF49<TODAY(),$AE49>0),"Past Due",IF($AD49>0,"Partially Paid","Unpaid"))))),"") | AH49: =IFERROR(IF($A49="","",$K49-TODAY()),"") | AN49: =IFERROR(IF(OR($A49="",$E49="Canceled"),"",MAX(0,MIN($L49,EOMONTH(TODAY(),0)+1)-MAX($K49,EOMONTH(TODAY(),-1)+1))),"") | AO49: =IFERROR(IF(OR($A49="",$AN49=0),"",$AN49*$S49),"") | AP49: =IFERROR(IF(OR($A49="",$E49="Canceled"),"",MAX(0,MIN($L49,46054)-MAX($K49,46023))),"") | AQ49: =IFERROR(IF(OR($A49="",$E49="Canceled"),"",MAX(0,MIN($L49,46082)-MAX($K49,46054))),"") | AR49: =IFERROR(IF(OR($A49="",$E49="Canceled"),"",MAX(0,MIN($L49,46113)-MAX($K49,46082))),"") | AS49: =IFERROR(IF(OR($A49="",$E49="Canceled"),"",MAX(0,MIN($L49,46143)-MAX($K49,46113))),"") | AT49: =IFERROR(IF(OR($A49="",$E49="Canceled"),"",MAX(0,MIN($L49,46174)-MAX($K49,46143))),"") | AU49: =IFERROR(IF(OR($A49="",$E49="Canceled"),"",MAX(0,MIN($L49,46204)-MAX($K49,46174))),"") | AV49: =IFERROR(IF(OR($A49="",$E49="Canceled"),"",MAX(0,MIN($L49,46235)-MAX($K49,46204))),"") | AW49: =IFERROR(IF(OR($A49="",$E49="Canceled"),"",MAX(0,MIN($L49,46266)-MAX($K49,46235))),"") | AX49: =IFERROR(IF(OR($A49="",$E49="Canceled"),"",MAX(0,MIN($L49,46296)-MAX($K49,46266))),"") | AY49: =IFERROR(IF(OR($A49="",$E49="Canceled"),"",MAX(0,MIN($L49,46327)-MAX($K49,46296))),"") | AZ49: =IFERROR(IF(OR($A49="",$E49="Canceled"),"",MAX(0,MIN($L49,46357)-MAX($K49,46327))),"") | BA49: =IFERROR(IF(OR($A49="",$E49="Canceled"),"",MAX(0,MIN($L49,46388)-MAX($K49,46357))),"") | BB49: =IFERROR(IF(AND($A49<>"",$K49=TODAY(),$E49<>"Canceled"),COUNTIFS($K$5:$K$49,TODAY(),$E$5:$E$49,"<>Canceled"),""),"") | BC49: =IFERROR(IF(AND($A49<>"",$K49>=TODAY(),$E49<>"Canceled"),COUNTIFS($K$5:$K$104,"<"&$K49,$E$5:$E$104,"<>Canceled")+COUNTIFS($K$5:$K$49,$K49,$E$5:$E$49,"<>Canceled"),""),"") | BD49: =IFERROR(IF(AND($A49<>"",$E49<>"Canceled",$AE49>0,$K49>=TODAY(),$K49<=TODAY()+'Property Setup'!$B$7),COUNTIFS($AE$5:$AE$49,">0",$K$5:$K$49,">="&TODAY(),$K$5:$K$49,"<="&TODAY()+'Property Setup'!$B$7),""),"")
M50: =IFERROR(IF($A50="","",MAX(0,$L50-$K50)),"") | P50: =IFERROR(IF($A50="","",$N50+$O50),"") | Q50: =IFERROR(IF($C50="","",VLOOKUP($C50,'Property Setup'!$B$13:$L$21,11,0)),"") | R50: =IFERROR(IF($C50="","",IF($P50>$Q50,"Review Guest Count","Within Limit")),"") | T50: =IFERROR(IF($A50="","",$M50*$S50),"") | X50: =IFERROR(IF($A50="","",MAX(0,$T50-$W50+IF(VLOOKUP($C50,'Property Setup'!$B$13:$R$21,17,0)="Yes",$U50,0))),"") | Y50: =IFERROR(IF($C50="","",VLOOKUP($C50,'Property Setup'!$B$13:$S$21,18,0)),"") | Z50: =IFERROR(IF($A50="","",$X50*$Y50),"") | AA50: =IFERROR(IF($C50="","",VLOOKUP($C50,'Property Setup'!$B$13:$T$21,19,0)),"") | AB50: =IFERROR(IF($A50="","",MAX(0,$T50-$W50)*$AA50),"") | AC50: =IFERROR(IF($A50="","",$T50+$U50+$V50-$W50+$Z50+$AB50),"") | AE50: =IFERROR(IF($A50="","",MAX(0,$AC50-$AD50)),"") | AG50: =IFERROR(IF($A50="","",IF($E50="Canceled","Canceled",IF($AE50=0,"Paid",IF(AND($AF50<TODAY(),$AE50>0),"Past Due",IF($AD50>0,"Partially Paid","Unpaid"))))),"") | AH50: =IFERROR(IF($A50="","",$K50-TODAY()),"") | AN50: =IFERROR(IF(OR($A50="",$E50="Canceled"),"",MAX(0,MIN($L50,EOMONTH(TODAY(),0)+1)-MAX($K50,EOMONTH(TODAY(),-1)+1))),"") | AO50: =IFERROR(IF(OR($A50="",$AN50=0),"",$AN50*$S50),"") | AP50: =IFERROR(IF(OR($A50="",$E50="Canceled"),"",MAX(0,MIN($L50,46054)-MAX($K50,46023))),"") | AQ50: =IFERROR(IF(OR($A50="",$E50="Canceled"),"",MAX(0,MIN($L50,46082)-MAX($K50,46054))),"") | AR50: =IFERROR(IF(OR($A50="",$E50="Canceled"),"",MAX(0,MIN($L50,46113)-MAX($K50,46082))),"") | AS50: =IFERROR(IF(OR($A50="",$E50="Canceled"),"",MAX(0,MIN($L50,46143)-MAX($K50,46113))),"") | AT50: =IFERROR(IF(OR($A50="",$E50="Canceled"),"",MAX(0,MIN($L50,46174)-MAX($K50,46143))),"") | AU50: =IFERROR(IF(OR($A50="",$E50="Canceled"),"",MAX(0,MIN($L50,46204)-MAX($K50,46174))),"") | AV50: =IFERROR(IF(OR($A50="",$E50="Canceled"),"",MAX(0,MIN($L50,46235)-MAX($K50,46204))),"") | AW50: =IFERROR(IF(OR($A50="",$E50="Canceled"),"",MAX(0,MIN($L50,46266)-MAX($K50,46235))),"") | AX50: =IFERROR(IF(OR($A50="",$E50="Canceled"),"",MAX(0,MIN($L50,46296)-MAX($K50,46266))),"") | AY50: =IFERROR(IF(OR($A50="",$E50="Canceled"),"",MAX(0,MIN($L50,46327)-MAX($K50,46296))),"") | AZ50: =IFERROR(IF(OR($A50="",$E50="Canceled"),"",MAX(0,MIN($L50,46357)-MAX($K50,46327))),"") | BA50: =IFERROR(IF(OR($A50="",$E50="Canceled"),"",MAX(0,MIN($L50,46388)-MAX($K50,46357))),"") | BB50: =IFERROR(IF(AND($A50<>"",$K50=TODAY(),$E50<>"Canceled"),COUNTIFS($K$5:$K$50,TODAY(),$E$5:$E$50,"<>Canceled"),""),"") | BC50: =IFERROR(IF(AND($A50<>"",$K50>=TODAY(),$E50<>"Canceled"),COUNTIFS($K$5:$K$104,"<"&$K50,$E$5:$E$104,"<>Canceled")+COUNTIFS($K$5:$K$50,$K50,$E$5:$E$50,"<>Canceled"),""),"") | BD50: =IFERROR(IF(AND($A50<>"",$E50<>"Canceled",$AE50>0,$K50>=TODAY(),$K50<=TODAY()+'Property Setup'!$B$7),COUNTIFS($AE$5:$AE$50,">0",$K$5:$K$50,">="&TODAY(),$K$5:$K$50,"<="&TODAY()+'Property Setup'!$B$7),""),"")
M51: =IFERROR(IF($A51="","",MAX(0,$L51-$K51)),"") | P51: =IFERROR(IF($A51="","",$N51+$O51),"") | Q51: =IFERROR(IF($C51="","",VLOOKUP($C51,'Property Setup'!$B$13:$L$21,11,0)),"") | R51: =IFERROR(IF($C51="","",IF($P51>$Q51,"Review Guest Count","Within Limit")),"") | T51: =IFERROR(IF($A51="","",$M51*$S51),"") | X51: =IFERROR(IF($A51="","",MAX(0,$T51-$W51+IF(VLOOKUP($C51,'Property Setup'!$B$13:$R$21,17,0)="Yes",$U51,0))),"") | Y51: =IFERROR(IF($C51="","",VLOOKUP($C51,'Property Setup'!$B$13:$S$21,18,0)),"") | Z51: =IFERROR(IF($A51="","",$X51*$Y51),"") | AA51: =IFERROR(IF($C51="","",VLOOKUP($C51,'Property Setup'!$B$13:$T$21,19,0)),"") | AB51: =IFERROR(IF($A51="","",MAX(0,$T51-$W51)*$AA51),"") | AC51: =IFERROR(IF($A51="","",$T51+$U51+$V51-$W51+$Z51+$AB51),"") | AE51: =IFERROR(IF($A51="","",MAX(0,$AC51-$AD51)),"") | AG51: =IFERROR(IF($A51="","",IF($E51="Canceled","Canceled",IF($AE51=0,"Paid",IF(AND($AF51<TODAY(),$AE51>0),"Past Due",IF($AD51>0,"Partially Paid","Unpaid"))))),"") | AH51: =IFERROR(IF($A51="","",$K51-TODAY()),"") | AN51: =IFERROR(IF(OR($A51="",$E51="Canceled"),"",MAX(0,MIN($L51,EOMONTH(TODAY(),0)+1)-MAX($K51,EOMONTH(TODAY(),-1)+1))),"") | AO51: =IFERROR(IF(OR($A51="",$AN51=0),"",$AN51*$S51),"") | AP51: =IFERROR(IF(OR($A51="",$E51="Canceled"),"",MAX(0,MIN($L51,46054)-MAX($K51,46023))),"") | AQ51: =IFERROR(IF(OR($A51="",$E51="Canceled"),"",MAX(0,MIN($L51,46082)-MAX($K51,46054))),"") | AR51: =IFERROR(IF(OR($A51="",$E51="Canceled"),"",MAX(0,MIN($L51,46113)-MAX($K51,46082))),"") | AS51: =IFERROR(IF(OR($A51="",$E51="Canceled"),"",MAX(0,MIN($L51,46143)-MAX($K51,46113))),"") | AT51: =IFERROR(IF(OR($A51="",$E51="Canceled"),"",MAX(0,MIN($L51,46174)-MAX($K51,46143))),"") | AU51: =IFERROR(IF(OR($A51="",$E51="Canceled"),"",MAX(0,MIN($L51,46204)-MAX($K51,46174))),"") | AV51: =IFERROR(IF(OR($A51="",$E51="Canceled"),"",MAX(0,MIN($L51,46235)-MAX($K51,46204))),"") | AW51: =IFERROR(IF(OR($A51="",$E51="Canceled"),"",MAX(0,MIN($L51,46266)-MAX($K51,46235))),"") | AX51: =IFERROR(IF(OR($A51="",$E51="Canceled"),"",MAX(0,MIN($L51,46296)-MAX($K51,46266))),"") | AY51: =IFERROR(IF(OR($A51="",$E51="Canceled"),"",MAX(0,MIN($L51,46327)-MAX($K51,46296))),"") | AZ51: =IFERROR(IF(OR($A51="",$E51="Canceled"),"",MAX(0,MIN($L51,46357)-MAX($K51,46327))),"") | BA51: =IFERROR(IF(OR($A51="",$E51="Canceled"),"",MAX(0,MIN($L51,46388)-MAX($K51,46357))),"") | BB51: =IFERROR(IF(AND($A51<>"",$K51=TODAY(),$E51<>"Canceled"),COUNTIFS($K$5:$K$51,TODAY(),$E$5:$E$51,"<>Canceled"),""),"") | BC51: =IFERROR(IF(AND($A51<>"",$K51>=TODAY(),$E51<>"Canceled"),COUNTIFS($K$5:$K$104,"<"&$K51,$E$5:$E$104,"<>Canceled")+COUNTIFS($K$5:$K$51,$K51,$E$5:$E$51,"<>Canceled"),""),"") | BD51: =IFERROR(IF(AND($A51<>"",$E51<>"Canceled",$AE51>0,$K51>=TODAY(),$K51<=TODAY()+'Property Setup'!$B$7),COUNTIFS($AE$5:$AE$51,">0",$K$5:$K$51,">="&TODAY(),$K$5:$K$51,"<="&TODAY()+'Property Setup'!$B$7),""),"")
M52: =IFERROR(IF($A52="","",MAX(0,$L52-$K52)),"") | P52: =IFERROR(IF($A52="","",$N52+$O52),"") | Q52: =IFERROR(IF($C52="","",VLOOKUP($C52,'Property Setup'!$B$13:$L$21,11,0)),"") | R52: =IFERROR(IF($C52="","",IF($P52>$Q52,"Review Guest Count","Within Limit")),"") | T52: =IFERROR(IF($A52="","",$M52*$S52),"") | X52: =IFERROR(IF($A52="","",MAX(0,$T52-$W52+IF(VLOOKUP($C52,'Property Setup'!$B$13:$R$21,17,0)="Yes",$U52,0))),"") | Y52: =IFERROR(IF($C52="","",VLOOKUP($C52,'Property Setup'!$B$13:$S$21,18,0)),"") | Z52: =IFERROR(IF($A52="","",$X52*$Y52),"") | AA52: =IFERROR(IF($C52="","",VLOOKUP($C52,'Property Setup'!$B$13:$T$21,19,0)),"") | AB52: =IFERROR(IF($A52="","",MAX(0,$T52-$W52)*$AA52),"") | AC52: =IFERROR(IF($A52="","",$T52+$U52+$V52-$W52+$Z52+$AB52),"") | AE52: =IFERROR(IF($A52="","",MAX(0,$AC52-$AD52)),"") | AG52: =IFERROR(IF($A52="","",IF($E52="Canceled","Canceled",IF($AE52=0,"Paid",IF(AND($AF52<TODAY(),$AE52>0),"Past Due",IF($AD52>0,"Partially Paid","Unpaid"))))),"") | AH52: =IFERROR(IF($A52="","",$K52-TODAY()),"") | AN52: =IFERROR(IF(OR($A52="",$E52="Canceled"),"",MAX(0,MIN($L52,EOMONTH(TODAY(),0)+1)-MAX($K52,EOMONTH(TODAY(),-1)+1))),"") | AO52: =IFERROR(IF(OR($A52="",$AN52=0),"",$AN52*$S52),"") | AP52: =IFERROR(IF(OR($A52="",$E52="Canceled"),"",MAX(0,MIN($L52,46054)-MAX($K52,46023))),"") | AQ52: =IFERROR(IF(OR($A52="",$E52="Canceled"),"",MAX(0,MIN($L52,46082)-MAX($K52,46054))),"") | AR52: =IFERROR(IF(OR($A52="",$E52="Canceled"),"",MAX(0,MIN($L52,46113)-MAX($K52,46082))),"") | AS52: =IFERROR(IF(OR($A52="",$E52="Canceled"),"",MAX(0,MIN($L52,46143)-MAX($K52,46113))),"") | AT52: =IFERROR(IF(OR($A52="",$E52="Canceled"),"",MAX(0,MIN($L52,46174)-MAX($K52,46143))),"") | AU52: =IFERROR(IF(OR($A52="",$E52="Canceled"),"",MAX(0,MIN($L52,46204)-MAX($K52,46174))),"") | AV52: =IFERROR(IF(OR($A52="",$E52="Canceled"),"",MAX(0,MIN($L52,46235)-MAX($K52,46204))),"") | AW52: =IFERROR(IF(OR($A52="",$E52="Canceled"),"",MAX(0,MIN($L52,46266)-MAX($K52,46235))),"") | AX52: =IFERROR(IF(OR($A52="",$E52="Canceled"),"",MAX(0,MIN($L52,46296)-MAX($K52,46266))),"") | AY52: =IFERROR(IF(OR($A52="",$E52="Canceled"),"",MAX(0,MIN($L52,46327)-MAX($K52,46296))),"") | AZ52: =IFERROR(IF(OR($A52="",$E52="Canceled"),"",MAX(0,MIN($L52,46357)-MAX($K52,46327))),"") | BA52: =IFERROR(IF(OR($A52="",$E52="Canceled"),"",MAX(0,MIN($L52,46388)-MAX($K52,46357))),"") | BB52: =IFERROR(IF(AND($A52<>"",$K52=TODAY(),$E52<>"Canceled"),COUNTIFS($K$5:$K$52,TODAY(),$E$5:$E$52,"<>Canceled"),""),"") | BC52: =IFERROR(IF(AND($A52<>"",$K52>=TODAY(),$E52<>"Canceled"),COUNTIFS($K$5:$K$104,"<"&$K52,$E$5:$E$104,"<>Canceled")+COUNTIFS($K$5:$K$52,$K52,$E$5:$E$52,"<>Canceled"),""),"") | BD52: =IFERROR(IF(AND($A52<>"",$E52<>"Canceled",$AE52>0,$K52>=TODAY(),$K52<=TODAY()+'Property Setup'!$B$7),COUNTIFS($AE$5:$AE$52,">0",$K$5:$K$52,">="&TODAY(),$K$5:$K$52,"<="&TODAY()+'Property Setup'!$B$7),""),"")
M53: =IFERROR(IF($A53="","",MAX(0,$L53-$K53)),"") | P53: =IFERROR(IF($A53="","",$N53+$O53),"") | Q53: =IFERROR(IF($C53="","",VLOOKUP($C53,'Property Setup'!$B$13:$L$21,11,0)),"") | R53: =IFERROR(IF($C53="","",IF($P53>$Q53,"Review Guest Count","Within Limit")),"") | T53: =IFERROR(IF($A53="","",$M53*$S53),"") | X53: =IFERROR(IF($A53="","",MAX(0,$T53-$W53+IF(VLOOKUP($C53,'Property Setup'!$B$13:$R$21,17,0)="Yes",$U53,0))),"") | Y53: =IFERROR(IF($C53="","",VLOOKUP($C53,'Property Setup'!$B$13:$S$21,18,0)),"") | Z53: =IFERROR(IF($A53="","",$X53*$Y53),"") | AA53: =IFERROR(IF($C53="","",VLOOKUP($C53,'Property Setup'!$B$13:$T$21,19,0)),"") | AB53: =IFERROR(IF($A53="","",MAX(0,$T53-$W53)*$AA53),"") | AC53: =IFERROR(IF($A53="","",$T53+$U53+$V53-$W53+$Z53+$AB53),"") | AE53: =IFERROR(IF($A53="","",MAX(0,$AC53-$AD53)),"") | AG53: =IFERROR(IF($A53="","",IF($E53="Canceled","Canceled",IF($AE53=0,"Paid",IF(AND($AF53<TODAY(),$AE53>0),"Past Due",IF($AD53>0,"Partially Paid","Unpaid"))))),"") | AH53: =IFERROR(IF($A53="","",$K53-TODAY()),"") | AN53: =IFERROR(IF(OR($A53="",$E53="Canceled"),"",MAX(0,MIN($L53,EOMONTH(TODAY(),0)+1)-MAX($K53,EOMONTH(TODAY(),-1)+1))),"") | AO53: =IFERROR(IF(OR($A53="",$AN53=0),"",$AN53*$S53),"") | AP53: =IFERROR(IF(OR($A53="",$E53="Canceled"),"",MAX(0,MIN($L53,46054)-MAX($K53,46023))),"") | AQ53: =IFERROR(IF(OR($A53="",$E53="Canceled"),"",MAX(0,MIN($L53,46082)-MAX($K53,46054))),"") | AR53: =IFERROR(IF(OR($A53="",$E53="Canceled"),"",MAX(0,MIN($L53,46113)-MAX($K53,46082))),"") | AS53: =IFERROR(IF(OR($A53="",$E53="Canceled"),"",MAX(0,MIN($L53,46143)-MAX($K53,46113))),"") | AT53: =IFERROR(IF(OR($A53="",$E53="Canceled"),"",MAX(0,MIN($L53,46174)-MAX($K53,46143))),"") | AU53: =IFERROR(IF(OR($A53="",$E53="Canceled"),"",MAX(0,MIN($L53,46204)-MAX($K53,46174))),"") | AV53: =IFERROR(IF(OR($A53="",$E53="Canceled"),"",MAX(0,MIN($L53,46235)-MAX($K53,46204))),"") | AW53: =IFERROR(IF(OR($A53="",$E53="Canceled"),"",MAX(0,MIN($L53,46266)-MAX($K53,46235))),"") | AX53: =IFERROR(IF(OR($A53="",$E53="Canceled"),"",MAX(0,MIN($L53,46296)-MAX($K53,46266))),"") | AY53: =IFERROR(IF(OR($A53="",$E53="Canceled"),"",MAX(0,MIN($L53,46327)-MAX($K53,46296))),"") | AZ53: =IFERROR(IF(OR($A53="",$E53="Canceled"),"",MAX(0,MIN($L53,46357)-MAX($K53,46327))),"") | BA53: =IFERROR(IF(OR($A53="",$E53="Canceled"),"",MAX(0,MIN($L53,46388)-MAX($K53,46357))),"") | BB53: =IFERROR(IF(AND($A53<>"",$K53=TODAY(),$E53<>"Canceled"),COUNTIFS($K$5:$K$53,TODAY(),$E$5:$E$53,"<>Canceled"),""),"") | BC53: =IFERROR(IF(AND($A53<>"",$K53>=TODAY(),$E53<>"Canceled"),COUNTIFS($K$5:$K$104,"<"&$K53,$E$5:$E$104,"<>Canceled")+COUNTIFS($K$5:$K$53,$K53,$E$5:$E$53,"<>Canceled"),""),"") | BD53: =IFERROR(IF(AND($A53<>"",$E53<>"Canceled",$AE53>0,$K53>=TODAY(),$K53<=TODAY()+'Property Setup'!$B$7),COUNTIFS($AE$5:$AE$53,">0",$K$5:$K$53,">="&TODAY(),$K$5:$K$53,"<="&TODAY()+'Property Setup'!$B$7),""),"")
M54: =IFERROR(IF($A54="","",MAX(0,$L54-$K54)),"") | P54: =IFERROR(IF($A54="","",$N54+$O54),"") | Q54: =IFERROR(IF($C54="","",VLOOKUP($C54,'Property Setup'!$B$13:$L$21,11,0)),"") | R54: =IFERROR(IF($C54="","",IF($P54>$Q54,"Review Guest Count","Within Limit")),"") | T54: =IFERROR(IF($A54="","",$M54*$S54),"") | X54: =IFERROR(IF($A54="","",MAX(0,$T54-$W54+IF(VLOOKUP($C54,'Property Setup'!$B$13:$R$21,17,0)="Yes",$U54,0))),"") | Y54: =IFERROR(IF($C54="","",VLOOKUP($C54,'Property Setup'!$B$13:$S$21,18,0)),"") | Z54: =IFERROR(IF($A54="","",$X54*$Y54),"") | AA54: =IFERROR(IF($C54="","",VLOOKUP($C54,'Property Setup'!$B$13:$T$21,19,0)),"") | AB54: =IFERROR(IF($A54="","",MAX(0,$T54-$W54)*$AA54),"") | AC54: =IFERROR(IF($A54="","",$T54+$U54+$V54-$W54+$Z54+$AB54),"") | AE54: =IFERROR(IF($A54="","",MAX(0,$AC54-$AD54)),"") | AG54: =IFERROR(IF($A54="","",IF($E54="Canceled","Canceled",IF($AE54=0,"Paid",IF(AND($AF54<TODAY(),$AE54>0),"Past Due",IF($AD54>0,"Partially Paid","Unpaid"))))),"") | AH54: =IFERROR(IF($A54="","",$K54-TODAY()),"") | AN54: =IFERROR(IF(OR($A54="",$E54="Canceled"),"",MAX(0,MIN($L54,EOMONTH(TODAY(),0)+1)-MAX($K54,EOMONTH(TODAY(),-1)+1))),"") | AO54: =IFERROR(IF(OR($A54="",$AN54=0),"",$AN54*$S54),"") | AP54: =IFERROR(IF(OR($A54="",$E54="Canceled"),"",MAX(0,MIN($L54,46054)-MAX($K54,46023))),"") | AQ54: =IFERROR(IF(OR($A54="",$E54="Canceled"),"",MAX(0,MIN($L54,46082)-MAX($K54,46054))),"") | AR54: =IFERROR(IF(OR($A54="",$E54="Canceled"),"",MAX(0,MIN($L54,46113)-MAX($K54,46082))),"") | AS54: =IFERROR(IF(OR($A54="",$E54="Canceled"),"",MAX(0,MIN($L54,46143)-MAX($K54,46113))),"") | AT54: =IFERROR(IF(OR($A54="",$E54="Canceled"),"",MAX(0,MIN($L54,46174)-MAX($K54,46143))),"") | AU54: =IFERROR(IF(OR($A54="",$E54="Canceled"),"",MAX(0,MIN($L54,46204)-MAX($K54,46174))),"") | AV54: =IFERROR(IF(OR($A54="",$E54="Canceled"),"",MAX(0,MIN($L54,46235)-MAX($K54,46204))),"") | AW54: =IFERROR(IF(OR($A54="",$E54="Canceled"),"",MAX(0,MIN($L54,46266)-MAX($K54,46235))),"") | AX54: =IFERROR(IF(OR($A54="",$E54="Canceled"),"",MAX(0,MIN($L54,46296)-MAX($K54,46266))),"") | AY54: =IFERROR(IF(OR($A54="",$E54="Canceled"),"",MAX(0,MIN($L54,46327)-MAX($K54,46296))),"") | AZ54: =IFERROR(IF(OR($A54="",$E54="Canceled"),"",MAX(0,MIN($L54,46357)-MAX($K54,46327))),"") | BA54: =IFERROR(IF(OR($A54="",$E54="Canceled"),"",MAX(0,MIN($L54,46388)-MAX($K54,46357))),"") | BB54: =IFERROR(IF(AND($A54<>"",$K54=TODAY(),$E54<>"Canceled"),COUNTIFS($K$5:$K$54,TODAY(),$E$5:$E$54,"<>Canceled"),""),"") | BC54: =IFERROR(IF(AND($A54<>"",$K54>=TODAY(),$E54<>"Canceled"),COUNTIFS($K$5:$K$104,"<"&$K54,$E$5:$E$104,"<>Canceled")+COUNTIFS($K$5:$K$54,$K54,$E$5:$E$54,"<>Canceled"),""),"") | BD54: =IFERROR(IF(AND($A54<>"",$E54<>"Canceled",$AE54>0,$K54>=TODAY(),$K54<=TODAY()+'Property Setup'!$B$7),COUNTIFS($AE$5:$AE$54,">0",$K$5:$K$54,">="&TODAY(),$K$5:$K$54,"<="&TODAY()+'Property Setup'!$B$7),""),"")
M55: =IFERROR(IF($A55="","",MAX(0,$L55-$K55)),"") | P55: =IFERROR(IF($A55="","",$N55+$O55),"") | Q55: =IFERROR(IF($C55="","",VLOOKUP($C55,'Property Setup'!$B$13:$L$21,11,0)),"") | R55: =IFERROR(IF($C55="","",IF($P55>$Q55,"Review Guest Count","Within Limit")),"") | T55: =IFERROR(IF($A55="","",$M55*$S55),"") | X55: =IFERROR(IF($A55="","",MAX(0,$T55-$W55+IF(VLOOKUP($C55,'Property Setup'!$B$13:$R$21,17,0)="Yes",$U55,0))),"") | Y55: =IFERROR(IF($C55="","",VLOOKUP($C55,'Property Setup'!$B$13:$S$21,18,0)),"") | Z55: =IFERROR(IF($A55="","",$X55*$Y55),"") | AA55: =IFERROR(IF($C55="","",VLOOKUP($C55,'Property Setup'!$B$13:$T$21,19,0)),"") | AB55: =IFERROR(IF($A55="","",MAX(0,$T55-$W55)*$AA55),"") | AC55: =IFERROR(IF($A55="","",$T55+$U55+$V55-$W55+$Z55+$AB55),"") | AE55: =IFERROR(IF($A55="","",MAX(0,$AC55-$AD55)),"") | AG55: =IFERROR(IF($A55="","",IF($E55="Canceled","Canceled",IF($AE55=0,"Paid",IF(AND($AF55<TODAY(),$AE55>0),"Past Due",IF($AD55>0,"Partially Paid","Unpaid"))))),"") | AH55: =IFERROR(IF($A55="","",$K55-TODAY()),"") | AN55: =IFERROR(IF(OR($A55="",$E55="Canceled"),"",MAX(0,MIN($L55,EOMONTH(TODAY(),0)+1)-MAX($K55,EOMONTH(TODAY(),-1)+1))),"") | AO55: =IFERROR(IF(OR($A55="",$AN55=0),"",$AN55*$S55),"") | AP55: =IFERROR(IF(OR($A55="",$E55="Canceled"),"",MAX(0,MIN($L55,46054)-MAX($K55,46023))),"") | AQ55: =IFERROR(IF(OR($A55="",$E55="Canceled"),"",MAX(0,MIN($L55,46082)-MAX($K55,46054))),"") | AR55: =IFERROR(IF(OR($A55="",$E55="Canceled"),"",MAX(0,MIN($L55,46113)-MAX($K55,46082))),"") | AS55: =IFERROR(IF(OR($A55="",$E55="Canceled"),"",MAX(0,MIN($L55,46143)-MAX($K55,46113))),"") | AT55: =IFERROR(IF(OR($A55="",$E55="Canceled"),"",MAX(0,MIN($L55,46174)-MAX($K55,46143))),"") | AU55: =IFERROR(IF(OR($A55="",$E55="Canceled"),"",MAX(0,MIN($L55,46204)-MAX($K55,46174))),"") | AV55: =IFERROR(IF(OR($A55="",$E55="Canceled"),"",MAX(0,MIN($L55,46235)-MAX($K55,46204))),"") | AW55: =IFERROR(IF(OR($A55="",$E55="Canceled"),"",MAX(0,MIN($L55,46266)-MAX($K55,46235))),"") | AX55: =IFERROR(IF(OR($A55="",$E55="Canceled"),"",MAX(0,MIN($L55,46296)-MAX($K55,46266))),"") | AY55: =IFERROR(IF(OR($A55="",$E55="Canceled"),"",MAX(0,MIN($L55,46327)-MAX($K55,46296))),"") | AZ55: =IFERROR(IF(OR($A55="",$E55="Canceled"),"",MAX(0,MIN($L55,46357)-MAX($K55,46327))),"") | BA55: =IFERROR(IF(OR($A55="",$E55="Canceled"),"",MAX(0,MIN($L55,46388)-MAX($K55,46357))),"") | BB55: =IFERROR(IF(AND($A55<>"",$K55=TODAY(),$E55<>"Canceled"),COUNTIFS($K$5:$K$55,TODAY(),$E$5:$E$55,"<>Canceled"),""),"") | BC55: =IFERROR(IF(AND($A55<>"",$K55>=TODAY(),$E55<>"Canceled"),COUNTIFS($K$5:$K$104,"<"&$K55,$E$5:$E$104,"<>Canceled")+COUNTIFS($K$5:$K$55,$K55,$E$5:$E$55,"<>Canceled"),""),"") | BD55: =IFERROR(IF(AND($A55<>"",$E55<>"Canceled",$AE55>0,$K55>=TODAY(),$K55<=TODAY()+'Property Setup'!$B$7),COUNTIFS($AE$5:$AE$55,">0",$K$5:$K$55,">="&TODAY(),$K$5:$K$55,"<="&TODAY()+'Property Setup'!$B$7),""),"")
M56: =IFERROR(IF($A56="","",MAX(0,$L56-$K56)),"") | P56: =IFERROR(IF($A56="","",$N56+$O56),"") | Q56: =IFERROR(IF($C56="","",VLOOKUP($C56,'Property Setup'!$B$13:$L$21,11,0)),"") | R56: =IFERROR(IF($C56="","",IF($P56>$Q56,"Review Guest Count","Within Limit")),"") | T56: =IFERROR(IF($A56="","",$M56*$S56),"") | X56: =IFERROR(IF($A56="","",MAX(0,$T56-$W56+IF(VLOOKUP($C56,'Property Setup'!$B$13:$R$21,17,0)="Yes",$U56,0))),"") | Y56: =IFERROR(IF($C56="","",VLOOKUP($C56,'Property Setup'!$B$13:$S$21,18,0)),"") | Z56: =IFERROR(IF($A56="","",$X56*$Y56),"") | AA56: =IFERROR(IF($C56="","",VLOOKUP($C56,'Property Setup'!$B$13:$T$21,19,0)),"") | AB56: =IFERROR(IF($A56="","",MAX(0,$T56-$W56)*$AA56),"") | AC56: =IFERROR(IF($A56="","",$T56+$U56+$V56-$W56+$Z56+$AB56),"") | AE56: =IFERROR(IF($A56="","",MAX(0,$AC56-$AD56)),"") | AG56: =IFERROR(IF($A56="","",IF($E56="Canceled","Canceled",IF($AE56=0,"Paid",IF(AND($AF56<TODAY(),$AE56>0),"Past Due",IF($AD56>0,"Partially Paid","Unpaid"))))),"") | AH56: =IFERROR(IF($A56="","",$K56-TODAY()),"") | AN56: =IFERROR(IF(OR($A56="",$E56="Canceled"),"",MAX(0,MIN($L56,EOMONTH(TODAY(),0)+1)-MAX($K56,EOMONTH(TODAY(),-1)+1))),"") | AO56: =IFERROR(IF(OR($A56="",$AN56=0),"",$AN56*$S56),"") | AP56: =IFERROR(IF(OR($A56="",$E56="Canceled"),"",MAX(0,MIN($L56,46054)-MAX($K56,46023))),"") | AQ56: =IFERROR(IF(OR($A56="",$E56="Canceled"),"",MAX(0,MIN($L56,46082)-MAX($K56,46054))),"") | AR56: =IFERROR(IF(OR($A56="",$E56="Canceled"),"",MAX(0,MIN($L56,46113)-MAX($K56,46082))),"") | AS56: =IFERROR(IF(OR($A56="",$E56="Canceled"),"",MAX(0,MIN($L56,46143)-MAX($K56,46113))),"") | AT56: =IFERROR(IF(OR($A56="",$E56="Canceled"),"",MAX(0,MIN($L56,46174)-MAX($K56,46143))),"") | AU56: =IFERROR(IF(OR($A56="",$E56="Canceled"),"",MAX(0,MIN($L56,46204)-MAX($K56,46174))),"") | AV56: =IFERROR(IF(OR($A56="",$E56="Canceled"),"",MAX(0,MIN($L56,46235)-MAX($K56,46204))),"") | AW56: =IFERROR(IF(OR($A56="",$E56="Canceled"),"",MAX(0,MIN($L56,46266)-MAX($K56,46235))),"") | AX56: =IFERROR(IF(OR($A56="",$E56="Canceled"),"",MAX(0,MIN($L56,46296)-MAX($K56,46266))),"") | AY56: =IFERROR(IF(OR($A56="",$E56="Canceled"),"",MAX(0,MIN($L56,46327)-MAX($K56,46296))),"") | AZ56: =IFERROR(IF(OR($A56="",$E56="Canceled"),"",MAX(0,MIN($L56,46357)-MAX($K56,46327))),"") | BA56: =IFERROR(IF(OR($A56="",$E56="Canceled"),"",MAX(0,MIN($L56,46388)-MAX($K56,46357))),"") | BB56: =IFERROR(IF(AND($A56<>"",$K56=TODAY(),$E56<>"Canceled"),COUNTIFS($K$5:$K$56,TODAY(),$E$5:$E$56,"<>Canceled"),""),"") | BC56: =IFERROR(IF(AND($A56<>"",$K56>=TODAY(),$E56<>"Canceled"),COUNTIFS($K$5:$K$104,"<"&$K56,$E$5:$E$104,"<>Canceled")+COUNTIFS($K$5:$K$56,$K56,$E$5:$E$56,"<>Canceled"),""),"") | BD56: =IFERROR(IF(AND($A56<>"",$E56<>"Canceled",$AE56>0,$K56>=TODAY(),$K56<=TODAY()+'Property Setup'!$B$7),COUNTIFS($AE$5:$AE$56,">0",$K$5:$K$56,">="&TODAY(),$K$5:$K$56,"<="&TODAY()+'Property Setup'!$B$7),""),"")
M57: =IFERROR(IF($A57="","",MAX(0,$L57-$K57)),"") | P57: =IFERROR(IF($A57="","",$N57+$O57),"") | Q57: =IFERROR(IF($C57="","",VLOOKUP($C57,'Property Setup'!$B$13:$L$21,11,0)),"") | R57: =IFERROR(IF($C57="","",IF($P57>$Q57,"Review Guest Count","Within Limit")),"") | T57: =IFERROR(IF($A57="","",$M57*$S57),"") | X57: =IFERROR(IF($A57="","",MAX(0,$T57-$W57+IF(VLOOKUP($C57,'Property Setup'!$B$13:$R$21,17,0)="Yes",$U57,0))),"") | Y57: =IFERROR(IF($C57="","",VLOOKUP($C57,'Property Setup'!$B$13:$S$21,18,0)),"") | Z57: =IFERROR(IF($A57="","",$X57*$Y57),"") | AA57: =IFERROR(IF($C57="","",VLOOKUP($C57,'Property Setup'!$B$13:$T$21,19,0)),"") | AB57: =IFERROR(IF($A57="","",MAX(0,$T57-$W57)*$AA57),"") | AC57: =IFERROR(IF($A57="","",$T57+$U57+$V57-$W57+$Z57+$AB57),"") | AE57: =IFERROR(IF($A57="","",MAX(0,$AC57-$AD57)),"") | AG57: =IFERROR(IF($A57="","",IF($E57="Canceled","Canceled",IF($AE57=0,"Paid",IF(AND($AF57<TODAY(),$AE57>0),"Past Due",IF($AD57>0,"Partially Paid","Unpaid"))))),"") | AH57: =IFERROR(IF($A57="","",$K57-TODAY()),"") | AN57: =IFERROR(IF(OR($A57="",$E57="Canceled"),"",MAX(0,MIN($L57,EOMONTH(TODAY(),0)+1)-MAX($K57,EOMONTH(TODAY(),-1)+1))),"") | AO57: =IFERROR(IF(OR($A57="",$AN57=0),"",$AN57*$S57),"") | AP57: =IFERROR(IF(OR($A57="",$E57="Canceled"),"",MAX(0,MIN($L57,46054)-MAX($K57,46023))),"") | AQ57: =IFERROR(IF(OR($A57="",$E57="Canceled"),"",MAX(0,MIN($L57,46082)-MAX($K57,46054))),"") | AR57: =IFERROR(IF(OR($A57="",$E57="Canceled"),"",MAX(0,MIN($L57,46113)-MAX($K57,46082))),"") | AS57: =IFERROR(IF(OR($A57="",$E57="Canceled"),"",MAX(0,MIN($L57,46143)-MAX($K57,46113))),"") | AT57: =IFERROR(IF(OR($A57="",$E57="Canceled"),"",MAX(0,MIN($L57,46174)-MAX($K57,46143))),"") | AU57: =IFERROR(IF(OR($A57="",$E57="Canceled"),"",MAX(0,MIN($L57,46204)-MAX($K57,46174))),"") | AV57: =IFERROR(IF(OR($A57="",$E57="Canceled"),"",MAX(0,MIN($L57,46235)-MAX($K57,46204))),"") | AW57: =IFERROR(IF(OR($A57="",$E57="Canceled"),"",MAX(0,MIN($L57,46266)-MAX($K57,46235))),"") | AX57: =IFERROR(IF(OR($A57="",$E57="Canceled"),"",MAX(0,MIN($L57,46296)-MAX($K57,46266))),"") | AY57: =IFERROR(IF(OR($A57="",$E57="Canceled"),"",MAX(0,MIN($L57,46327)-MAX($K57,46296))),"") | AZ57: =IFERROR(IF(OR($A57="",$E57="Canceled"),"",MAX(0,MIN($L57,46357)-MAX($K57,46327))),"") | BA57: =IFERROR(IF(OR($A57="",$E57="Canceled"),"",MAX(0,MIN($L57,46388)-MAX($K57,46357))),"") | BB57: =IFERROR(IF(AND($A57<>"",$K57=TODAY(),$E57<>"Canceled"),COUNTIFS($K$5:$K$57,TODAY(),$E$5:$E$57,"<>Canceled"),""),"") | BC57: =IFERROR(IF(AND($A57<>"",$K57>=TODAY(),$E57<>"Canceled"),COUNTIFS($K$5:$K$104,"<"&$K57,$E$5:$E$104,"<>Canceled")+COUNTIFS($K$5:$K$57,$K57,$E$5:$E$57,"<>Canceled"),""),"") | BD57: =IFERROR(IF(AND($A57<>"",$E57<>"Canceled",$AE57>0,$K57>=TODAY(),$K57<=TODAY()+'Property Setup'!$B$7),COUNTIFS($AE$5:$AE$57,">0",$K$5:$K$57,">="&TODAY(),$K$5:$K$57,"<="&TODAY()+'Property Setup'!$B$7),""),"")
M58: =IFERROR(IF($A58="","",MAX(0,$L58-$K58)),"") | P58: =IFERROR(IF($A58="","",$N58+$O58),"") | Q58: =IFERROR(IF($C58="","",VLOOKUP($C58,'Property Setup'!$B$13:$L$21,11,0)),"") | R58: =IFERROR(IF($C58="","",IF($P58>$Q58,"Review Guest Count","Within Limit")),"") | T58: =IFERROR(IF($A58="","",$M58*$S58),"") | X58: =IFERROR(IF($A58="","",MAX(0,$T58-$W58+IF(VLOOKUP($C58,'Property Setup'!$B$13:$R$21,17,0)="Yes",$U58,0))),"") | Y58: =IFERROR(IF($C58="","",VLOOKUP($C58,'Property Setup'!$B$13:$S$21,18,0)),"") | Z58: =IFERROR(IF($A58="","",$X58*$Y58),"") | AA58: =IFERROR(IF($C58="","",VLOOKUP($C58,'Property Setup'!$B$13:$T$21,19,0)),"") | AB58: =IFERROR(IF($A58="","",MAX(0,$T58-$W58)*$AA58),"") | AC58: =IFERROR(IF($A58="","",$T58+$U58+$V58-$W58+$Z58+$AB58),"") | AE58: =IFERROR(IF($A58="","",MAX(0,$AC58-$AD58)),"") | AG58: =IFERROR(IF($A58="","",IF($E58="Canceled","Canceled",IF($AE58=0,"Paid",IF(AND($AF58<TODAY(),$AE58>0),"Past Due",IF($AD58>0,"Partially Paid","Unpaid"))))),"") | AH58: =IFERROR(IF($A58="","",$K58-TODAY()),"") | AN58: =IFERROR(IF(OR($A58="",$E58="Canceled"),"",MAX(0,MIN($L58,EOMONTH(TODAY(),0)+1)-MAX($K58,EOMONTH(TODAY(),-1)+1))),"") | AO58: =IFERROR(IF(OR($A58="",$AN58=0),"",$AN58*$S58),"") | AP58: =IFERROR(IF(OR($A58="",$E58="Canceled"),"",MAX(0,MIN($L58,46054)-MAX($K58,46023))),"") | AQ58: =IFERROR(IF(OR($A58="",$E58="Canceled"),"",MAX(0,MIN($L58,46082)-MAX($K58,46054))),"") | AR58: =IFERROR(IF(OR($A58="",$E58="Canceled"),"",MAX(0,MIN($L58,46113)-MAX($K58,46082))),"") | AS58: =IFERROR(IF(OR($A58="",$E58="Canceled"),"",MAX(0,MIN($L58,46143)-MAX($K58,46113))),"") | AT58: =IFERROR(IF(OR($A58="",$E58="Canceled"),"",MAX(0,MIN($L58,46174)-MAX($K58,46143))),"") | AU58: =IFERROR(IF(OR($A58="",$E58="Canceled"),"",MAX(0,MIN($L58,46204)-MAX($K58,46174))),"") | AV58: =IFERROR(IF(OR($A58="",$E58="Canceled"),"",MAX(0,MIN($L58,46235)-MAX($K58,46204))),"") | AW58: =IFERROR(IF(OR($A58="",$E58="Canceled"),"",MAX(0,MIN($L58,46266)-MAX($K58,46235))),"") | AX58: =IFERROR(IF(OR($A58="",$E58="Canceled"),"",MAX(0,MIN($L58,46296)-MAX($K58,46266))),"") | AY58: =IFERROR(IF(OR($A58="",$E58="Canceled"),"",MAX(0,MIN($L58,46327)-MAX($K58,46296))),"") | AZ58: =IFERROR(IF(OR($A58="",$E58="Canceled"),"",MAX(0,MIN($L58,46357)-MAX($K58,46327))),"") | BA58: =IFERROR(IF(OR($A58="",$E58="Canceled"),"",MAX(0,MIN($L58,46388)-MAX($K58,46357))),"") | BB58: =IFERROR(IF(AND($A58<>"",$K58=TODAY(),$E58<>"Canceled"),COUNTIFS($K$5:$K$58,TODAY(),$E$5:$E$58,"<>Canceled"),""),"") | BC58: =IFERROR(IF(AND($A58<>"",$K58>=TODAY(),$E58<>"Canceled"),COUNTIFS($K$5:$K$104,"<"&$K58,$E$5:$E$104,"<>Canceled")+COUNTIFS($K$5:$K$58,$K58,$E$5:$E$58,"<>Canceled"),""),"") | BD58: =IFERROR(IF(AND($A58<>"",$E58<>"Canceled",$AE58>0,$K58>=TODAY(),$K58<=TODAY()+'Property Setup'!$B$7),COUNTIFS($AE$5:$AE$58,">0",$K$5:$K$58,">="&TODAY(),$K$5:$K$58,"<="&TODAY()+'Property Setup'!$B$7),""),"")
M59: =IFERROR(IF($A59="","",MAX(0,$L59-$K59)),"") | P59: =IFERROR(IF($A59="","",$N59+$O59),"") | Q59: =IFERROR(IF($C59="","",VLOOKUP($C59,'Property Setup'!$B$13:$L$21,11,0)),"") | R59: =IFERROR(IF($C59="","",IF($P59>$Q59,"Review Guest Count","Within Limit")),"") | T59: =IFERROR(IF($A59="","",$M59*$S59),"") | X59: =IFERROR(IF($A59="","",MAX(0,$T59-$W59+IF(VLOOKUP($C59,'Property Setup'!$B$13:$R$21,17,0)="Yes",$U59,0))),"") | Y59: =IFERROR(IF($C59="","",VLOOKUP($C59,'Property Setup'!$B$13:$S$21,18,0)),"") | Z59: =IFERROR(IF($A59="","",$X59*$Y59),"") | AA59: =IFERROR(IF($C59="","",VLOOKUP($C59,'Property Setup'!$B$13:$T$21,19,0)),"") | AB59: =IFERROR(IF($A59="","",MAX(0,$T59-$W59)*$AA59),"") | AC59: =IFERROR(IF($A59="","",$T59+$U59+$V59-$W59+$Z59+$AB59),"") | AE59: =IFERROR(IF($A59="","",MAX(0,$AC59-$AD59)),"") | AG59: =IFERROR(IF($A59="","",IF($E59="Canceled","Canceled",IF($AE59=0,"Paid",IF(AND($AF59<TODAY(),$AE59>0),"Past Due",IF($AD59>0,"Partially Paid","Unpaid"))))),"") | AH59: =IFERROR(IF($A59="","",$K59-TODAY()),"") | AN59: =IFERROR(IF(OR($A59="",$E59="Canceled"),"",MAX(0,MIN($L59,EOMONTH(TODAY(),0)+1)-MAX($K59,EOMONTH(TODAY(),-1)+1))),"") | AO59: =IFERROR(IF(OR($A59="",$AN59=0),"",$AN59*$S59),"") | AP59: =IFERROR(IF(OR($A59="",$E59="Canceled"),"",MAX(0,MIN($L59,46054)-MAX($K59,46023))),"") | AQ59: =IFERROR(IF(OR($A59="",$E59="Canceled"),"",MAX(0,MIN($L59,46082)-MAX($K59,46054))),"") | AR59: =IFERROR(IF(OR($A59="",$E59="Canceled"),"",MAX(0,MIN($L59,46113)-MAX($K59,46082))),"") | AS59: =IFERROR(IF(OR($A59="",$E59="Canceled"),"",MAX(0,MIN($L59,46143)-MAX($K59,46113))),"") | AT59: =IFERROR(IF(OR($A59="",$E59="Canceled"),"",MAX(0,MIN($L59,46174)-MAX($K59,46143))),"") | AU59: =IFERROR(IF(OR($A59="",$E59="Canceled"),"",MAX(0,MIN($L59,46204)-MAX($K59,46174))),"") | AV59: =IFERROR(IF(OR($A59="",$E59="Canceled"),"",MAX(0,MIN($L59,46235)-MAX($K59,46204))),"") | AW59: =IFERROR(IF(OR($A59="",$E59="Canceled"),"",MAX(0,MIN($L59,46266)-MAX($K59,46235))),"") | AX59: =IFERROR(IF(OR($A59="",$E59="Canceled"),"",MAX(0,MIN($L59,46296)-MAX($K59,46266))),"") | AY59: =IFERROR(IF(OR($A59="",$E59="Canceled"),"",MAX(0,MIN($L59,46327)-MAX($K59,46296))),"") | AZ59: =IFERROR(IF(OR($A59="",$E59="Canceled"),"",MAX(0,MIN($L59,46357)-MAX($K59,46327))),"") | BA59: =IFERROR(IF(OR($A59="",$E59="Canceled"),"",MAX(0,MIN($L59,46388)-MAX($K59,46357))),"") | BB59: =IFERROR(IF(AND($A59<>"",$K59=TODAY(),$E59<>"Canceled"),COUNTIFS($K$5:$K$59,TODAY(),$E$5:$E$59,"<>Canceled"),""),"") | BC59: =IFERROR(IF(AND($A59<>"",$K59>=TODAY(),$E59<>"Canceled"),COUNTIFS($K$5:$K$104,"<"&$K59,$E$5:$E$104,"<>Canceled")+COUNTIFS($K$5:$K$59,$K59,$E$5:$E$59,"<>Canceled"),""),"") | BD59: =IFERROR(IF(AND($A59<>"",$E59<>"Canceled",$AE59>0,$K59>=TODAY(),$K59<=TODAY()+'Property Setup'!$B$7),COUNTIFS($AE$5:$AE$59,">0",$K$5:$K$59,">="&TODAY(),$K$5:$K$59,"<="&TODAY()+'Property Setup'!$B$7),""),"")
M60: =IFERROR(IF($A60="","",MAX(0,$L60-$K60)),"") | P60: =IFERROR(IF($A60="","",$N60+$O60),"") | Q60: =IFERROR(IF($C60="","",VLOOKUP($C60,'Property Setup'!$B$13:$L$21,11,0)),"") | R60: =IFERROR(IF($C60="","",IF($P60>$Q60,"Review Guest Count","Within Limit")),"") | T60: =IFERROR(IF($A60="","",$M60*$S60),"") | X60: =IFERROR(IF($A60="","",MAX(0,$T60-$W60+IF(VLOOKUP($C60,'Property Setup'!$B$13:$R$21,17,0)="Yes",$U60,0))),"") | Y60: =IFERROR(IF($C60="","",VLOOKUP($C60,'Property Setup'!$B$13:$S$21,18,0)),"") | Z60: =IFERROR(IF($A60="","",$X60*$Y60),"") | AA60: =IFERROR(IF($C60="","",VLOOKUP($C60,'Property Setup'!$B$13:$T$21,19,0)),"") | AB60: =IFERROR(IF($A60="","",MAX(0,$T60-$W60)*$AA60),"") | AC60: =IFERROR(IF($A60="","",$T60+$U60+$V60-$W60+$Z60+$AB60),"") | AE60: =IFERROR(IF($A60="","",MAX(0,$AC60-$AD60)),"") | AG60: =IFERROR(IF($A60="","",IF($E60="Canceled","Canceled",IF($AE60=0,"Paid",IF(AND($AF60<TODAY(),$AE60>0),"Past Due",IF($AD60>0,"Partially Paid","Unpaid"))))),"") | AH60: =IFERROR(IF($A60="","",$K60-TODAY()),"") | AN60: =IFERROR(IF(OR($A60="",$E60="Canceled"),"",MAX(0,MIN($L60,EOMONTH(TODAY(),0)+1)-MAX($K60,EOMONTH(TODAY(),-1)+1))),"") | AO60: =IFERROR(IF(OR($A60="",$AN60=0),"",$AN60*$S60),"") | AP60: =IFERROR(IF(OR($A60="",$E60="Canceled"),"",MAX(0,MIN($L60,46054)-MAX($K60,46023))),"") | AQ60: =IFERROR(IF(OR($A60="",$E60="Canceled"),"",MAX(0,MIN($L60,46082)-MAX($K60,46054))),"") | AR60: =IFERROR(IF(OR($A60="",$E60="Canceled"),"",MAX(0,MIN($L60,46113)-MAX($K60,46082))),"") | AS60: =IFERROR(IF(OR($A60="",$E60="Canceled"),"",MAX(0,MIN($L60,46143)-MAX($K60,46113))),"") | AT60: =IFERROR(IF(OR($A60="",$E60="Canceled"),"",MAX(0,MIN($L60,46174)-MAX($K60,46143))),"") | AU60: =IFERROR(IF(OR($A60="",$E60="Canceled"),"",MAX(0,MIN($L60,46204)-MAX($K60,46174))),"") | AV60: =IFERROR(IF(OR($A60="",$E60="Canceled"),"",MAX(0,MIN($L60,46235)-MAX($K60,46204))),"") | AW60: =IFERROR(IF(OR($A60="",$E60="Canceled"),"",MAX(0,MIN($L60,46266)-MAX($K60,46235))),"") | AX60: =IFERROR(IF(OR($A60="",$E60="Canceled"),"",MAX(0,MIN($L60,46296)-MAX($K60,46266))),"") | AY60: =IFERROR(IF(OR($A60="",$E60="Canceled"),"",MAX(0,MIN($L60,46327)-MAX($K60,46296))),"") | AZ60: =IFERROR(IF(OR($A60="",$E60="Canceled"),"",MAX(0,MIN($L60,46357)-MAX($K60,46327))),"") | BA60: =IFERROR(IF(OR($A60="",$E60="Canceled"),"",MAX(0,MIN($L60,46388)-MAX($K60,46357))),"") | BB60: =IFERROR(IF(AND($A60<>"",$K60=TODAY(),$E60<>"Canceled"),COUNTIFS($K$5:$K$60,TODAY(),$E$5:$E$60,"<>Canceled"),""),"") | BC60: =IFERROR(IF(AND($A60<>"",$K60>=TODAY(),$E60<>"Canceled"),COUNTIFS($K$5:$K$104,"<"&$K60,$E$5:$E$104,"<>Canceled")+COUNTIFS($K$5:$K$60,$K60,$E$5:$E$60,"<>Canceled"),""),"") | BD60: =IFERROR(IF(AND($A60<>"",$E60<>"Canceled",$AE60>0,$K60>=TODAY(),$K60<=TODAY()+'Property Setup'!$B$7),COUNTIFS($AE$5:$AE$60,">0",$K$5:$K$60,">="&TODAY(),$K$5:$K$60,"<="&TODAY()+'Property Setup'!$B$7),""),"")
M61: =IFERROR(IF($A61="","",MAX(0,$L61-$K61)),"") | P61: =IFERROR(IF($A61="","",$N61+$O61),"") | Q61: =IFERROR(IF($C61="","",VLOOKUP($C61,'Property Setup'!$B$13:$L$21,11,0)),"") | R61: =IFERROR(IF($C61="","",IF($P61>$Q61,"Review Guest Count","Within Limit")),"") | T61: =IFERROR(IF($A61="","",$M61*$S61),"") | X61: =IFERROR(IF($A61="","",MAX(0,$T61-$W61+IF(VLOOKUP($C61,'Property Setup'!$B$13:$R$21,17,0)="Yes",$U61,0))),"") | Y61: =IFERROR(IF($C61="","",VLOOKUP($C61,'Property Setup'!$B$13:$S$21,18,0)),"") | Z61: =IFERROR(IF($A61="","",$X61*$Y61),"") | AA61: =IFERROR(IF($C61="","",VLOOKUP($C61,'Property Setup'!$B$13:$T$21,19,0)),"") | AB61: =IFERROR(IF($A61="","",MAX(0,$T61-$W61)*$AA61),"") | AC61: =IFERROR(IF($A61="","",$T61+$U61+$V61-$W61+$Z61+$AB61),"") | AE61: =IFERROR(IF($A61="","",MAX(0,$AC61-$AD61)),"") | AG61: =IFERROR(IF($A61="","",IF($E61="Canceled","Canceled",IF($AE61=0,"Paid",IF(AND($AF61<TODAY(),$AE61>0),"Past Due",IF($AD61>0,"Partially Paid","Unpaid"))))),"") | AH61: =IFERROR(IF($A61="","",$K61-TODAY()),"") | AN61: =IFERROR(IF(OR($A61="",$E61="Canceled"),"",MAX(0,MIN($L61,EOMONTH(TODAY(),0)+1)-MAX($K61,EOMONTH(TODAY(),-1)+1))),"") | AO61: =IFERROR(IF(OR($A61="",$AN61=0),"",$AN61*$S61),"") | AP61: =IFERROR(IF(OR($A61="",$E61="Canceled"),"",MAX(0,MIN($L61,46054)-MAX($K61,46023))),"") | AQ61: =IFERROR(IF(OR($A61="",$E61="Canceled"),"",MAX(0,MIN($L61,46082)-MAX($K61,46054))),"") | AR61: =IFERROR(IF(OR($A61="",$E61="Canceled"),"",MAX(0,MIN($L61,46113)-MAX($K61,46082))),"") | AS61: =IFERROR(IF(OR($A61="",$E61="Canceled"),"",MAX(0,MIN($L61,46143)-MAX($K61,46113))),"") | AT61: =IFERROR(IF(OR($A61="",$E61="Canceled"),"",MAX(0,MIN($L61,46174)-MAX($K61,46143))),"") | AU61: =IFERROR(IF(OR($A61="",$E61="Canceled"),"",MAX(0,MIN($L61,46204)-MAX($K61,46174))),"") | AV61: =IFERROR(IF(OR($A61="",$E61="Canceled"),"",MAX(0,MIN($L61,46235)-MAX($K61,46204))),"") | AW61: =IFERROR(IF(OR($A61="",$E61="Canceled"),"",MAX(0,MIN($L61,46266)-MAX($K61,46235))),"") | AX61: =IFERROR(IF(OR($A61="",$E61="Canceled"),"",MAX(0,MIN($L61,46296)-MAX($K61,46266))),"") | AY61: =IFERROR(IF(OR($A61="",$E61="Canceled"),"",MAX(0,MIN($L61,46327)-MAX($K61,46296))),"") | AZ61: =IFERROR(IF(OR($A61="",$E61="Canceled"),"",MAX(0,MIN($L61,46357)-MAX($K61,46327))),"") | BA61: =IFERROR(IF(OR($A61="",$E61="Canceled"),"",MAX(0,MIN($L61,46388)-MAX($K61,46357))),"") | BB61: =IFERROR(IF(AND($A61<>"",$K61=TODAY(),$E61<>"Canceled"),COUNTIFS($K$5:$K$61,TODAY(),$E$5:$E$61,"<>Canceled"),""),"") | BC61: =IFERROR(IF(AND($A61<>"",$K61>=TODAY(),$E61<>"Canceled"),COUNTIFS($K$5:$K$104,"<"&$K61,$E$5:$E$104,"<>Canceled")+COUNTIFS($K$5:$K$61,$K61,$E$5:$E$61,"<>Canceled"),""),"") | BD61: =IFERROR(IF(AND($A61<>"",$E61<>"Canceled",$AE61>0,$K61>=TODAY(),$K61<=TODAY()+'Property Setup'!$B$7),COUNTIFS($AE$5:$AE$61,">0",$K$5:$K$61,">="&TODAY(),$K$5:$K$61,"<="&TODAY()+'Property Setup'!$B$7),""),"")
M62: =IFERROR(IF($A62="","",MAX(0,$L62-$K62)),"") | P62: =IFERROR(IF($A62="","",$N62+$O62),"") | Q62: =IFERROR(IF($C62="","",VLOOKUP($C62,'Property Setup'!$B$13:$L$21,11,0)),"") | R62: =IFERROR(IF($C62="","",IF($P62>$Q62,"Review Guest Count","Within Limit")),"") | T62: =IFERROR(IF($A62="","",$M62*$S62),"") | X62: =IFERROR(IF($A62="","",MAX(0,$T62-$W62+IF(VLOOKUP($C62,'Property Setup'!$B$13:$R$21,17,0)="Yes",$U62,0))),"") | Y62: =IFERROR(IF($C62="","",VLOOKUP($C62,'Property Setup'!$B$13:$S$21,18,0)),"") | Z62: =IFERROR(IF($A62="","",$X62*$Y62),"") | AA62: =IFERROR(IF($C62="","",VLOOKUP($C62,'Property Setup'!$B$13:$T$21,19,0)),"") | AB62: =IFERROR(IF($A62="","",MAX(0,$T62-$W62)*$AA62),"") | AC62: =IFERROR(IF($A62="","",$T62+$U62+$V62-$W62+$Z62+$AB62),"") | AE62: =IFERROR(IF($A62="","",MAX(0,$AC62-$AD62)),"") | AG62: =IFERROR(IF($A62="","",IF($E62="Canceled","Canceled",IF($AE62=0,"Paid",IF(AND($AF62<TODAY(),$AE62>0),"Past Due",IF($AD62>0,"Partially Paid","Unpaid"))))),"") | AH62: =IFERROR(IF($A62="","",$K62-TODAY()),"") | AN62: =IFERROR(IF(OR($A62="",$E62="Canceled"),"",MAX(0,MIN($L62,EOMONTH(TODAY(),0)+1)-MAX($K62,EOMONTH(TODAY(),-1)+1))),"") | AO62: =IFERROR(IF(OR($A62="",$AN62=0),"",$AN62*$S62),"") | AP62: =IFERROR(IF(OR($A62="",$E62="Canceled"),"",MAX(0,MIN($L62,46054)-MAX($K62,46023))),"") | AQ62: =IFERROR(IF(OR($A62="",$E62="Canceled"),"",MAX(0,MIN($L62,46082)-MAX($K62,46054))),"") | AR62: =IFERROR(IF(OR($A62="",$E62="Canceled"),"",MAX(0,MIN($L62,46113)-MAX($K62,46082))),"") | AS62: =IFERROR(IF(OR($A62="",$E62="Canceled"),"",MAX(0,MIN($L62,46143)-MAX($K62,46113))),"") | AT62: =IFERROR(IF(OR($A62="",$E62="Canceled"),"",MAX(0,MIN($L62,46174)-MAX($K62,46143))),"") | AU62: =IFERROR(IF(OR($A62="",$E62="Canceled"),"",MAX(0,MIN($L62,46204)-MAX($K62,46174))),"") | AV62: =IFERROR(IF(OR($A62="",$E62="Canceled"),"",MAX(0,MIN($L62,46235)-MAX($K62,46204))),"") | AW62: =IFERROR(IF(OR($A62="",$E62="Canceled"),"",MAX(0,MIN($L62,46266)-MAX($K62,46235))),"") | AX62: =IFERROR(IF(OR($A62="",$E62="Canceled"),"",MAX(0,MIN($L62,46296)-MAX($K62,46266))),"") | AY62: =IFERROR(IF(OR($A62="",$E62="Canceled"),"",MAX(0,MIN($L62,46327)-MAX($K62,46296))),"") | AZ62: =IFERROR(IF(OR($A62="",$E62="Canceled"),"",MAX(0,MIN($L62,46357)-MAX($K62,46327))),"") | BA62: =IFERROR(IF(OR($A62="",$E62="Canceled"),"",MAX(0,MIN($L62,46388)-MAX($K62,46357))),"") | BB62: =IFERROR(IF(AND($A62<>"",$K62=TODAY(),$E62<>"Canceled"),COUNTIFS($K$5:$K$62,TODAY(),$E$5:$E$62,"<>Canceled"),""),"") | BC62: =IFERROR(IF(AND($A62<>"",$K62>=TODAY(),$E62<>"Canceled"),COUNTIFS($K$5:$K$104,"<"&$K62,$E$5:$E$104,"<>Canceled")+COUNTIFS($K$5:$K$62,$K62,$E$5:$E$62,"<>Canceled"),""),"") | BD62: =IFERROR(IF(AND($A62<>"",$E62<>"Canceled",$AE62>0,$K62>=TODAY(),$K62<=TODAY()+'Property Setup'!$B$7),COUNTIFS($AE$5:$AE$62,">0",$K$5:$K$62,">="&TODAY(),$K$5:$K$62,"<="&TODAY()+'Property Setup'!$B$7),""),"")
M63: =IFERROR(IF($A63="","",MAX(0,$L63-$K63)),"") | P63: =IFERROR(IF($A63="","",$N63+$O63),"") | Q63: =IFERROR(IF($C63="","",VLOOKUP($C63,'Property Setup'!$B$13:$L$21,11,0)),"") | R63: =IFERROR(IF($C63="","",IF($P63>$Q63,"Review Guest Count","Within Limit")),"") | T63: =IFERROR(IF($A63="","",$M63*$S63),"") | X63: =IFERROR(IF($A63="","",MAX(0,$T63-$W63+IF(VLOOKUP($C63,'Property Setup'!$B$13:$R$21,17,0)="Yes",$U63,0))),"") | Y63: =IFERROR(IF($C63="","",VLOOKUP($C63,'Property Setup'!$B$13:$S$21,18,0)),"") | Z63: =IFERROR(IF($A63="","",$X63*$Y63),"") | AA63: =IFERROR(IF($C63="","",VLOOKUP($C63,'Property Setup'!$B$13:$T$21,19,0)),"") | AB63: =IFERROR(IF($A63="","",MAX(0,$T63-$W63)*$AA63),"") | AC63: =IFERROR(IF($A63="","",$T63+$U63+$V63-$W63+$Z63+$AB63),"") | AE63: =IFERROR(IF($A63="","",MAX(0,$AC63-$AD63)),"") | AG63: =IFERROR(IF($A63="","",IF($E63="Canceled","Canceled",IF($AE63=0,"Paid",IF(AND($AF63<TODAY(),$AE63>0),"Past Due",IF($AD63>0,"Partially Paid","Unpaid"))))),"") | AH63: =IFERROR(IF($A63="","",$K63-TODAY()),"") | AN63: =IFERROR(IF(OR($A63="",$E63="Canceled"),"",MAX(0,MIN($L63,EOMONTH(TODAY(),0)+1)-MAX($K63,EOMONTH(TODAY(),-1)+1))),"") | AO63: =IFERROR(IF(OR($A63="",$AN63=0),"",$AN63*$S63),"") | AP63: =IFERROR(IF(OR($A63="",$E63="Canceled"),"",MAX(0,MIN($L63,46054)-MAX($K63,46023))),"") | AQ63: =IFERROR(IF(OR($A63="",$E63="Canceled"),"",MAX(0,MIN($L63,46082)-MAX($K63,46054))),"") | AR63: =IFERROR(IF(OR($A63="",$E63="Canceled"),"",MAX(0,MIN($L63,46113)-MAX($K63,46082))),"") | AS63: =IFERROR(IF(OR($A63="",$E63="Canceled"),"",MAX(0,MIN($L63,46143)-MAX($K63,46113))),"") | AT63: =IFERROR(IF(OR($A63="",$E63="Canceled"),"",MAX(0,MIN($L63,46174)-MAX($K63,46143))),"") | AU63: =IFERROR(IF(OR($A63="",$E63="Canceled"),"",MAX(0,MIN($L63,46204)-MAX($K63,46174))),"") | AV63: =IFERROR(IF(OR($A63="",$E63="Canceled"),"",MAX(0,MIN($L63,46235)-MAX($K63,46204))),"") | AW63: =IFERROR(IF(OR($A63="",$E63="Canceled"),"",MAX(0,MIN($L63,46266)-MAX($K63,46235))),"") | AX63: =IFERROR(IF(OR($A63="",$E63="Canceled"),"",MAX(0,MIN($L63,46296)-MAX($K63,46266))),"") | AY63: =IFERROR(IF(OR($A63="",$E63="Canceled"),"",MAX(0,MIN($L63,46327)-MAX($K63,46296))),"") | AZ63: =IFERROR(IF(OR($A63="",$E63="Canceled"),"",MAX(0,MIN($L63,46357)-MAX($K63,46327))),"") | BA63: =IFERROR(IF(OR($A63="",$E63="Canceled"),"",MAX(0,MIN($L63,46388)-MAX($K63,46357))),"") | BB63: =IFERROR(IF(AND($A63<>"",$K63=TODAY(),$E63<>"Canceled"),COUNTIFS($K$5:$K$63,TODAY(),$E$5:$E$63,"<>Canceled"),""),"") | BC63: =IFERROR(IF(AND($A63<>"",$K63>=TODAY(),$E63<>"Canceled"),COUNTIFS($K$5:$K$104,"<"&$K63,$E$5:$E$104,"<>Canceled")+COUNTIFS($K$5:$K$63,$K63,$E$5:$E$63,"<>Canceled"),""),"") | BD63: =IFERROR(IF(AND($A63<>"",$E63<>"Canceled",$AE63>0,$K63>=TODAY(),$K63<=TODAY()+'Property Setup'!$B$7),COUNTIFS($AE$5:$AE$63,">0",$K$5:$K$63,">="&TODAY(),$K$5:$K$63,"<="&TODAY()+'Property Setup'!$B$7),""),"")
M64: =IFERROR(IF($A64="","",MAX(0,$L64-$K64)),"") | P64: =IFERROR(IF($A64="","",$N64+$O64),"") | Q64: =IFERROR(IF($C64="","",VLOOKUP($C64,'Property Setup'!$B$13:$L$21,11,0)),"") | R64: =IFERROR(IF($C64="","",IF($P64>$Q64,"Review Guest Count","Within Limit")),"") | T64: =IFERROR(IF($A64="","",$M64*$S64),"") | X64: =IFERROR(IF($A64="","",MAX(0,$T64-$W64+IF(VLOOKUP($C64,'Property Setup'!$B$13:$R$21,17,0)="Yes",$U64,0))),"") | Y64: =IFERROR(IF($C64="","",VLOOKUP($C64,'Property Setup'!$B$13:$S$21,18,0)),"") | Z64: =IFERROR(IF($A64="","",$X64*$Y64),"") | AA64: =IFERROR(IF($C64="","",VLOOKUP($C64,'Property Setup'!$B$13:$T$21,19,0)),"") | AB64: =IFERROR(IF($A64="","",MAX(0,$T64-$W64)*$AA64),"") | AC64: =IFERROR(IF($A64="","",$T64+$U64+$V64-$W64+$Z64+$AB64),"") | AE64: =IFERROR(IF($A64="","",MAX(0,$AC64-$AD64)),"") | AG64: =IFERROR(IF($A64="","",IF($E64="Canceled","Canceled",IF($AE64=0,"Paid",IF(AND($AF64<TODAY(),$AE64>0),"Past Due",IF($AD64>0,"Partially Paid","Unpaid"))))),"") | AH64: =IFERROR(IF($A64="","",$K64-TODAY()),"") | AN64: =IFERROR(IF(OR($A64="",$E64="Canceled"),"",MAX(0,MIN($L64,EOMONTH(TODAY(),0)+1)-MAX($K64,EOMONTH(TODAY(),-1)+1))),"") | AO64: =IFERROR(IF(OR($A64="",$AN64=0),"",$AN64*$S64),"") | AP64: =IFERROR(IF(OR($A64="",$E64="Canceled"),"",MAX(0,MIN($L64,46054)-MAX($K64,46023))),"") | AQ64: =IFERROR(IF(OR($A64="",$E64="Canceled"),"",MAX(0,MIN($L64,46082)-MAX($K64,46054))),"") | AR64: =IFERROR(IF(OR($A64="",$E64="Canceled"),"",MAX(0,MIN($L64,46113)-MAX($K64,46082))),"") | AS64: =IFERROR(IF(OR($A64="",$E64="Canceled"),"",MAX(0,MIN($L64,46143)-MAX($K64,46113))),"") | AT64: =IFERROR(IF(OR($A64="",$E64="Canceled"),"",MAX(0,MIN($L64,46174)-MAX($K64,46143))),"") | AU64: =IFERROR(IF(OR($A64="",$E64="Canceled"),"",MAX(0,MIN($L64,46204)-MAX($K64,46174))),"") | AV64: =IFERROR(IF(OR($A64="",$E64="Canceled"),"",MAX(0,MIN($L64,46235)-MAX($K64,46204))),"") | AW64: =IFERROR(IF(OR($A64="",$E64="Canceled"),"",MAX(0,MIN($L64,46266)-MAX($K64,46235))),"") | AX64: =IFERROR(IF(OR($A64="",$E64="Canceled"),"",MAX(0,MIN($L64,46296)-MAX($K64,46266))),"") | AY64: =IFERROR(IF(OR($A64="",$E64="Canceled"),"",MAX(0,MIN($L64,46327)-MAX($K64,46296))),"") | AZ64: =IFERROR(IF(OR($A64="",$E64="Canceled"),"",MAX(0,MIN($L64,46357)-MAX($K64,46327))),"") | BA64: =IFERROR(IF(OR($A64="",$E64="Canceled"),"",MAX(0,MIN($L64,46388)-MAX($K64,46357))),"") | BB64: =IFERROR(IF(AND($A64<>"",$K64=TODAY(),$E64<>"Canceled"),COUNTIFS($K$5:$K$64,TODAY(),$E$5:$E$64,"<>Canceled"),""),"") | BC64: =IFERROR(IF(AND($A64<>"",$K64>=TODAY(),$E64<>"Canceled"),COUNTIFS($K$5:$K$104,"<"&$K64,$E$5:$E$104,"<>Canceled")+COUNTIFS($K$5:$K$64,$K64,$E$5:$E$64,"<>Canceled"),""),"") | BD64: =IFERROR(IF(AND($A64<>"",$E64<>"Canceled",$AE64>0,$K64>=TODAY(),$K64<=TODAY()+'Property Setup'!$B$7),COUNTIFS($AE$5:$AE$64,">0",$K$5:$K$64,">="&TODAY(),$K$5:$K$64,"<="&TODAY()+'Property Setup'!$B$7),""),"")
